Workbook

Sheet Jan 2016
A1: BACK-UP 2016 - 31 Jan 16 @ 1715 | I1: VISITORS TO SITE MUST BE RECORDED ON SPREADSHEET
B2: PEAK | I2: OFF PEAK | K2: Birthday | L2: sarah | M2: Indian | Q2: Elm tree | R2: Darrens | S2: airport | T2: IOW | W2: M&S | X2: Sarah | Y2: Ollie | Z2: Bill 4 day course | AD2: Victory
A3: Pitch | B3: Fri | C3: Sat | D3: Sun | E3: Mon | F3: Tue | G3: Wed | H3: Thu | I3: Fri | J3: Sat | K3: Sun | L3: Mon | M3: Tue | N3: Wed | O3: Thu | P3: Fri | Q3: Sat | R3: Sun | S3: Mon | T3: Tue | U3: Wed | V3: Thu | W3: Fri | X3: Sat | Y3: Sun | Z3: Mon | AA3: Tue | AB3: Wed | AC3: Thu | AD3: Fri | AE3: Sat | AF3: Sun | AG3: Pitch
A4: No. | B4: 1 | C4: 2 | D4: 3 | E4: 4 | F4: 5 | G4: 6 | H4: 7 | I4: 8 | J4: 9 | K4: 10 | L4: 11 | M4: 12 | N4: 13 | O4: 14 | P4: 15 | Q4: 16 | R4: 17 | S4: 18 | T4: 19 | U4: 20 | V4: 21 | W4: 22 | X4: 23 | Y4: 24 | Z4: 25 | AA4: 26 | AB4: 27 | AC4: 28 | AD4: 29 | AE4: 30 | AF4: 31 | AG4: No.
A5: 1 | C5: Hewart | F5: Perry - disabled | J5: Butcher | M5: Stevens | T5: Jamieson | U5: Osbourne | AD5: EX59 HZT who? | AG5: 1
A6: 1a | M6: Sarah hair 1pm | W6: Creation 2 days | AG6: 1a | AH6: Not here
A7: 2 | L7: CALOR del | AG7: 2 | AH7: Tent
A8: 3 | AG8: 3 | AH8: Trailer tent
A9: 4 | AG9: 4 | AH9: Folding caravan
A10: 5 | AG10: 5 | AH10: Caravan
A11: 6 | AG11: 6 | AH11: Camper van
A12: 7 | AG12: 7 | AH12: Motorhome
A13: 8 | B13: Essay | E13: Hubbard | L13: Pearce | O13: Norman | T13: Smith | W13: Whitfield - do not move pre booked pl 8 | AC13: 1 | AD13: Hampton | AG13: 8 | AH13: RV
A14: 9 | B14: Hanson | S14: 110 | Y14: 4 | AF14: 5 | AG14: 9 | AH14: Free night
A15: 10 | B15: Axell cont… | D15: 1 | L15: Lee Barclay | R15: 1 | Y15: 2 | Z15: back | AF15: 3 | AG15: 10 | AH15: Poss Extra / late stay
A16: 11 | E16: Wrighton | L16: Frost | Y16: Knight | AC16: Goldbold - parents | AG16: 11 | AH16: Hard Standing
A17: 12 | B17: cont.. | F17: Davies | L17: Stenton | O17: Glibbery | AC17: Goldbold - Helen | AG17: 12 | AH17: Not in use
A18: 13 | B18: Ian Letch cont.. | J18: 1 | AG18: 13 | AH18: Off Peak
A19: 14 | B19: Bob Stuart cont .. £88 due | F19: Back | U19: 1 | AB19: 2 | AG19: 14 | AH19: Bank holiday
A20: 15 | F20: Perruzza | AG20: 15 | AH20: Peak
A21: 16 | AG21: 16 | AH21: Seasonal pitch
A22: 16a | AG22: 16a | AH22: Non arrival
A23: 17 | AG23: 17 | AH23: Refund
A24: 17a | AG24: 17a | AH24: Cancelled
A25: 18 | AG25: 18 | AH25: late stay
A26: 18a | AG26: 18a
A27: 19 | B27: Bannister | D27: Knowles-Gruft | F27: Harvey | G27: Mather | I27: Fryer | L27: Wallace | P27: Burrows | S27: Reeves | AA27: Chadwick | AC27: Farthing | AG27: 19 | AH27: =ALERTS!E18 -> 0
A28: 20 | B28: Bolle cont… | C28: 1 | J28: 2 | Q28: 3 | X28: 4 | Y28: £624 due | AE28: 1 | AG28: 20 | AH28: =ALERTS!E19 -> 0
A29: 21 | B29: cont.. | D29: Wilkinson | I29: Waters | L29: McDougal | M29: Starkie | R29: Moorhouse | T29: Davies | AD29: Dominey | AG29: 21 | AH29: =ALERTS!E20 -> 0
A30: 22 | B30: Malcolm & Leonie | J30: Deary | M30: Hall | P30: Baker | W30: Tamlin | AA30: Davies | AG30: 22
A31: Pitch | B31: Fri | C31: Sat | D31: Sun | E31: Mon | F31: Tue | G31: Wed | H31: Thu | I31: Fri | J31: Sat | K31: Sun | L31: Mon | M31: Tue | N31: Wed | O31: Thu | P31: Fri | Q31: Sat | R31: Sun | S31: Mon | T31: Tue | U31: Wed | V31: Thu | W31: Fri | X31: Sat | Y31: Sun | Z31: Mon | AA31: Tue | AB31: Wed | AC31: Thu | AD31: Fri | AE31: Sat | AF31: Sun | AG31: Pitch
A32: No. | B32: 1 | C32: 2 | D32: 3 | E32: 4 | F32: 5 | G32: 6 | H32: 7 | I32: 8 | J32: 9 | K32: 10 | L32: 11 | M32: 12 | N32: 13 | O32: 14 | P32: 15 | Q32: 16 | R32: 17 | S32: 18 | T32: 19 | U32: 20 | V32: 21 | W32: 22 | X32: 23 | Y32: 24 | Z32: 25 | AA32: 26 | AB32: 27 | AC32: 28 | AD32: 29 | AE32: 30 | AF32: 31 | AG32: No.
A33: 23 | B33: Di Daniels M/H only | L33: 1 | S33: 2 | U33: £10.50 per night | Z33: 3 | AG33: 23 | AH33: TODAY IS
A34: 23a | B34: Vic Buckly | AC34: here 4n then taking van home | AG34: 23a | AH34: =TODAY() -> 42702
A35: 24 | B35: Roadtech | F35: Invoice 44 | L35: GAS | M35: Invoice 45 | T35: In 46 | U35: GAS | AA35: Invoice | AG35: 24
A36: 25 | F36: Stevenson | P36: Kevin Dible | X36: Hadland | AD36: 1 | AG36: 25
A37: 26 | B37: Cresswell cont… £294 due for 2wks | H37: 1 | O37: 2 | P37: W216 PDU | S37: W216 PDU | U37: W216 PDU | V37: 1 | X37: W216 PDU | AC37: 2 | AF37: W216 PDU | AG37: 26
A38: 27 | B38: Young cont.. | D38: 1 | K38: 2 | R38: 1 | Y38: 2 | AF38: 1 | AG38: 27
A39: 28 | B39: Lockyear cont | F39: Houghton | H39: Hillard | N39: Daruvalla | P39: Anderson | S39: Cassidy | T39: Eden | X39: Maynard | AA39: Bradbury | AC39: Pilkington | AD39: McDougal | AE39: Moore | AG39: 28
A40: 29 | B40: Katzman | AC40: Pullen | AD40: Carruthers | AF40: Finch | AG40: 29 | AH40: NO DOGS
A41: 30 | F41: Leyfield | I41: Hurrell | M41: Dent | AD41: Pascal Creach back? | AG41: 30 | AH41: NO DOGS
A42: 31 | I42: Hubbard | Y42: Shotter | AG42: 31 | AH42: NO DOGS
A43: 32 | B43: Clews | I43: 2 | P43: 1 | W43: 2 | AD43: 1 | AG43: 32 | AH43: NO DOGS
A44: 33 | B44: Williams cont | C44: cont.. | E44: Back | L44: Back | R44: 1 | Y44: 3 | AF44: 4 | AG44: 33 | AH44: NO DOGS
A45: 34 | B45: Kite | H45: 1 | O45: 2 | V45: 3 | AD45: Drummond | AG45: 34 | AH45: NO DOGS
A46: 35 | AG46: 35
A47: 36 | AG47: 36
A48: 37 | AG48: 37
A49: 38 | AG49: 38
A50: 39 | AG50: 39
A51: 40 | AG51: 40
A52: 41 | AG52: 41
A53: LAYBY | F53: Cunningham | K53: Pat | M53: Marshall | W53: Barry
A54: Pitch | B54: Fri | C54: Sat | D54: Sun | E54: Mon | F54: Tue | G54: Wed | H54: Thu | I54: Fri | J54: Sat | K54: Sun | L54: Mon | M54: Tue | N54: Wed | O54: Thu | P54: Fri | Q54: Sat | R54: Sun | S54: Mon | T54: Tue | U54: Wed | V54: Thu | W54: Fri | X54: Sat | Y54: Sun | Z54: Mon | AA54: Tue | AB54: Wed | AC54: Thu | AD54: Fri | AE54: Sat | AF54: Sun | AG54: Pitch | AH54: colour codes
A55: No. | B55: 1 | C55: 2 | D55: 3 | E55: 4 | F55: 5 | G55: 6 | H55: 7 | I55: 8 | J55: 9 | K55: 10 | L55: 11 | M55: 12 | N55: 13 | O55: 14 | P55: 15 | Q55: 16 | R55: 17 | S55: 18 | T55: 19 | U55: 20 | V55: 21 | W55: 22 | X55: 23 | Y55: 24 | Z55: 25 | AA55: 26 | AB55: 27 | AC55: 28 | AD55: 29 | AE55: 30 | AF55: 31 | AG55: No. | AH55: Off Peak
A56: Paddock | L56: Pat Rose | AG56: Paddock | AH56: Peak
B57: Oxlade storage | D57: 1 | K57: 2 | R57: 1 | Y57: 2 | AF57: 3 | AH57: Motorhome
A58: 7a | AG58: 7a | AH58: Caravan
A59: 8a | AG59: 8a | AH59: Camper van
A60: 9a | AG60: 9a | AH60: RV
A61: 10a | AG61: 10a | AH61: Tent
A62: 11a | AG62: 11a | AH62: Trailer tent
A63: 12a | AG63: 12a | AH63: Seasonal pitch
A64: 13a | AG64: 13a | AH64: late stay
A65: 14a | AG65: 14a | AH65: Poss Extra nights
AH66: Hard Standing
A67: Behind Barn | AF67: Behind Barn
A68: 2b | B68: Storm | E68: McMackin | L68: Theakery | S68: McMackin | Z68: McMackin | AB68: Dale | AG68: 2b
B69: ABI | AG69: 3b
A70: 3b | B70: Roadtech | F70: Invoice 44 | L70: GAS | M70: Invoice 45 | T70: Invoice 46 | AA70: Invoice 47
A71: 4b | B71: Roadtech | F71: Invoice 44 | H71: GAS | M71: Invoice 45 | T71: Invoice 46 | AA71: Invoice | AG71: 4b
A72: 5b | B72: Roadtech | F72: Invoice 44 | M72: Invoice 45 | T72: Invoice 46 | AA72: Invoice | AG72: 5b
A73: 6b | B73: Roadtech | F73: Invoice 44 | M73: Invoice 45 | T73: Invoice 46 | AA73: Invoice | AG73: 6b
A74: 7b NO LX | B74: Roadtech | F74: Invoice 44 | M74: Invoice 45 | T74: Invoice 46 | U74: GAS | AA74: Invoice | AG74: 7b
N76: CAMPING FIELD
A77: Pitch | B77: =B54 -> Fri | C77: =C54 -> Sat | D77: =D54 -> Sun | E77: =E54 -> Mon | F77: =F54 -> Tue | G77: =G54 -> Wed | H77: =H54 -> Thu | I77: =I54 -> Fri | ... AF77: =AF54 -> Sun | AG77: Pitch | AH77: colour codes
A78: No. | B78: 1 | C78: 2 | D78: 3 | E78: 4 | F78: 5 | G78: 6 | H78: 7 | I78: 8 | J78: 9 | K78: 10 | L78: 11 | M78: 12 | N78: 13 | O78: 14 | P78: 15 | Q78: 16 | R78: 17 | S78: 18 | T78: 19 | U78: 20 | V78: 21 | W78: 22 | X78: 23 | Y78: 24 | Z78: 25 | AA78: 26 | AB78: 27 | AC78: 28 | AD78: 29 | AE78: 30 | AF78: 31 | AG78: No. | AH78: Off Peak
AH79: Peak
A80: 42 | AG80: =A80 -> 42 | AH80: Motorhome
A81: 43 | AG81: =A81 -> 43 | AH81: Caravan
A82: 44 | AG82: =A82 -> 44 | AH82: Camper van
A83: 45 | AG83: =A83 -> 45 | AH83: RV
A84: 46 | AG84: =A84 -> 46 | AH84: Tent
A85: 47 | AG85: =A85 -> 47 | AH85: Trailer tent
A86: 48 | AG86: =A86 -> 48 | AH86: Seasonal pitch
A87: 49 | AG87: =A87 -> 49 | AH87: late stay
A88: 50 | AG88: =A88 -> 50 | AH88: Poss Extra nights
A89: 51 | AG89: =A89 -> 51 | AH89: Hard Standing
A90: 52 | AG90: =A90 -> 52 | AH90: Not in use
A91: 53 | AG91: =A91 -> 53 | AH91: Not here
... A94: 56 | AG94: =A94 -> 56 | AH94: Cancelled
A95: 57 | AG95: =A95 -> 57
A96: 58 | AG96: =A96 -> 58

Sheet Feb 2016
A1: BACK-UP 29 Feb @ 17.00 | AF1: COLOUR CODES
C2: Darren | E2: lunch concord | I2: OFF PEAK | Q2: Half Term | X2: Stella France back Mon 29th at 2130
A3: Pitch | B3: Mon | C3: Tue | D3: Wed | E3: Thu | F3: Fri | G3: Sat | H3: Sun | I3: Mon | J3: Tue | K3: Wed | L3: Thu | M3: Fri | N3: Sat | O3: Sun | P3: Mon | Q3: Tue | R3: Wed | S3: Thu | T3: Fri | U3: Sat | V3: Sun | W3: Mon | X3: Tue | Y3: Wed | Z3: Thu | AA3: Fri | AB3: Sat | AC3: Sun | AD3: Mon | AE3: Pitch | AF3: Bill wk off
A4: No. | B4: 1 | C4: 2 | D4: 3 | E4: 4 | F4: 5 | G4: 6 | H4: 7 | I4: 8 | J4: 9 | K4: 10 | L4: 11 | M4: 12 | N4: 13 | O4: 14 | P4: 15 | Q4: 16 | R4: 17 | S4: 18 | T4: 19 | U4: 20 | V4: 21 | W4: 22 | X4: 23 | Y4: 24 | Z4: 25 | AA4: 26 | AB4: 27 | AC4: 28 | AD4: 29 | AE4: No.
A5: 1 | S5: Stevens | X5: Wrench | Z5: Newman | AE5: 1
A6: 1a | P6: SHUT | AE6: 1a | AF6: Not here
A7: 2 | P7: DOWN | R7: Pascal £22 per night - not sure how long so will pay at end ok as comes back every couple of weeks | AE7: 2 | AF7: Tent
A8: 3 | P8: Tank | AE8: 3 | AF8: Trailer tent
A9: 4 | P9: service | AE9: 4 | AF9: Folding caravan
A10: 5 | AE10: 5 | AF10: Caravan
A11: 6 | AE11: 6 | AF11: Camper van
A12: 7 | X12: Hogan | AE12: 7 | AF12: Motorhome
A13: 8 | D13: Prewitt | N13: Searle | Q13: Whittington | T13: Thompson | X13: Whitfield - do not move | AE13: 8 | AF13: RV
A14: 9 | B14: Hanson | D14: £110 due | H14: 1 | O14: 1 | V14: 3 | W14: Hanson £110 due | AC14: 4 | AE14: 9 | AF14: Free night
A15: 10 | B15: Lee Barclay | H15: 4 | O15: 5 | V15: 6 | AC15: 1 | AE15: 10 | AF15: Poss Extra / late stay
A16: 11 | K16: Farmer | O16: Williams - do not move | S16: Rally Lorna | AA16: Hollingsworth | AE16: 11 | AF16: Hard Standing
A17: 12 | N17: Daruvalla | O17: Williams/Gale - do not move | S17: Rally Lorna | V17: Cook | AA17: Hollingsworth | AE17: 12 | AF17: Not in use
A18: 13 | M18: Brown | P18: Cottam | Q18: Summerfield | S18: Rally Lorna | W18: Shotter | Y18: need to move to pl 24 Sat | AC18: Sylvester | AE18: 13
A19: 14 | B19: Bob Stuart cont .. | R19: from here | AE19: 14
A20: 15 | O20: Boulton | Q20: Whittall | S20: 07789 754949 | AE20: 15 | AF20: Peak
A21: 16 | S21: Rally Lorna - VW | V21: 3 Rally caravans on slip road | AE21: 16 | AF21: Seasonal pitch
A22: 16a | S22: Rally Lorna | AE22: 16a | AF22: Non arrival
A23: 17 | S23: Rally Lorna | AE23: 17 | AF23: Refund
A24: 17a | AE24: 17a | AF24: Cancelled
A25: 18 | AE25: 18 | AF25: late stay
A26: 18a | AE26: 18a
A27: 19 | B27: O'Hanlon | C27: Anderson | M27: McCallum | T27: Morgan - do not move | V27: Goffe | AE27: 19 | AF27: =ALERTS!E21 -> 0
A28: 20 | B28: Bolle cont… | G28: 2 | N28: 3 | T28: VJ-257-L | U28: 4 | V28: pd 1 March | AB28: 1 | AE28: 20 | AF28: =ALERTS!E22 -> 0
A29: 21 | C29: Harrison | L29: LeDizes | M29: Seeley | Q29: Edwards | R29: May | T29: Morgan/ Speed - do not move | V29: Tres | X29: Shute | Y29: Warran | AA29: Kenedy | AE29: 21 | AF29: =ALERTS!E23 -> 0
A30: 22 | Q30: Apted | X30: Thistlethwaite | AA30: Sanderson | AD30: M. Holloway | AE30: 22
A31: Pitch | B31: Mon | C31: Tue | D31: Wed | E31: Thu | F31: Fri | G31: Sat | H31: Sun | I31: Mon | J31: Tue | K31: Wed | L31: Thu | M31: Fri | N31: Sat | O31: Sun | P31: Mon | Q31: Tue | R31: Wed | S31: Thu | T31: Fri | U31: Sat | V31: Sun | W31: Mon | X31: Tue | Y31: Wed | Z31: Thu | AA31: Fri | AB31: Sat | AC31: Sun | AD31: Mon | AE31: Pitch
A32: No. | B32: 1 | C32: 2 | D32: 3 | E32: 4 | F32: 5 | G32: 6 | H32: 7 | I32: 8 | J32: 9 | K32: 10 | L32: 11 | M32: 12 | N32: 13 | O32: 14 | P32: 15 | Q32: 16 | R32: 17 | S32: 18 | T32: 19 | U32: 20 | V32: 21 | W32: 22 | X32: 23 | Y32: 24 | Z32: 25 | AA32: 26 | AB32: 27 | AC32: 28 | AD32: 29 | AE32: No.
A33: 23 | B33: Di Daniels cont…. | E33: 1 | L33: 10.50 per night x 13n = £136.50. Paid | R33: 1 | AA33: Di back | AE33: 23 | AF33: TODAY IS
A34: Senator | J34: Jennings | R34: Hurrell | AE34: Senator | AF34: =TODAY() -> 42702
A35: 24 | B35: Roadtech (Wayne) | C35: Inv 48 | N35: Alan Kite | T35: 1 | AA35: 2 | AB35: Shotter | AE35: 24
A36: 25 | B36: Hadland | F36: 2 | M36: 3 | T36: 4 | U36: Martha | AA36: 5 | AB36: £154 due | AE36: 25
A37: 26 | B37: Cresswell cont… | C37: Mazda | D37: Mazda | E37: Mazda | F37: Mazda | G37: Mazda | I37: Masda | L37: 2 | M37: Mazda | S37: 1 | T37: Mazda | W37: Skillen | AE37: 26
A38: 27 | AE38: 27
A39: 28 | C39: Columbine | F39: Halliday | L39: Russell | N39: Porter | P39: Lowe | T39: Burkett/Morgan - do not move | V39: Carrie-Ann | AE39: 28 | AH39: duty w
A40: 29 | B40: Finch | G40: 1 | N40: Hansell | P40: Morris | V40: 1 | AC40: 2 | AE40: 29 | AF40: NO DOGS
A41: 30 | B41: Creach cont… | G41: 9 | N41: Matley-Jones | Q41: Braybrook | T41: Harvey | X41: Fitzgerald | Y41: Brand | AE41: 30 | AF41: NO DOGS
A42: 31 | H42: Shotter? | N42: Foreman - Do NOT MOVE BB4 req plot 30 | AA42: Hutchinson | AE42: 31 | AF42: NO DOGS
A43: 32 | B43: Clews | F43: 2 | G43: £336 due for 2wks | M43: 1 | T43: 2 | AA43: 1 | AE43: 32 | AF43: NO DOGS
A44: 33 | B44: Williams cont | H44: 1 | O44: 2 | P44: Ann pd | V44: 3 | AE44: 33 | AF44: NO DOGS
A45: 34 | B45: Maxy | F45: Wellman | G45: Willcox | H45: Lovelace | L45: Jean & Bob Tear | R45: 1 | Y45: 2 | AE45: 34 | AF45: NO DOGS
A46: 35 | AE46: 35
A47: 36 | AE47: 36
A48: 37 | AE48: 37
A49: 38 | AE49: 38
A50: 39 | AE50: 39
A51: 40 | AE51: 40
A52: 41 | AE52: 41
A53: LAYBY | D53: Hardman | Q53: Clegg | T53: Marshall | U53: Nicholls | W53: Spinler | AA53: Selley | AE53: LAB
A54: Pitch | B54: Mon | C54: Tue | D54: Wed | E54: Thu | F54: Fri | G54: Sat | H54: Sun | I54: Mon | J54: Tue | K54: Wed | L54: Thu | M54: Fri | N54: Sat | O54: Sun | P54: Mon | Q54: Tue | R54: Wed | S54: Thu | T54: Fri | U54: Sat | V54: Sun | W54: Mon | X54: Tue | Y54: Wed | Z54: Thu | AA54: Fri | AB54: Sat | AC54: Sun | AD54: Mon | AE54: Pitch | AF54: colour codes
A55: No. | B55: 1 | C55: 2 | D55: 3 | E55: 4 | F55: 5 | G55: 6 | H55: 7 | I55: 8 | J55: 9 | K55: 10 | L55: 11 | M55: 12 | N55: 13 | O55: 14 | P55: 15 | Q55: 16 | R55: 17 | S55: 18 | T55: 19 | U55: 20 | V55: 21 | W55: 22 | X55: 23 | Y55: 24 | Z55: 25 | AA55: 26 | AB55: 27 | AC55: 28 | AD55: 29 | AE55: No. | AF55: Off Peak
A56: Paddock | J56: Conder | M56: Finch left without saying? | N56: 1 | U56: 3 | AB56: 1 | AC56: £500 due 4wks | AE56: Paddock | AF56: Peak
B57: Pam Oxlade - £10 per week as not here | H57: 1 | O57: 2 | V57: 3 | W57: £10 per week as not here | AC57: 1 | AF57: Motorhome
A58: 7a | O58: Adams | AE58: 7a | AF58: Caravan
A59: 8a | AE59: 8a | AF59: Camper van
A60: 9a | AE60: 9a | AF60: RV
A61: 10a | AE61: 10a | AF61: Tent
A62: 11a | AE62: 11a | AF62: Trailer tent
A63: 12a | AE63: 12a | AF63: Seasonal pitch
A64: 13a | AE64: 13a | AF64: late stay
A65: 14a | AE65: 14a | AF65: Poss Extra nights
AF66: Hard Standing
A67: Behind Barn | AE67: Behind Barn | AF67: Not in use
A68: Storm | B68: Theakery | I68: McMackin | Q68: McMackin | W68: McMackin | AD68: McMackin £180 due if 4 nights | AE68: Storm | AF68: Not here
A69: ABI | P69: 1 | AE69: ABI | AF69: Bank holiday
A70: Compass | AE70: Compass | AF70: Non arrival
A71: 3b | B71: Roadtech | C71: Inv 48 | I71: 1 | J71: Inv 49 | P71: 2 | Q71: Inv 50 | W71: 3 | X71: Inv 51 | AD71: 4 | AE71: 3b
A72: 4b | B72: Roadtech | C72: Inv 48 | I72: 1 | J72: Inv 49 | P72: 2 | Q72: Inv 50 | W72: 3 | X72: Inv 51 | AD72: 4 | AE72: 4b | AF72: Cancelled
A73: 5b | C73: Inv 48 | J73: Inv 49 | Q73: Inv 50 | R73: GAS | X73: Inv 51 | AD73: 4 | AE73: 5b
A74: 6b | C74: Inv 48 | J74: Inv 49 | Q74: Inv 50 | X74: Inv 51 | AD74: 4 | AE74: 6b
A75: 7b | C75: Inv 48 | J75: Inv 49 | Q75: Inv 50 | X75: Inv 51 | AD75: 4 | AE75: 7b
A76: Pitch | B76: Mon | C76: Tue | D76: Wed | E76: Thu | F76: Fri | G76: Sat | H76: Sun | I76: Mon | J76: Tue | K76: Wed | L76: Thu | M76: Fri | N76: Sat | O76: Sun | P76: Mon | Q76: Tue | R76: Wed | S76: Thu | T76: Fri | U76: Sat | V76: Sun | W76: Mon | X76: Tue | Y76: Wed | Z76: Thu | AA76: Fri | AB76: Sat | AC76: Sun | AD76: Mon | AE76: T | AF76: colour codes
A77: No. | B77: 1 | C77: 2 | D77: 3 | E77: 4 | F77: 5 | G77: 6 | H77: 7 | I77: 8 | J77: 9 | K77: 10 | L77: 11 | M77: 12 | N77: 13 | O77: 14 | P77: 15 | Q77: 16 | R77: 17 | S77: 18 | T77: 19 | U77: 20 | V77: 21 | W77: 22 | X77: 23 | Y77: 24 | Z77: 25 | AA77: 26 | AB77: 27 | AC77: 28 | AD77: 29 | AE77: R | AF77: Off Peak
S78: Roast | AE78: I | AF78: Peak
A79: 42 | AE79: C | AF79: Motorhome
A80: 43 | AF80: Caravan
A81: 44 | AF81: Camper van
A82: 45 | AE82: 2b | AF82: RV
A83: 46 | AE83: 3b | AF83: Tent
A84: 47 | AE84: 4b | AF84: Trailer tent
A85: 48 | AE85: 5b | AF85: Seasonal pitch
A86: 49 | AF86: late stay
A87: 50 | AE87: 7b | AF87: Poss Extra nights
A88: 51 | AF88: Hard Standing
A89: 52 | AE89: Pitch | AF89: Not in use
A90: 53 | AE90: No. | AF90: Not here
A91: 54 | AF91: Bank holiday
A92: 55 | AE92: =A79 -> 42 | AF92: Non arrival
A93: 56 | AE93: =A80 -> 43 | AF93: Cancelled
A94: 57 | AE94: =A81 -> 44
A95: 58 | AE95: =A82 -> 45
AE96: =A83 -> 46
AE97: =A84 -> 47
AE98: =A85 -> 48
AE99: =A86 -> 49
AE100: =A87 -> 50
...

Sheet Mar 2016
A1: BACK-UP 31 March @ 1700 | P1: Karen | R1: Karen | AH1: COLOUR CODES
B2: Kids | I2: OFF PEAK | K2: Lisa's | P2: BHPA | S2: funeral | T2: Curry | Z2: PEAK | AC2: EASTER
A3: Pitch | B3: Tue | C3: Wed | D3: Thu | E3: Fri | F3: Sat | G3: Sun | H3: Mon | I3: Tue | J3: Wed | K3: Thu | L3: Fri | M3: Sat | N3: Sun | O3: Mon | P3: Tue | Q3: Wed | R3: Thu | S3: Fri | T3: Sat | U3: Sun | V3: Mon | W3: Tue | X3: Wed | Y3: Thu | Z3: Fri | AA3: Sat | AB3: Sun | AC3: Mon | AD3: Tue | AE3: Wed | AF3: Thur | AG3: Pitch | AH3: Bill wk off
A4: No. | B4: 1 | C4: 2 | D4: 3 | E4: 4 | F4: 5 | G4: 6 | H4: 7 | I4: 8 | J4: 9 | K4: 10 | L4: 11 | M4: 12 | N4: 13 | O4: 14 | P4: 15 | Q4: 16 | R4: 17 | S4: 18 | T4: 19 | U4: 20 | V4: 21 | W4: 22 | X4: 23 | Y4: 24 | Z4: 25 | AA4: 26 | AB4: 27 | AC4: 28 | AD4: 29 | AE4: 30 | AF4: 31 | AG4: No. | AH4: Not here
A5: 1 | B5: cont.. | I5: Chalmers | S5: Leyfield | U5: Jamieson | V5: Cottam | Y5: Storey | AG5: 1 | AH5: Bill wk off
A6: 2 | AB6: Tait | AC6: Pascal Creach | AG6: 2 | AH6: Tent
A7: 3 | Y7: Small | AG7: 3 | AH7: Trailer tent
A8: 4 | AG8: 4 | AH8: Folding caravan
A9: 5 | S9: Houchin | T9: Woodford | Y9: Frampton | AG9: 5 | AH9: Caravan
A10: 6 | T10: Jessica | Y10: Clark with Williams | AG10: 6 | AH10: Camper van
A11: 7 | T11: Jessica | Y11: Williams with Clark | AG11: 7 | AH11: Motorhome
A12: 8 | B12: Whitfield | E12: Wanklin | L12: Nesbit | O12: Demblon | S12: Kurt | W12: E. Jessiman | AA12: Whitfield - do not move | AG12: 8 | AH12: RV
A13: 9 | B13: Hanson | G13: 1 | H13: Hanson | N13: 2 | S13: Kurt | W13: Healey | AE13: Anderson | AG13: 9 | AH13: Free night
A14: 10 | B14: Lee Barclay - | Z14: Parfitt | AG14: 10 | AH14: Poss Extra / late stay
A15: 11 | F15: Reay | I15: Lowe | O15: Greenwood | Y15: Beaumont | AG15: 11 | AH15: Hard Standing
A16: 12 | E16: Cotton | F16: Carter | I16: Ramsey | R16: Newbold | AB16: Weedon | AC16: Fitzpatrick | AG16: 12 | AH16: Not in use
A17: 13 | B17: Sylvester cont.. | F17: 1 | M17: 2 | T17: 1 | AA17: 2 | AG17: 13 | AH17: Off Peak
A18: 14 | B18: Bob Stuart cont .. | J18: £22 when here £11 when home | Z18: Elsam | AB18: Bowyer | AG18: 14 | AH18: Bank holiday
A19: 15 | AA19: Smith | AG19: 15 | AH19: Peak
A20: 16 | O20: Otley | Z20: Shepherd | AG20: 16 | AH20: Seasonal pitch
A21: 16a | AG21: 16a | AH21: Non arrival
A22: 17 | AG22: 17 | AH22: Refund
A23: 17a | AG23: 17a | AH23: Cancelled
A24: 18 | AG24: 18 | AH24: late stay
A25: 18a | AG25: 18a
A26: 19 | B26: Cooper | E26: Swan - lady on own DO NOT MovE | S26: Christiano | U26: Joch | Y26: Hirst do not move | AE26: P. Sidney | AG26: 19 | AH26: =ALERTS!E24 -> 0
A27: 20 | B27: Bolle cont… | F27: 2 | M27: 3 | T27: James | Z27: J. Brett | AC27: Cate | AG27: 20 | AH27: =ALERTS!E25 -> 0
A28: 21 | B28: Jehu | D28: Kiff - reserved | I28: Watson | L28: Holt - Pls do not move | P28: Morgan | S28: Houghton | T28: Joch | U28: Walsh | AA28: 1 | AG28: 21 | AH28: =ALERTS!E26 -> 0
A29: 22 | F29: Hollis | G29: Dana | I29: Morris | K29: Ley | T29: Frame | W29: Zieskoven | Y29: Andrew | AB29: Hay | AG29: 22
A30: Pitch | B30: Tue | C30: Wed | D30: Thu | E30: Fri | F30: Sat | G30: Sun | H30: Mon | I30: Tue | J30: Wed | K30: Thu | L30: Fri | M30: Sat | N30: Sun | O30: Mon | P30: Tue | Q30: Wed | R30: Thu | S30: Fri | T30: Sat | U30: Sun | V30: Mon | W30: Tue | X30: Wed | Y30: Thu | Z30: Fri | AA30: Sat | AB30: Sun | AC30: Mon | AD30: Tue | AE30: Wed | AF30: Thur | AG30: Pitch
A31: No. | B31: 1 | C31: 2 | D31: 3 | E31: 4 | F31: 5 | G31: 6 | H31: 7 | I31: 8 | J31: 9 | K31: 10 | L31: 11 | M31: 12 | N31: 13 | O31: 14 | P31: 15 | Q31: 16 | R31: 17 | S31: 18 | T31: 19 | U31: 20 | V31: 21 | W31: 22 | X31: 23 | Y31: 24 | Z31: 25 | AA31: 26 | AB31: 27 | AC31: 28 | AD31: 29 | AE31: 30 | AF31: 31 | AG31: No. | AH31: TODAY IS
A32: 23 | B32: Daniels | N32: Di Daniels pd from 13 to 5 April | S32: 1 | Z32: 2 | AG32: 23 | AH32: =TODAY() -> 42702
A33: Senator | G33: Berry | AG33: Senator
A34: 24 | B34: cont.. | Y34: Phillips | AG34: 24
A35: 25 | B35: Hadland Cont… | E35: 6 | R35: Hanson | U35: 3 | AB35: 4 | AG35: 25
A36: 26 | U36: Bolle £624 due | AA36: 1 | AG36: 26
A37: 27 | B37: Young | G37: 2 | N37: 1 | U37: 2 | AG37: 27
A38: 28 | B38: Carrie-Ann cont… | H38: Di & Dave | K38: Office | M38: Office | O38: Office | Q38: Office | S38: Office | U38: Office | W38: Office | Y38: Office | AA38: Office | AB38: Away | AG38: 28
A39: 29 | B39: Morris Cont.. | G39: 3 | N39: 4 | U39: 5 | AB39: 6 | AG39: 29
A40: 30 | B40: cont.. | I40: Woodward | K40: Fry | L40: Pring | Q40: Creach | Y40: Fitzpatrick | AA40: Vic | AB40: Fenton | AG40: 30
A41: 31 | B41: Helliwell | E41: Ashby | I41: Buck | K41: Weston | R41: Webb | S41: J. Palmer | U41: Soul | Z41: Bob Stuart cont .. | AG41: 31
A42: 32 | B42: Clews | E42: 2 | L42: 1 | U42: Foster | AA42: Bowen/Moore | AC42: Lawrence | AE42: Sexton | AF42: Upton | AG42: 32
A43: 33 | C43: Bulpitt | M43: Bulpitt | Z43: Whitehouse | AG43: 33
A44: 34 | B44: Tear cont.` | C44: 3 | J44: 4 | Y44: Wall - DO NOT MOVE | AB44: Wooden | AG44: 34
A45: 35 | Z45: Chimes | AG45: 35
A46: 36 | Z46: Chatterton | AB46: Keelan | AG46: 36
A47: 37 | AA47: Bowen | AG47: 37
A48: 38 | AG48: 38
A49: 39 | Y49: Williams | AG49: 39
A50: 40 | V50: Saunders | AG50: 40
A51: 41 | AG51: 41
A52: Late arrival bay | G52: Craig | H52: Maynard | O52: Rogers | R52: Stenton | AB52: Foster | AC52: Mansell | AG52: late arrival bay
A53: Pitch | B53: Tue | C53: Wed | D53: Thu | E53: Fri | F53: Sat | G53: Sun | H53: Mon | I53: Tue | J53: Wed | K53: Thu | L53: Fri | M53: Sat | N53: Sun | O53: Mon | P53: Tue | Q53: Wed | R53: Thu | S53: Fri | T53: Sat | U53: Sun | V53: Mon | W53: Tue | X53: Wed | Y53: Thu | Z53: Fri | AA53: Sat | AB53: Sun | AC53: Mon | AD53: Tue | AE53: Wed | AF53: Thur | AG53: Pitch | AH53: colour codes
A54: No. | B54: 1 | C54: 2 | D54: 3 | E54: 4 | F54: 5 | G54: 6 | H54: 7 | I54: 8 | J54: 9 | K54: 10 | L54: 11 | M54: 12 | N54: 13 | O54: 14 | P54: 15 | Q54: 16 | R54: 17 | S54: 18 | T54: 19 | U54: 20 | V54: 21 | W54: 22 | X54: 23 | Y54: 24 | Z54: 25 | AA54: 26 | AB54: 27 | AC54: 28 | AD54: 29 | AE54: 30 | AF54: 31 | AG54: No. | AH54: Off Peak
A55: Paddock | E55: Stoker | M55: Lee | O55: 5sep 3n only | U55: Holdsworth | AA55: 1 | AD55: Schoales | AG55: Paddock | AH55: Peak
B56: Pam Oxlade - £10 per week as not here | G56: 2 | N56: 3 | U56: 4 | AB56: 5 | AH56: Motorhome
A57: 7a | L57: Lee | P57: Gibney | Y57: Halliday - DO NOT MOVE | AG57: 7a | AH57: Caravan
A58: 8a | P58: Bird to pay £154 on arrival. | V58: 1 | AG58: 8a | AH58: Camper van
A59: 9a | AG59: 9a | AH59: RV
A60: 10a | AG60: 10a | AH60: Tent
A61: 11a | AG61: 11a | AH61: Trailer tent
A62: 12a | AG62: 12a | AH62: Seasonal pitch
A63: 13a | AG63: 13a | AH63: late stay
A64: 14a | AG64: 14a | AH64: Poss Extra nights
AH65: Hard Standing
A66: Behind Barn | AH66: Not in use
A67: Storm | B67: cont…. | E67: mick | H67: McMackin £180 due if 4 nights | O67: McMackin | V67: McMackin | AD67: McMackin £180 due if 4 nights | AG67: 2b | AH67: Not here
A68: ABI | AG68: ABI | AH68: Bank holiday
A69: 3b | B69: Roadtech | D69: Inv 52 | H69: 1 | I69: Inv 53 | AG69: 3b | AH69: Non arrival
A70: 4b | B70: Roadtech | D70: Inv 52 | H70: 1 | I70: Inv 53 | AG70: 4b | AH70: Cancelled
A71: 5b | B71: Roadtech | D71: Inv 52 | H71: 1 | I71: Inv 53 | AG71: 5b
A72: 6b | B72: Roadtech | D72: Inv 52 | H72: 1 | I72: Inv 53 | AG72: 6b
A73: 7b | B73: Roadtech | D73: Inv 52 | H73: 1 | I73: Inv 53 | AG73: 7b
A74: Pitch | B74: Tue | C74: Wed | D74: Thu | E74: Fri | F74: Sat | G74: Sun | H74: Mon | I74: Tue | J74: Wed | K74: Thu | L74: Fri | M74: Sat | N74: Sun | O74: Mon | P74: Tue | Q74: Wed | R74: Thu | S74: Fri | T74: Sat | U74: Sun | V74: Mon | W74: Tue | X74: Wed | Y74: Thu | Z74: Fri | AA74: Sat | AB74: Sun | AC74: Mon | AD74: Tue | AE74: Wed | AF74: Thur | AG74: Pitch
A75: No. | B75: 1 | C75: 2 | D75: 3 | E75: 4 | F75: 5 | G75: 6 | H75: 7 | I75: 8 | J75: 9 | K75: 10 | L75: 11 | M75: 12 | N75: 13 | O75: 14 | P75: 15 | Q75: 16 | R75: 17 | S75: 18 | T75: 19 | U75: 20 | V75: 21 | W75: 22 | X75: 23 | Y75: 24 | Z75: 25 | AA75: 26 | AB75: 27 | AC75: 28 | AD75: 29 | AE75: 30 | AF75: 31 | AG75: No.
A76: 42 | Z76: Lyon-Shaw | AG76: =A76 -> 42 | AH76: colour codes
A77: 43 | AA77: M. Dugdale | AG77: =A77 -> 43 | AH77: Off Peak
A78: 44 | AG78: =A78 -> 44 | AH78: Peak
A79: 45 | AG79: =A79 -> 45 | AH79: Motorhome
A80: 46 | AG80: =A80 -> 46 | AH80: Caravan
A81: 47 | AG81: =A81 -> 47 | AH81: Camper van
A82: 48 | AG82: =A82 -> 48 | AH82: RV
A83: 49 | AG83: =A83 -> 49 | AH83: Tent
A84: 50 | AG84: =A84 -> 50 | AH84: Trailer tent
A85: 51 | AG85: =A85 -> 51 | AH85: Seasonal pitch
A86: 52 | AG86: =A86 -> 52 | AH86: late stay
A87: 53 | AG87: =A87 -> 53 | AH87: Poss Extra nights
A88: 54 | AG88: =A88 -> 54 | AH88: Hard Standing
A89: 55 | AG89: =A89 -> 55 | AH89: Not in use
... A92: 58 | AG92: =A92 -> 58 | AH92: Non arrival
AH93: Cancelled

Sheet April 2016
A1: BACK-UP 30 April @ 1620
B2: Peak | E2: Lisa | H2: Ann | Q2: OFF PEAK | S2: ` | X2: Cruise | AA2: back | AD2: BANK Hol
A3: Pitch | B3: Fri | C3: Sat | D3: Sun | E3: Mon | F3: Tue | G3: Wed | H3: Thu | I3: Fri | J3: Sat | K3: Sun | L3: Mon | M3: Tue | N3: Wed | O3: Thu | P3: Fri | Q3: Sat | R3: Sun | S3: Mon | T3: Tue | U3: Wed | V3: Thu | W3: Fri | X3: Sat | Y3: Sun | Z3: Mon | AA3: Tue | AB3: Wed | AC3: Thu | AD3: Fri | AE3: Sat | AF3: Pitch
A4: No. | B4: 1 | C4: 2 | D4: 3 | E4: 4 | F4: 5 | G4: 6 | H4: 7 | I4: 8 | J4: 9 | K4: 10 | L4: 11 | M4: 12 | N4: 13 | O4: 14 | P4: 15 | Q4: 16 | R4: 17 | S4: 18 | T4: 19 | U4: 20 | V4: 21 | W4: 22 | X4: 23 | Y4: 24 | Z4: 25 | AA4: 26 | AB4: 27 | AC4: 28 | AD4: 29 | AE4: 30 | AF4: No.
A5: 1 | C5: Newton | O5: Raikes DNM Disabled | AE5: Coles | AF5: 1 | AG5: Not here
A6: 2 | B6: cont… | AE6: Dickenson | AF6: 2 | AG6: Tent
A7: 3 | AE7: Barrett | AF7: 3 | AG7: Trailer tent
A8: 4 | AF8: 4 | AG8: Folding caravan
A9: 5 | AD9: Czaja | AF9: 5 | AG9: Caravan
A10: 6 | J10: Turner | N10: Earthrowl | X10: Munro | AD10: Humpries | AF10: 6 | AG10: Camper van
A11: 7 | B11: Dear | I11: Rickard | Q11: Leah | W11: Taylor | AD11: Outram | AF11: 7 | AG11: Motorhome
A12: 8 | F12: Loose DNM | L12: Hurcombe - Do not move | T12: Whitfield - do not move | AC12: Browne | AF12: 8 | AG12: RV
A13: 9 | Q13: Bowie | W13: Carnell | AD13: Moakes | AF13: 9 | AG13: Free night
A14: 10 | D14: Sullivan | I14: Laing | M14: Madgwick | X14: Mulcahy | Y14: Niederer | AD14: Shaw | AF14: 10 | AG14: Poss Extra / late stay
A15: 11 | D15: Quartley | P15: Bowen | X15: Rogers | AA15: Brooks | AD15: Barker | AE15: Bull | AF15: 11 | AG15: Hard Standing
A16: 12 | F16: Tucker | I16: Jessiman | K16: Carol & Alan Bridgewater - DO NOT MOVE - + blue VW GD55 VLR | X16: 2 | AA16: Murphy | AB16: C.Mcneill | AC16: Hanton | AF16: 12 | AG16: Not in use
A17: 13 | P17: Matthews | AB17: C.Mcneill | AD17: Ford | AF17: 13 | AG17: Off Peak
A18: 14 | K18: Read | AE18: Fox with Russell | AF18: 14 | AG18: Bank holiday
A19: 15 | AD19: Russell with Fox | AF19: 15 | AG19: Peak
A20: 16 | AD20: Parkes | AF20: 16 | AG20: Seasonal pitch
A21: 16a | AD21: Parkes/ Smith | AF21: 16a | AG21: Non arrival
A22: 17 | AD22: Brown | AF22: 17 | AG22: Refund
A23: 17a | AF23: 17a | AG23: Cancelled
A24: 18 | AD24: Hawke | AF24: 18 | AG24: late stay
A25: 18a | AF25: 18a
A26: 19 | B26: Mark | G26: Ashton | P26: Selway | U26: Virtue | AE26: Reay | AF26: 19 | AG26: =ALERTS!E27 -> 0
A27: 20 | B27: Fryer | L27: Eardley | W27: Harmon | AD27: Tyson | AF27: 20 | AG27: =ALERTS!E28 -> 0
A28: 21 | C28: Josephson | F28: Bills | P28: Reeves | R28: Simmonds | W28: Harmon/Allday | AE28: Ayres | AF28: 21 | AG28: =ALERTS!E29 -> 0
A29: 22 | C29: Barry | H29: Middleton | N29: Fraser | T29: Malcolm & Leonie | W29: work | X29: work | Y29: work | Z29: work | AB29: work | AD29: work | AF29: 22
A30: Pitch | B30: Fri | C30: Sat | D30: Sun | E30: Mon | F30: Tue | G30: Wed | H30: Thu | I30: Fri | J30: Sat | K30: Sun | L30: Mon | M30: Tue | N30: Wed | O30: Thu | P30: Fri | Q30: Sat | R30: Sun | S30: Mon | T30: Tue | U30: Wed | V30: Thu | W30: Fri | X30: Sat | Y30: Sun | Z30: Mon | AA30: Tue | AB30: Wed | AC30: Thu | AD30: Fri | AE30: Sat | AF30: Pitch
A31: No. | B31: 1 | C31: 2 | D31: 3 | E31: 4 | F31: 5 | G31: 6 | H31: 7 | I31: 8 | J31: 9 | K31: 10 | L31: 11 | M31: 12 | N31: 13 | O31: 14 | P31: 15 | Q31: 16 | R31: 17 | S31: 18 | T31: 19 | U31: 20 | V31: 21 | W31: 22 | X31: 23 | Y31: 24 | Z31: 25 | AA31: 26 | AB31: 27 | AC31: 28 | AD31: 29 | AE31: 30 | AF31: No. | AG31: TODAY IS
A32: 23 | B32: Daniels cont….. | G32: pd from 6-18 April | S32: here | AF32: 23 | AG32: =TODAY() -> 42702
A33: Senator | AF33: Senator
A34: 24 | B34: Phillips cont.. | I34: 2 | P34: 3 | Q34: Pete back | X34: Dan Riley cont.. | AD34: 1 | AF34: 24
A35: 25 | B35: Hanson | K35: 1 | R35: 2 | AA35: £220 pd 3/5/16 | AF35: 25
A36: 26 | B36: Bolle cont… | J36: 3 | Q36: 4 | R36: Invoice 07 - £624 due | X36: 1 | AE36: 2 | AF36: 26
A37: 27 | AF37: 27
A38: 28 | B38: con.. | E38: Todd | F38: Cassidy | H38: Hay | W38: Clarke | AC38: Blackley | AD38: Hill | AF38: 28
A39: 29 | B39: Morris cont.. | J39: Morgan | P39: Mills | Q39: Brown | V39: Johal | AA39: Davies | AB39: Thomas | AC39: Henshall | AE39: Roland | AF39: 29
A40: 30 | G40: J. Williamson | N40: West | P40: Blackburn | R40: Thornton | W40: Clifton | X40: Hughes | Z40: MT65 HNG | AF40: 30
A41: 31 | B41: Stuart | O41: £22 when here £11 when home | AF41: 31
A42: 32 | B42: Nikki | M42: Robin Paskins - DO NOT MOVE | S42: 1 | Z42: 2 | AF42: 32
A43: 33 | D43: Westcott | P43: Fennell | W43: McClean | AA43: Allen / Matthews | AC43: Padfield | AD43: Barnett | AF43: 33
A44: 34 | C44: Burton | I44: Stoker | M44: House | W44: Stoker | AA44: Allen | AE44: Fuller | AF44: 34
A45: 35 | AF45: 35
A46: 36 | AF46: 36
A47: 37 | AC47: ` | AF47: 37
A48: 38 | AF48: 38
A49: 39 | AF49: 39
A50: 40 | AF50: 40
A51: 41 | AF51: 41
A52: Late arrival bay | D52: Stevenson | K52: Grundy | U52: Verdun | AA52: Todd | AC52: Ding | AE52: Bradman | AF52: Late arrival bay
A53: Pitch | B53: Fri | C53: Sat | D53: Sun | E53: Mon | F53: Tue | G53: Wed | H53: Thu | I53: Fri | J53: Sat | K53: Sun | L53: Mon | M53: Tue | N53: Wed | O53: Thu | P53: Fri | Q53: Sat | R53: Sun | S53: Mon | T53: Tue | U53: Wed | V53: Thu | W53: Fri | X53: Sat | Y53: Sun | Z53: Mon | AA53: Tue | AB53: Wed | AC53: Thu | AD53: Fri | AE53: Sat | AF53: Pitch
A54: No. | B54: 1 | C54: 2 | D54: 3 | E54: 4 | F54: 5 | G54: 6 | H54: 7 | I54: 8 | J54: 9 | K54: 10 | L54: 11 | M54: 12 | N54: 13 | O54: 14 | P54: 15 | Q54: 16 | R54: 17 | S54: 18 | T54: 19 | U54: 20 | V54: 21 | W54: 22 | X54: 23 | Y54: 24 | Z54: 25 | AA54: 26 | AB54: 27 | AC54: 28 | AD54: 29 | AE54: 30 | AF54: No.
A55: Paddock | H55: Wilkinson | M55: Hubbard | AF55: Paddock | AG55: colour codes
B56: Oxlade cont.. | J56: 1 | Q56: 2 | X56: 3 | AE56: 4 | AG56: Off Peak
A57: 7a | AF57: 7a | AG57: Peak
A58: 8a | AF58: 8a | AG58: Motorhome
A59: 9a | AF59: 9a | AG59: Caravan
A60: 10a | AF60: 10a | AG60: Camper van
A61: 11a | AF61: 11a | AG61: RV
A62: 12a | AF62: 12a | AG62: Tent
A63: 13a | AF63: 13a | AG63: Trailer tent
A64: 14a | AF64: 14a | AG64: Seasonal pitch
AG65: late stay
A66: Behind Barn | AE66: Harris | AG66: Poss Extra nights
A67: STORM | E67: McMackin | L67: Theakery | S67: McMackin | Z67: McMackin | AF67: Storm
A68: Compass | M68: Davies WR03 LSV | S68: Davies - £225 due if 5n | AF68: Compass
M69: Ryan Bonds | R69: 1 | U69: Keys | Y69: 2
A70: 4b | L70: Shaun Hardman - has our extension | R70: 1 | Y70: 2 | Z70: £154 paid | AF70: 4b
A71: 5b | L71: Matt Foster | R71: 1 | Y71: 2 | Z71: £154 paid | AF71: 5b
A72: 6b | AF72: 6b
A73: 7b NO LX | AF73: 7b
A75: 42 | AF75: =A75 -> 42 | AG75: Off Peak
A76: 43 | AF76: =A76 -> 43 | AG76: Peak
A77: 44 | AF77: =A77 -> 44 | AG77: Motorhome
A78: 45 | AF78: =A78 -> 45 | AG78: Caravan
A79: 46 | AF79: =A79 -> 46 | AG79: Camper van
A80: 47 | AF80: =A80 -> 47 | AG80: RV
A81: 48 | AF81: =A81 -> 48 | AG81: Tent
A82: 49 | AF82: =A82 -> 49 | AG82: Trailer tent
A83: 50 | AF83: =A83 -> 50 | AG83: Seasonal pitch
A84: 51 | AF84: =A84 -> 51 | AG84: late stay
A85: 52 | AF85: =A85 -> 52 | AG85: Poss Extra nights
A86: 53 | AF86: =A86 -> 53 | AG86: Hard Standing
... A91: 58 | AF91: =A91 -> 58 | AG91: Cancelled
A93: Pitch | B93: Fri | C93: Sat | D93: Sun | E93: Mon | F93: Tue | G93: Wed | H93: Thu | I93: Fri | J93: Sat | K93: Sun | L93: Mon | M93: Tue | N93: Wed | O93: Thu | P93: Fri | Q93: Sat | R93: Sun | S93: Mon | T93: Tue | U93: Wed | V93: Thu | W93: Fri | X93: Sat | Y93: Sun | Z93: Mon | AA93: Tue | AB93: Wed | AC93: Thu | AD93: Fri | AE93: Sat | AF93: Pitch
A94: No. | B94: 1 | C94: 2 | D94: 3 | E94: 4 | F94: 5 | G94: 6 | H94: 7 | I94: 8 | J94: 9 | K94: 10 | L94: 11 | M94: 12 | N94: 13 | O94: 14 | P94: 15 | Q94: 16 | R94: 17 | S94: 18 | T94: 19 | U94: 20 | V94: 21 | W94: 22 | X94: 23 | Y94: 24 | Z94: 25 | AA94: 26 | AB94: 27 | AC94: 28 | AD94: 29 | AE94: 30 | AF94: No.

Sheet May 2016
A1: BACK-UP 31 May @ 1800 | M1: Stella out | AH1: COLOUR CODES
B2: BANK | C2: HOLIDAY | D2: ACSI | E2: ACSI | F2: ASCI | G2: ASCI | H2: ASCI | I2: ASCI | J2: ASCI | K2: ASCI | L2: ASCI | M2: lunch | N2: ASCI | O2: ASCI | P2: ASCI | Q2: ASCI | R2: ASCI | S2: ASCI | T2: ASCI | U2: ASCI | V2: ASCI | W2: ASCI | X2: ASCI | Y2: ASCI | Z2: ASCI | AB2: 61 arrivals FRI
A3: Pitch | B3: Sun | C3: Mon | D3: Tue | E3: Wed | F3: Thu | G3: Fri | H3: Sat | I3: Sun | J3: Mon | K3: Tue | L3: Wed | M3: Thu | N3: Fri | O3: Sat | P3: Sun | Q3: Mon | R3: Tue | S3: Wed | T3: Thu | U3: Fri | V3: Sat | W3: Sun | X3: Mon | Y3: Tue | Z3: Wed | AA3: Thu | AB3: Fri | AC3: Sat | AD3: Sun | AE3: Mon | AF3: Tue | AG3: Pitch | AH3: Bill wk off
A4: No. | B4: 1 | C4: 2 | D4: 3 | E4: 4 | F4: 5 | G4: 6 | H4: 7 | I4: 8 | J4: 9 | K4: 10 | L4: 11 | M4: 12 | N4: 13 | O4: 14 | P4: 15 | Q4: 16 | R4: 17 | S4: 18 | T4: 19 | U4: 20 | V4: 21 | W4: 22 | X4: 23 | Y4: 24 | Z4: 25 | AA4: 26 | AB4: 27 | AC4: 28 | AD4: 29 | AE4: 30 | AF4: 31 | AG4: No.
AB5: Roberts | AG5: spare for B/Hol
A6: 1 | B6: cont.. | F6: Smith | I6: Stephenson | M6: Harding - Do not move | R6: eastmond | T6: Schweitzer | U6: Howard | V6: Sears | W6: Eaton | AB6: Coombes | AG6: 1
A7: 2 | D7: Goold | E7: Goold | G7: Clay | T7: Jeffreys | Y7: Giesen | AB7: Zaleski | AG7: 2 | AH7: Not here
A8: 3 | E8: Mucklow | G8: Hedger | J8: Richardson | T8: Allen | AB8: Czaja | AF8: Porter | AG8: 3 | AH8: Tent
A9: 4 | AB9: Carter | AF9: IDS | AG9: 4 | AH9: Trailer tent
A10: 5 | B10: cont.. | E10: Sawyer | N10: A. Smith | R10: Sparrow | AA10: Smith | AG10: 5 | AH10: Folding caravan
A11: 6 | B11: cont.. | G11: Frampton | O11: Adams | U11: Smele | X11: Rust | AB11: Dow | AG11: 6 | AH11: Caravan
A12: 7 | B12: cont.. | G12: Carrie=Ann | P12: Shaikh | R12: Day | Y12: Carey | AB12: Joyner | AG12: 7 | AH12: Camper van
A13: 8 | B13: Rutherford | G13: Wiseman | I13: Clifford | P13: Lawrence | S13: Berry | U13: Trafford | V13: Whitfield - do not move | AG13: 8 | AH13: Motorhome
A14: 9 | B14: cont.. | G14: Loveland - do not move | U14: Jackson | AB14: Lewis | AG14: 9 | AH14: RV
A15: 10 | B15: Cont.. | I15: Keeley | P15: Brown - ACSI 874675 | Z15: Donnarumma | AC15: Duff | AG15: 10 | AH15: Free night
A16: 11 | B16: cont… | G16: Polderman | P16: Fitzgerald - ROCK UP | W16: Zaisser | AA16: Law | AE16: Cadden | AF16: Torney | AG16: 11 | AH16: Poss Extra / late stay
A17: 12 | B17: Cont… | P17: Gadd | U17: Wissman | Y17: Edwards with Knott | AA17: Daniels | AC17: Howell | AG17: 12 | AH17: Hard Standing
A18: 13 | B18: Ford cont | F18: Timms | H18: Toms | T18: Renate | Y18: Knott with Edwards | AA18: Woodley | AC18: Mason | AD18: Houwer | AF18: Brown | AG18: 13 | AH18: Not in use
A19: 14 | B19: cont.. | AB19: Brook | AG19: 14 | AH19: Off Peak
A20: 15 | B20: Cont | AG20: 15 | AH20: Bank holiday
A21: 16 | B21: cont.. | F21: Bonshor | T21: Muller | X21: Haidinger | AB21: Huggett - Steve | AG21: 16 | AH21: Peak
A22: 16a | B22: cont.. | AB22: Huggett / Page | AG22: 16a | AH22: Seasonal pitch
A23: 17 | B23: cont… | AB23: Turner with Millership and Young | AG23: 17 | AH23: Non arrival
A24: 17a | AB24: Millership with Turner and Young | AG24: 17a | AH24: Refund
A25: 18 | B25: Cont… | AB25: Young with Millership and Young | AG25: 18 | AH25: Cancelled
A26: 18a | AB26: Galmoye with Millership and young | AG26: 18a no el | AH26: No electric
A27: 19 | B27: Cont | E27: Benannsstrauat | H27: Price | J27: MacPherson | P27: Dawson | Q27: Stokes | U27: Pennings | AB27: Stone | AC27: Watson | AD27: Harris-do not move | AG27: 19
A28: 20 | B28: Tyson cont | C28: Monk | U28: Cleaver | W28: Day | AC28: Fox / Sharon Lamb | AG28: 20 | AH28: =ALERTS!E30 -> 0
A29: 21 | B29: Law | J29: Tidman | N29: Duran | S29: Ross | W29: Sweeny | Y29: Rutland | AC29: Buss | AD29: Overall / Line | AG29: 21 | AH29: =ALERTS!E31 -> 0
A30: 22 | C30: Work | D30: work | E30: work | F30: work | G30: work | H30: Work | J30: Work | P30: work | R30: work | S30: available | T30: work | U30: work | V30: work | X30: work | AG30: 22 | AH30: =ALERTS!E32 -> 0
A31: Pitch | B31: Sun | C31: Mon | D31: Tue | E31: Wed | F31: Thu | G31: Fri | H31: Sat | I31: Sun | J31: Mon | K31: Tue | L31: Wed | M31: Thu | N31: Fri | O31: Sat | P31: Sun | Q31: Mon | R31: Tue | S31: Wed | T31: Thu | U31: Fri | V31: Sat | W31: Sun | X31: Mon | Y31: Tue | Z31: Wed | AA31: Thu | AB31: Fri | AC31: Sat | AD31: Sun | AE31: Mon | AF31: Tue | AG31: Pitch
A32: No. | B32: 1 | C32: 2 | D32: 3 | E32: 4 | F32: 5 | G32: 6 | H32: 7 | I32: 8 | J32: 9 | K32: 10 | L32: 11 | M32: 12 | N32: 13 | O32: 14 | P32: 15 | Q32: 16 | R32: 17 | S32: 18 | T32: 19 | U32: 20 | V32: 21 | W32: 22 | X32: 23 | Y32: 24 | Z32: 25 | AA32: 26 | AB32: 27 | AC32: 28 | AD32: 29 | AE32: 30 | AF32: 31 | AG32: No.
A33: 23 | H33: Kelly | I33: cruise and stay | L33: 5th wheel | T33: Hagemann | AB33: Everett | AG33: 23 | AH33: TODAY IS
A34: 23a | AC34: german | AD34: Overall | AG34: 23a | AH34: =TODAY() -> 42702
A35: 24 | B35: Dan Riley cont.. | H35: 2 | I35: £261 for 2wks or may pay 4wks £522 | U35: 2 | AB35: 3 | AG35: 24
A36: 25 | B36: Hanson | D36: 1 | J36: 2 | R36: 3 | AC36: Korczakowski | AG36: 25
A37: 26 | B37: Bolle cont… | H37: 3 | N37: T3 NDE | O37: 4 | P37: Inv 08 £631 - 15 May to 11 June | V37: 1 | AC37: 2 | AG37: 26
A38: 27 | AB38: Jones | AG38: 27
A39: 28 | B39: cont | C39: Wester | D39: Dolman | E39: Lorrin | F39: Simms | H39: Plaster | M39: Schofield | Q39: Jones | R39: Linsley | S39: Diston | AA39: Bissett | AE39: Roberts | AG39: 28
A40: 29 | C40: Bratley | E40: King | J40: Summerskill | N40: Ward | Q40: Debona | R40: Fisher | S40: Lorrin | T40: Goodwin | AA40: Halliday | AC40: Matley-Jones | AG40: 29 | AH40: NO DOGS
A41: 30 | B41: Hughes cont | G41: 2 | O41: Hughes - Robin 07554 004450 | U41: 3 | V41: Robin Hughes | AC41: Hughes | AG41: 30 | AH41: NO DOGS
A42: 31 | B42: Stuart | L42: 1 | S42: 2 | Z42: pd | AB42: Slaughter | AE42: Rabjohns | AG42: 31 | AH42: NO DOGS
A43: 32 | B43: Robin cont.. | C43: 3 | J43: 4 | Q43: 5 | W43: Smith | X43: Lamont with Burns | Z43: Robin Paskins - do not move | AF43: 1 | AG43: 32 | AH43: NO DOGS
A44: 33 | B44: Cont | K44: Loose | S44: Bill & Stella's camper van | AB44: Luke | AE44: £10 to pay | AG44: 33 | AH44: NO DOGS
A45: 34 | B45: Frier | J45: Bellman | Q45: Karpinal | W45: Girard | Z45: Carter | AB45: Robb | AG45: 34 | AH45: NO DOGS
A46: 35 | V46: Mason | X46: Herrmann | AB46: Todd | AG46: 35
A47: 36 | AB47: Broom | AE47: Broom | AG47: 36
A48: 37 | X48: Burns with Lamont | AB48: Ward | AG48: 37
A49: 38 | W49: Riedik | AC49: Proudfoot | AF49: Butterfield | AG49: 38
A50: 39 | K50: Lee | U50: Beerens | AB50: Radburn | AC50: Coleman | AE50: visitors | AG50: 39
A51: 40 | C51: Fieldsend | E51: Ross | M51: Adams | R51: Jones | V51: Fordham - cruise & stay | AD51: Dunning | AG51: 40
A52: 41 | M52: Adams | R52: Gauler | X52: Booth | AC52: Jarrett | AD52: Overall | AG52: 41
A53: Late arrival bay | C53: Barlow | Y53: Schmassmann | AD53: Steinemann | AG53: LATE ARRIVAL BAY
B54: Sun | C54: Mon | D54: Tue | E54: Wed | F54: Thu | G54: Fri | H54: Sat | I54: Sun | J54: Mon | K54: Tue | L54: Wed | M54: Thu | N54: Fri | O54: Sat | P54: Sun | Q54: Mon | R54: Tue | S54: Wed | T54: Thu | U54: Fri | V54: Sat | W54: Sun | X54: Mon | Y54: Tue | Z54: Wed | AA54: Thu | AB54: Fri | AC54: Sat | AD54: Sun | AE54: Mon | AF54: Tue | AH54: colour codes
B55: 1 | C55: 2 | D55: 3 | E55: 4 | F55: 5 | G55: 6 | H55: 7 | I55: 8 | J55: 9 | K55: 10 | L55: 11 | M55: 12 | N55: 13 | O55: 14 | P55: 15 | Q55: 16 | R55: 17 | S55: 18 | T55: 19 | U55: 20 | V55: 21 | W55: 22 | X55: 23 | Y55: 24 | Z55: 25 | AA55: 26 | AB55: 27 | AC55: 28 | AD55: 29 | AE55: 30 | AF55: 31 | AH55: Off Peak
A56: Paddock | H56: 1 | O56: 2 | V56: 3 | AC56: 4 | AG56: Paddock | AH56: Peak
A57: Tents with electric | G57: Hanson | H57: Howell | V57: Bagley | W57: 4n cruise | AB57: Street | AG57: Tents with electric | AH57: Motorhome
A58: 7a | U58: Gee | AB58: Street/ Matthews | AF58: Callidine | AG58: 7a | AH58: Caravan
A59: 8a | AA59: Emma PAUL | AF59: Callidine | AG59: 8a | AH59: Camper van
A60: 9a | AB60: Titmas | AG60: 9a | AH60: RV
A61: 10a | AD61: Coorens | AG61: 10a | AH61: Tent
A62: 11a | AB62: Grover | AE62: Fitzgerald | AG62: 11a | AH62: Trailer tent
A63: 12a | AC63: Dewdeny | AG63: 12a | AH63: Seasonal pitch
A64: 13a | AC64: Prior-Smith / Franklyn | AG64: 13a | AH64: late stay
A65: 14a | H65: Newbank | AC65: Prior-Smith | AG65: 14a | AH65: Poss Extra nights
B66: Harris cont… - DO NOT MOVE | H66: Newbank | AC66: Reunber | AH66: Hard Standing
A67: Compass | AF67: IDS | AG67: Compass
A68: Storm | C68: McMackin | J68: McMackin | Q68: McMackin | Y68: McMackin | AE68: Mick | AG68: Storm
A69: 4b | B69: Shaun Hardman | I69: 1 | P69: 2 | W69: 3 | AD69: 4 | AE69: £154 due | AG69: 4b | AH69: Not in use
A70: 5b | B70: Matt Foster | I70: 1 | P70: 2 | W70: 3 | X70: Matt Foster | AD70: 4 | AG70: 5b | AH70: Not here
A71: 6b | C71: Clarke | AD71: Bushell | AG71: 6b | AH71: Bank holiday
A72: 7b NO LX | AG72: 7b no elec | AH72: Non arrival
A73: No elec | X73: Paulsen | AG73: No elec | AH73: Cancelled
A74: 43 | AB74: Wild | AG74: 43
A75: 44 | AC75: Wild/ Horn | AG75: =A75 -> 44
A76: 45 | H76: Dark | J76: Router | Z76: Vidler | AA76: Seamer | AC76: Bradley | AF76: McCallion | AG76: =A76 -> 45
A77: 46 | AB77: Otterway | AG77: =A77 -> 46
A78: 47 | AB78: Hepson | AF78: Butler | AG78: =A78 -> 47
A79: 48 | AB79: Howard | AG79: =A79 -> 48
A80: 49 | AB80: Deykin | AG80: =A80 -> 49
A81: 50 | AC81: Gareido | AG81: =A81 -> 50
A82: 51 | AC82: Rowsell | AG82: =A82 -> 51
A83: 52 | AB83: Rowlands | AG83: =A83 -> 52
A84: 53 | AC84: Clark | AG84: =A84 -> 53
A85: 54 | AC85: Ayres | AG85: =A85 -> 54
A86: 55 | AB86: Drew | AG86: =A86 -> 55
A87: 56 | B87: Sun | C87: Mon | D87: Tue | E87: Wed | F87: Thu | G87: Fri | H87: Sat | I87: Sun | J87: Mon | K87: Tue | L87: Wed | M87: Thu | N87: Fri | O87: Sat | P87: Sun | Q87: Mon | R87: Tue | S87: Wed | T87: Thu | U87: Fri | V87: Sat | W87: Sun | X87: Mon | Y87: Tue | Z87: Wed | AA87: Thu | AB87: Fri | AC87: Sat | AD87: Sun | AE87: Mon | AF87: Tue | AG87: =A87 -> 56 | AH87: colour codes
A88: 57 | B88: 1 | C88: 2 | D88: 3 | E88: 4 | F88: 5 | G88: 6 | H88: 7 | I88: 8 | J88: 9 | K88: 10 | L88: 11 | M88: 12 | N88: 13 | O88: 14 | P88: 15 | Q88: 16 | R88: 17 | S88: 18 | T88: 19 | U88: 20 | V88: 21 | W88: 22 | X88: 23 | Y88: 24 | Z88: 25 | AA88: 26 | AB88: 27 | AC88: 28 | AD88: 29 | AE88: 30 | AF88: 31 | AG88: =A88 -> 57 | AH88: Off Peak
A89: 58 | AG89: =A89 -> 58 | AH89: Peak
AB90: TOP CAMPING FIELD | AH90: Motorhome
U91: Mainwaring | Z91: Fox | AB91: Ashley with Elliot | AH91: Caravan
AB92: Elliott with Ashley | AH92: Camper van
AB93: Waddington | AH93: RV
AB94: Drew | AC94: Buckingham | AH94: Tent
AB95: Drew | AC95: Buckingham | AH95: Trailer tent
AB96: Drew | AC96: Heetinshin | AH96: Seasonal pitch
AC97: Heetinshin | AH97: late stay
AC98: Heetinshin / Lucas
AC99: Fellows | AH99: Poss Extra nights
AC100: Bane | AH100: Hard Standing
...

Sheet June 2016
A1: BACK-UP 30 June @ 1927 | K1: ROD concert | S1: Legion | W1: 8 7623
B2: PEAK | D2: PEAK | G2: ACSI | H2: ACSI | I2: ACSI | J2: ACSI | K2: ACSI | L2: ACSI | M2: ACSI | N2: ACSI | O2: ACSI | P2: ACSI | Q2: ACSI | R2: ACSI | S2: ACSI | T2: ACSI | U2: ACSI | V2: ACSI | W2: ACSI | X2: ACSI | Y2: ACSI | Z2: ACSI | AA2: ACSI | AB2: ACSI | AC2: ACSI | AD2: ACSI | AE2: ACSI
A3: Pitch | B3: Wed | C3: Thu | D3: Fri | E3: Sat | F3: Sun | G3: Mon | H3: Tue | I3: Wed | J3: Thu | K3: Fri | L3: Sat | M3: Sun | N3: Mon | O3: Tue | P3: Wed | Q3: Thu | R3: Fri | S3: Sat | T3: Sun | U3: Mon | V3: Tue | W3: Wed | X3: Thu | Y3: Fri | Z3: Sat | AA3: Sun | AB3: Mon | AC3: Tue | AD3: Wed | AE3: Thu | AF3: Pitch
A4: No. | B4: 1 | C4: 2 | D4: 3 | E4: 4 | F4: 5 | G4: 6 | H4: 7 | I4: 8 | J4: 9 | K4: 10 | L4: 11 | M4: 12 | N4: 13 | O4: 14 | P4: 15 | Q4: 16 | R4: 17 | S4: 18 | T4: 19 | U4: 20 | V4: 21 | W4: 22 | X4: 23 | Y4: 24 | Z4: 25 | AA4: 26 | AB4: 27 | AC4: 28 | AD4: 29 | AE4: 30 | AF4: No.
A5: 1 | F5: Stones | H5: Willard | J5: McCaffrey | N5: Hanson | Q5: Mertz | R5: Ferguson | T5: G. Twigg | Y5: Horchner | Z5: Ferrie | AA5: Faulkner | AB5: Kennedy | AC5: Walther | AD5: preston | AE5: Bailey - do not move | AF5: 1
A6: 2 | D6: Harman | E6: Cotton | H6: Matthew | I6: Rothernel | J6: Kidd | K6: Braithwaite | L6: Pears | M6: Haines | R6: Gayton | X6: Almond | AB6: Greening | AF6: 2 | AG6: Not here
A7: 3 | D7: Webster | J7: Edmeades | M7: Acard | T7: Fallows - do not move | AB7: Braithwaite | AC7: Johnson | AF7: 3 | AG7: Tent
A8: 4 | D8: Padfield | K8: Jackson | L8: Taylor | X8: Vos - wi fi slipped with white trousers | AF8: 4 | AG8: Trailer tent
A9: 5 | B9: ….cont | E9: Andrews | J9: Franklyn | Z9: Hatton | AA9: Bissell | AD9: Parker | AF9: 5 | AG9: Folding caravan
A10: 6 | B10: late stay | D10: Smele | K10: Rosewell | L10: Hanton - KX52 HKN | R10: Booth | W10: Dannecker | X10: Hepworth - do not move | AE10: McNicholl | AF10: 6 | AG10: Caravan
A11: 7 | E11: Brady | F11: Welch | M11: 1 | T11: 2 | V11: Stockwood | Z11: Leavesley | AF11: 7 | AG11: Camper van
A12: 8 | C12: Jones | E12: Lowe | F12: Booth | N12: Bray | Q12: Urwin | V12: Kaynsn | X12: Nichols | AA12: Hatton | AF12: 8 | AG12: Motorhome
A13: 9 | D13: Dalling | E13: Mitchell | H13: Gilkes | Q13: Kostudis | T13: Barker | V13: Hunt | Y13: McCluggage | AA13: Willis | AC13: Wolter | AD13: Gibson | AF13: 9 | AG13: RV
A14: 10 | B14: Duff cont.. | F14: Hill | J14: Rutt | L14: Range | O14: Brown - ACSI 874675 | U14: 1 | AB14: 2 | AC14: walther | AE14: O'Mara | AF14: 10 | AG14: Free night
A15: 11 | F15: Crowson | G15: Anderson | I15: Slater | K15: Garner | N15: Moore | R15: Antero REIJO | X15: Glasgow | AB15: Noble | AD15: Robinson | AF15: 11 | AG15: Poss Extra / late stay
A16: 12 | B16: Howell Cont.. | D16: 1 | K16: 2 | N16: Key - car FC03 NYK | R16: Rief | X16: White - wi fi | AA16: bolton | AE16: Wilson | AF16: 12 | AG16: Hard Standing
A17: 13 | B17: cont.. | G17: Montyabaar | K17: Russell | O17: Guicleux | Y17: Dore | Z17: Hodge | AC17: Fay | AF17: 13 | AG17: Not in use
A18: 14 | L18: Downy | U18: Cole | AA18: 1 | AF18: 14 | AG18: Off Peak
A19: 15 | AF19: 15 | AG19: Bank holiday
A20: 16 | E20: Hounsell | L20: Kramer | P20: Voudentery | W20: Oldnall | Y20: Holloway/mum | AC20: 0 | AF20: 16 | AG20: Peak
A21: 16a | J21: Flinn/Willcox | Y21: Holloway/daughter | AF21: 16a | AG21: Seasonal pitch
A22: 17 | K22: Dalton | Q22: van de Pypekamp | Y22: Holloway/son | AE22: Scott | AF22: 17 | AG22: Non arrival
A23: 17a | J23: Flinn | Y23: Faulkner | AF23: 17a | AG23: Refund
A24: 18 | E24: Craft | F24: Hall | L24: 1 | T24: Swan | AF24: 18 | AG24: Cancelled
A25: 18a | AF25: 18a | AG25: late stay
A26: 19 | B26: Harris cont.. | E26: Buholcer | G26: Jones | J26: Roberts | M26: Evans | Q26: Schleiffer | Y26: Hearn | AB26: sedgwick | AD26: Shaw | AF26: 19
A27: 20 | F27: Roberts | K27: Smith | L27: Klinksz | U27: Stevens | X27: Naumannen | Z27: O'Reilly/Firth | AB27: Hogland | AE27: Kingsworth | AF27: 20 | AG27: =ALERTS!E33 -> 0
A28: 21 | B28: Daws | D28: Ward | F28: Pope | G28: O'Donnell | J28: Kettle | K28: Batt-Devonhold | M28: dr523hf | N28: Hughes | T28: Raven | U28: Hogg | X28: Higginbotton | AB28: Garven | AC28: Amme | AE28: Lamb | AF28: 21 | AG28: =ALERTS!E34 -> 0
A29: 22 | AA29: Malcolm & Leonie back | AD29: dentist | AE29: work | AF29: 22 | AG29: =ALERTS!E35 -> 0
A30: Pitch | B30: Wed | C30: Thu | D30: Fri | E30: Sat | F30: Sun | G30: Mon | H30: Tue | I30: Wed | J30: Thu | K30: Fri | L30: Sat | M30: Sun | N30: Mon | O30: Tue | P30: Wed | Q30: Thu | R30: Fri | S30: Sat | T30: Sun | U30: Mon | V30: Tue | W30: Wed | X30: Thu | Y30: Fri | Z30: Sat | AA30: Sun | AB30: Mon | AC30: Tue | AD30: Wed | AE30: Thu | AF30: Pitch
A31: No. | B31: 1 | C31: 2 | D31: 3 | E31: 4 | F31: 5 | G31: 6 | H31: 7 | I31: 8 | J31: 9 | K31: 10 | L31: 11 | M31: 12 | N31: 13 | O31: 14 | P31: 15 | Q31: 16 | R31: 17 | S31: 18 | T31: 19 | U31: 20 | V31: 21 | W31: 22 | X31: 23 | Y31: 24 | Z31: 25 | AA31: 26 | AB31: 27 | AC31: 28 | AD31: 29 | AE31: 30 | AF31: No.
A32: 23 | E32: Bussell | G32: Morantstr | I32: Briggs | L32: Mills | O32: kx52 | U32: Higginbottom | Z32: Moore | AC32: Wegman | AE32: Rubingh | AF32: 23 | AG32: TODAY IS
A33: 23a | B33: Overall cont… | K33: Darling | N33: Kevey | T33: Dr Thomaca | X33: Roiner | Z33: Foster | AB33: Brinton | AF33: 23a | AG33: =TODAY() -> 42702
A34: 24 | D34: 4 | E34: Pd | H34: Dan Home all week | K34: 1 | R34: 2 | Y34: 3 | AF34: 24
A35: 25 | E35: Korczakowski | Y35: Howard | Z35: Langton | AB35: szczepanek | AC35: Gattringer | AF35: 25
A36: 26 | B36: Bolle cont… | E36: 3 | L36: pichler | T36: Wright | Z36: Ford | AA36: Keeble | AF36: 26
A37: 27 | K37: Jones | Z37: Ktenas | AF37: 27
A38: 28 | B38: Rogers | D38: Kennedy | G38: Crabbe | K38: Bournbenoux | N38: Cardy | P38: Linsley | U38: Naumanen | Y38: Whitfield - do not move | AF38: 28
A39: 29 | E39: Walton | F39: Taylor | H39: Hughes | I39: Hitchcock | J39: Hopcutt | L39: Elliss | M39: Ledger | N39: Wilson | U39: Kappelt | W39: german | Y39: Datson | Z39: Witt | AA39: Skelton | AB39: Ledger | AE39: Child | AF39: 29 | AG39: NO DOGS
A40: 30 | B40: Hughes cont… | E40: pd | K40: 1 | R40: 2 | W40: Tardiso | X40: Vilot | Z40: Wooley | AF40: 30 | AG40: NO DOGS
A41: 31 | B41: Stuart | I41: pd | N41: 1 | AB41: 3 | AF41: 31 | AG41: NO DOGS
A42: 32 | B42: Robin cont… AU16 RAP | H42: 2 | O42: 3 | S42: King | Z42: Cox | AB42: Batley | AE42: Barr | AF42: 32 | AG42: NO DOGS
A43: 33 | K43: Howlett | N43: Elaine Adams | T43: 1 | AA43: 2 | AF43: 33 | AG43: NO DOGS
A44: 34 | D44: Eales | K44: Carr | M44: Killingsworth | R44: Stoker | Z44: Berghuis | AE44: Card | AF44: 34 | AG44: NO DOGS
A45: 35 | B45: Inglefield with Guard | E45: Rouse | I45: Draisey - now YK65 JCO | N45: s | Z45: Rowe | AE45: Stella White cont | AF45: 35
A46: 36 | B46: Guard with Inglefield | J46: Cromer | Z46: Elurg | AD46: ELURG | AF46: 36
A47: 37 | F47: Moignard | K47: Stratford | W47: DeVries | AF47: 37
A48: 38 | D48: Wharton - do not move | G48: Smith | M48: Sadler | Y48: Jenkins | AA48: winkler | AB48: Kopitzki | AD48: wright | AF48: 38
A49: 39 | B49: Coleman cont | H49: Roberts | K49: Bellingale | L49: leids | S49: Hounsell | Z49: Ktenas | AB49: reiche | AD49: genco | AF49: 39
A50: 40 | D50: Clarke | H50: Cairnie | J50: Butler | R50: McGee | U50: Appleby | Z50: O'Reilly | AA50: Hastings | AB50: Whitehead | AC50: Young | AF50: 40
A51: 41 | D51: Greenwood | I51: VanDerWai | L51: Paris | S51: Morgan | Z51: Annakin | AA51: Martin | AF51: 41
A52: late arrival | G52: Simms | R52: Key | Z52: Eddy | AA52: Soul | AC52: Moir | AF52: Late Arrival Bay
A53: Pitch | B53: Wed | C53: Thu | D53: Fri | E53: Sat | F53: Sun | G53: Mon | H53: Tue | I53: Wed | J53: Thu | K53: Fri | L53: Sat | M53: Sun | N53: Mon | O53: Tue | P53: Wed | Q53: Thu | R53: Fri | S53: Sat | T53: Sun | U53: Mon | V53: Tue | W53: Wed | X53: Thu | Y53: Fri | Z53: Sat | AA53: Sun | AB53: Mon | AC53: Tue | AD53: Wed | AE53: Thu | AF53: Pitch | AG53: colour codes
A54: No. | B54: 1 | C54: 2 | D54: 3 | E54: 4 | F54: 5 | G54: 6 | H54: 7 | I54: 8 | J54: 9 | K54: 10 | L54: 11 | M54: 12 | N54: 13 | O54: 14 | P54: 15 | Q54: 16 | R54: 17 | S54: 18 | T54: 19 | U54: 20 | V54: 21 | W54: 22 | X54: 23 | Y54: 24 | Z54: 25 | AA54: 26 | AB54: 27 | AC54: 28 | AD54: 29 | AE54: 30 | AF54: No. | AG54: Off Peak
A55: Paddock | F55: Robinson | K55: Peacock | L55: Wright | O55: Hams | Q55: Brian Jukes | AF55: Paddock | AG55: Peak
A56: camping pitches with electric | B56: Pam Oxlade not here just caravan | L56: 2 | S56: 3 | Z56: 4 | AF56: camping with electric | AG56: Motorhome
A57: 7a | B57: cont.. | D57: Paul Mark | K57: Thomas | S57: Franks | Y57: 0 | AF57: 7a | AG57: Caravan
A58: 8a | B58: cont… | E58: Otter | K58: Spiteri | Y58: McGuire - part of mini rally | AD58: P | AF58: 8a | AG58: Camper van
A59: 9a | B59: Titmas cont… | D59: Mullikin | J59: Williams | Z59: Ryland - part of mini rally | AF59: 9a | AG59: RV
A60: 10a | C60: Webb | J60: jeffs/ Mogridge | Z60: Moore - part of mini rally | AF60: 10a | AG60: Tent
A61: 11a | B61: cont.. | J61: Jeffs | AA61: Fennel - part of mini rally | AF61: 11a | AG61: Trailer tent
A62: 12a | B62: cont.. | K62: Davies | Z62: Travess | AF62: 12a | AG62: Seasonal pitch
A63: 13a | B63: Thomas | K63: Harper | AB63: P Schmidt | AF63: 13a | AG63: late stay
A64: 14a | B64: late stay | C64: Cunnison with Elliment | K64: Kitchen with Knutton | L64: Orrock FP52 HVK | AA64: chris Kench R10CJK | AF64: 14a | AG64: Poss Extra nights
C65: Elliment with Cunnison - no elec | K65: Knutton with Kitchen | U65: Tanghe on 2a | AG65: Hard Standing
A66: STORM | G66: McMackin | N66: McMackin | U66: McMackin | AB66: McMackin | AF66: STORM | AG66: Not in use
A67: Compass | B67: IDS cont.. | J67: Bolle Transport | M67: pd 24 June | S67: 1 | T67: emailed Invoice 09 - £1000 due | Z67: 2 | AF67: Compass | AG67: Not here
A68: 4b | B68: Shaun Hardman | G68: Shaun | L68: Shaun on 2wk holiday | AF68: 4b | AG68: Bank holiday
A69: 5b | B69: Matt Foster | G69: Matt | U69: Matt Foster | AB69: Matt | AF69: 5b | AG69: Non arrival
A70: 6b | B70: cont… | K70: Willcock | O70: Valkestein | U70: McCammon | Z70: wal;ton | AF70: 6b | AG70: Cancelled
A71: 7b no elec | H71: Swain | AF71: 7b
E72: 1 | G72: Sadler | L72: Churchill | S72: 3 | Z72: 4
K73: Bull | N73: Anderson | R73: Paul & Shirley Green
A74: 43 | X74: Zee | AA74: Faughey | AF74: =A74 -> 43
A75: 44 | C75: Pipe | K75: Lambert | L75: Kowalski | O75: Leary | S75: Doake | Y75: Nash | Z75: Caton | AB75: Jones | AF75: =A75 -> 44
A76: 45 | B76: cont.. | C76: Ross | D76: Rogers | H76: Cooper | R76: Newport | V76: Bartvergeer | AB76: Lowther | AD76: Gilbert | AF76: =A76 -> 45
A77: 46 | B77: Lemmen | D77: Black | F77: Howells | K77: Jutt | S77: Luke - barrier played up he can have free night when he comes back | Y77: Nichols | AD77: Farquharson | AF77: =A77 -> 46
A78: 47 | B78: Welch | E78: Miroslowslet | R78: Durkin | X78: Kostudis | Y78: Shewry | Z78: Lightwood | AE78: Houchin | AF78: =A78 -> 47
A79: 48 | B79: Butler cont…. | L79: Patterson | X79: Carr | AF79: =A79 -> 48
A80: 49 | B80: Miedzi | E80: Ives | F80: Benham | S80: Roberts | V80: Angel | Y80: Curtin | AF80: =A80 -> 49
A81: 50 | E81: Daniels | L81: Alexandra | R81: Rama | Y81: Curtin | AF81: =A81 -> 50
A82: 51 | E82: smith | R82: Farquharson | T82: farqunarson | Z82: vandeMoeskik | AF82: =A82 -> 51
A83: 52 | AF83: =A83 -> 52
A84: 53 | AF84: =A84 -> 53
A85: 54 | AF85: =A85 -> 54
A86: 55 | AF86: =A86 -> 55
A87: 56 | AB87: SM54NXW | AF87: =A87 -> 56
A88: 57 | AE88: Reeves | AF88: =A88 -> 57
A89: 58 | AF89: =A89 -> 58 | AG89: No electric unless splitter
I90: Inch | AB90: Briggs
A91: Pitch | B91: Wed | C91: Thu | D91: Fri | E91: Sat | F91: Sun | G91: Mon | H91: Tue | I91: Wed | J91: Thu | K91: Fri | L91: Sat | M91: Sun | N91: Mon | O91: Tue | P91: Wed | Q91: Thu | R91: Fri | S91: Sat | T91: Sun | U91: Mon | V91: Tue | W91: Wed | X91: Thu | Y91: Fri | Z91: Sat | AA91: Sun | AB91: Mon | AC91: Tue | AD91: Wed | AE91: Thu | AF91: Pitch
A92: No. | B92: 1 | C92: 2 | D92: 3 | E92: 4 | F92: 5 | G92: 6 | H92: 7 | I92: 8 | J92: 9 | K92: 10 | L92: 11 | M92: 12 | N92: 13 | O92: 14 | P92: 15 | Q92: 16 | R92: 17 | S92: 18 | T92: 19 | U92: 20 | V92: 21 | W92: 22 | X92: 23 | Y92: 24 | Z92: 25 | AA92: 26 | AB92: 27 | AC92: 28 | AD92: 29 | AE92: 30 | AF92: No.
A93: TOP CAMPING FIELD | AE93: TOP CAMPING FIELD
A94: N | B94: Cox | R94: Millership | S94: Skarzynski | Y94: Tent/Gazebo for mini rally TBC | AF94: N
A95: O | R95: Millership | S95: Skarzynski | AF95: O
A96: N | Y96: Harris | AF96: N
Z97: Hill
A98: E | AF98: E
A99: L | AF99: L
A100: E | AF100: E
...

Sheet July 2016
A1: BACK-UP 31 July @ 1600 | V1: Americal Cup Porsmouth 21-24 July | AD1: BBC
B2: Stella away until 18 July | J2: DOG SHOW | Q2: OFF PEAK | S2: PEAK | Y2: PEAK | AD2: PEAK
A3: Pitch | B3: Fri | C3: Sat | D3: Sun | E3: Mon | F3: Tue | G3: Wed | H3: Thu | I3: Fri | J3: Sat | K3: Sun | L3: Mon | M3: Tue | N3: Wed | O3: Thu | P3: Fri | Q3: Sat | R3: Sun | S3: Mon | T3: Tue | U3: Wed | V3: Thu | W3: Fri | X3: Sat | Y3: Sun | Z3: Mon | AA3: Tue | AB3: Wed | AC3: Thu | AD3: Fri | AE3: Sat | AF3: Sun | AG3: Pitch
A4: No. | B4: 1 | C4: 2 | D4: 3 | E4: 4 | F4: 5 | G4: 6 | H4: 7 | I4: 8 | J4: 9 | K4: 10 | L4: 11 | M4: 12 | N4: 13 | O4: 14 | P4: 15 | Q4: 16 | R4: 17 | S4: 18 | T4: 19 | U4: 20 | V4: 21 | W4: 22 | X4: 23 | Y4: 24 | Z4: 25 | AA4: 26 | AB4: 27 | AC4: 28 | AD4: 29 | AE4: 30 | AF4: 31 | AG4: No.
A5: 1 | B5: Bailey cont.. - DO NOT MOVE | F5: Smith | G5: Rose | P5: Trankman | Q5: Jasper | R5: Tasker | U5: Coombs | V5: Coombs | W5: Dodson - do not move | AD5: French | AE5: Robinson | AG5: 1 | AH5: late stay
A6: 2 | B6: cont.. | C6: Tasker | F6: Ponick | G6: Collins | H6: Battenbough | I6: Golding with Foster | J6: Tracey | K6: Best | N6: Telford | Q6: Chilcott with Norris | S6: Maggs | U6: Hofmann | V6: Maggs | W6: Whitehouse | X6: Finegan | Y6: Pickard | AD6: ILES | AE6: Brieton | AF6: Thurlow | AG6: 2 | AH6: Not here
A7: 3 | B7: Hamley | F7: Short | I7: Foster | J7: Smith | K7: McGrath | M7: Griffin | Q7: Norris With Chilcott | W7: Jones | Z7: Hatton | AA7: Neatherway | AD7: Thomas | AE7: Davis with Burton | AG7: 3 | AH7: Tent
AE8: Burton with Davis
A9: 4 | B9: McAllister | F9: McAllister | I9: Cane | K9: scott McGrath | Q9: Maltby | W9: Howard | AA9: Swieringa | AE9: Sturch | AG9: 4 | AH9: Trailer tent
A10: 5 | B10: Greenwood | G10: 2500 | I10: Barton | K10: Bayley | Q10: Bowens | W10: Dickens | X10: Owen | AA10: Kattenberg | AC10: Price | AD10: Frampton | AG10: 5 | AH10: Folding caravan
A11: 6 | B11: Hanson- do not move | H11: Ormiston | P11: Gibson | X11: Gutwing | Y11: Altena | AG11: 6 | AH11: Caravan
A12: 7 | B12: CONT… | I12: Loftus | L12: Carrie-Ann - DO NOT MOVE - Stella | R12: 1 | AC12: Weston | AE12: Bickerton | AG12: 7 | AH12: Camper van
A13: 8 | B13: Cook | F13: Williams | H13: Skinner - pls do not move | N13: Biet | Q13: Pam and Tony Oxlade | W13: Giles | Z13: Reg & Loraine Whitfield | AG13: 8 | AH13: Motorhome
A14: 9 | B14: Allen | C14: Manuela | E14: Cook | J14: Obern | Q14: braithwait | U14: Russell | AA14: King | AE14: Brown | AG14: 9 | AH14: RV
A15: 10 | B15: O'Mara cont | E15: Marshall | I15: Clover | J15: Brough | N15: Wrighton | O15: Price | W15: Parker | Z15: Bates | AD15: McNulty | AG15: 10 | AH15: Free night
A16: 11 | C16: MASON | G16: Hack | I16: Daykin | K16: Smith | P16: Prewitt | V16: Wood | X16: Welch | AA16: Plostettles | AD16: Maddy & Steve 2wks | AG16: 11 | AH16: Poss Extra / late stay
A17: 12 | B17: Wilson cont | D17: Gilbert | H17: Evins | I17: Roberts | L17: Benfield | M17: earthy | O17: Wilfred | P17: Peachy | W17: Ingledew | AA17: Roberts - do not move knows he is on pl 12 | AG17: 12 | AH17: Hard Standing
A18: 13 | B18: Fay cont…. | I18: Goodfellow with Harvey | W18: Kneubhier | X18: Enz | AE18: Novis | AG18: 13 | AH18: Not in use
A19: 14 | B19: Cole cont... | D19: 2 | E19: Latimer | I19: Harvey with Goodfellow | K19: Tony Foster | P19: Blackham | W19: Reusser with Dickinson | AB19: Seger | AG19: 14 | AH19: Off Peak
A20: 15 | W20: Dickinson with Reusser | AG20: 15 | AH20: Bank holiday
A21: 16 | B21: Fisher- do not move | I21: Wilkinson - Do not move | Q21: Birch (Leah) owe for ex adults | X21: Pd | Y21: not here unplugged | AG21: 16 | AH21: Peak
A22: 16a | J22: Stannerd | Q22: Birch (Charlie) | X22: pd | AG22: 16a | AH22: Seasonal pitch
A23: 17 | B23: Cont… | I23: Travis 80's group | W23: Kraus | AA23: Johanson | AE23: Moore | AG23: 17 | AH23: Non arrival
A24: 17a | I24: Bryant 80's group | W24: Kraus | AA24: Liljegren | AD24: French | AE24: Smith | AG24: 17a | AH24: Refund
A25: 18 | I25: Williams | W25: Crabtree | AD25: Beacham with Caruana | AG25: 18 | AH25: Cancelled
A26: 18a | I26: No elec | AC26: Caruana with Beacham | AG26: 18a - NO ELEC
A27: 19 | B27: Atwell | F27: Watson-Burke - do not move 8m hobby | N27: Hudspeth | P27: Ball | T27: Martin | W27: Konczyk / Pickering | Y27: Schaytz | AA27: Saunders | AC27: Dellar | AG27: 19
A28: 20 | B28: Ward | C28: peach | F28: Townsend | I28: Gater | J28: Green 0774 9619521 | R28: Sturgeon | T28: Gruszka | W28: Konczyk | Y28: Hewitt | Z28: McGrath | AB28: Bennett | AD28: Kutz | AG28: 20 | AH28: =ALERTS!E36 -> 0
A29: 21 | B29: Lamb cont | C29: blythe | I29: Huband 80's group | K29: Brockschmidt | N29: Hendy | O29: Fletcher | U29: Scott | V29: Mills- put sewer down drain | Z29: Mcgrath | AC29: Kielman | AE29: Scot | AG29: 21 | AH29: =ALERTS!E37 -> 0
A30: 22 | B30: work | C30: work | D30: work | E30: work | F30: work | G30: work | H30: work | M30: work | N30: work | O30: work | P30: work | Q30: work | R30: work | S30: Work | U30: work | W30: work | Y30: work | AA30: work | AC30: work | AG30: 22 | AH30: =ALERTS!E38 -> 0
A31: Pitch | B31: Fri | C31: Sat | D31: Sun | E31: Mon | F31: Tue | G31: Wed | H31: Thu | I31: Fri | J31: Sat | K31: Sun | L31: Mon | M31: Tue | N31: Wed | O31: Thu | P31: Fri | Q31: Sat | R31: Sun | S31: Mon | T31: Tue | U31: Wed | V31: Thu | W31: Fri | X31: Sat | Y31: Sun | Z31: Mon | AA31: Tue | AB31: Wed | AC31: Thu | AD31: Fri | AE31: Sat | AF31: Sun | AG31: Pitch
A32: No. | B32: 1 | C32: 2 | D32: 3 | E32: 4 | F32: 5 | G32: 6 | H32: 7 | I32: 8 | J32: 9 | K32: 10 | L32: 11 | M32: 12 | N32: 13 | O32: 14 | P32: 15 | Q32: 16 | R32: 17 | S32: 18 | T32: 19 | U32: 20 | V32: 21 | W32: 22 | X32: 23 | Y32: 24 | Z32: 25 | AA32: 26 | AB32: 27 | AC32: 28 | AD32: 29 | AE32: 30 | AF32: 31 | AG32: No.
A33: 23 | H33: Bond | R33: Mitchell | X33: Greenroyd / Watson | AA33: Bates | AC33: Rive | AD33: Johnson | AG33: 23
A34: 23a | B34: fama | C34: Storms | I34: Kraus | J34: Beard | P34: Kompart | Q34: Spence | W34: Evans | X34: Greenroyd / Watson | Z34: Vacher | AF34: 1 | AG34: 23a
A35: 24 | B35: 4 | C35: Dan Riley 4wks due £522 | G35: Paid 14/7 | I35: 1 | P35: 2 | W35: 3 | AD35: 4 | AG35: 24 | AH35: TODAY IS
A36: 25 | B36: Romby | C36: Allen | I36: Smout | J36: Wills | R36: Stark | X36: 1 | AE36: 2 | AG36: 25 | AH36: =TODAY() -> 42702
A37: 26 | B37: keeble cont | I37: Patterson | J37: Bamsey | X37: Ashby | AC37: Korczakowski | AG37: 26
A38: 27 | I38: Craddock | J38: Bonser | Q38: Griffiths | AB38: she was plugged in so had to take it out as need it for the light at elsan | AG38: 27
A39: 28 | B39: cont… | E39: T. Rabius | F39: LeCheminant | H39: Carrie-Ann | P39: crow | Q39: Bowen | U39: Kleingerber | W39: Blackmoore | Z39: MaCleod | AG39: 28
A40: 29 | B40: Carroll | C40: Totty | D40: Gates - do not move | H40: Rayson | I40: Sadler | K40: Bennett | M40: Kinsley | N40: Walsh | O40: Kelly | P40: Jones | U40: Kleingerber | W40: Goggins | X40: Delaney | Z40: Tiplady | AD40: Mangroo | AE40: Abell | AF40: Deursen | AG40: 29 | AH40: NO DOGS
A41: 30 | B41: Zank | G41: Hughes back from France | L41: 1 | S41: 2 | T41: Robin Hughes | Z41: 3 | AA41: £175 paid | AG41: 30 | AH41: NO DOGS
A42: 31 | B42: Stuart - Bob will pay full rate when here & half price when not here | N42: paid | O42: 2 | P42: Bob will give you the dates here & away normal pitch fee here & half when home | AC42: pd from 28/7 tyo 10 Aug | AG42: 31 | AH42: NO DOGS
A43: 32 | B43: cont.. | C43: Linford | F43: Hines | I43: Bennett | K43: McDermott | V43: Smith | W43: Lonsbrough | X43: Tierney | Y43: Mrs Schramm | AD43: Farrall | AF43: Neil | AG43: 32 | AH43: NO DOGS
A44: 33 | B44: cont.. | D44: 3 | K44: 4 | V44: Guerin | W44: Gardner | X44: Longson | Z44: Baus | AA44: Mayne | AG44: 33 | AH44: NO DOGS
A45: 34 | B45: cont.. | C45: Simpson | D45: Pugh | J45: Hopgood | V45: Gruchel | AC45: Gibley | AF45: Anson | AG45: 34 | AH45: NO DOGS
A46: 35 | B46: Stella White cont | I46: Scopes 80's group | O46: Retmanski With Collin | W46: Phillips | X46: MacKenzie | Y46: Waldron | AF46: sister | AG46: 35 | AH46: colour codes
A47: 36 | C47: Balk | I47: Ward 80's group | O47: Collins with Retmanski | R47: Beresford | W47: Broom | AA47: Thompson | AD47: Anson | AE47: Greenwood with Reid | AG47: 36 | AH47: Off Peak
A48: 37 | I48: Cullen 80's group | P48: Jones | W48: Slade | AD48: Green | AE48: Reid with Greenwood | AG48: 37 | AH48: Peak
A49: 38 | C49: Parker | I49: Sherwood 80's group | M49: Wharton - do not move | Q49: Deakin | T49: Pearce with Hewins | U49: Whittington | AD49: Connelis | AG49: 38 | AH49: Motorhome
A50: 39 | C50: Wilmet | D50: Whittingham | I50: Smythe 80's group | O50: Martin | Q50: Deakin | T50: Hewins Paul with Pearce | W50: Instone/Konczyk | Z50: Lane | AC50: Nicholson | AD50: Taylor with Jolley | AE50: Hounsley | AG50: 39 | AH50: Caravan
A51: 40 | C51: Shepherd-Roberts | F51: Fieldsend | G51: Ross | H51: Pidcock | I51: Jennings | M51: G. Wynne | N51: Peacock | O51: Gruszka | Q51: Deakin | R51: Morris | S51: Sporbert | T51: Perkins with Pearce | U51: Betts/Hardy | Y51: Doug | Z51: Bartlett | AA51: Hammond | AB51: Hodgeson | AC51: Cawood | AD51: Jolley with Taylor | AE51: Morris | AG51: 40 | AH51: Camper van
A52: 41 | C52: Mason | F52: Oullrich | H52: Brown | I52: Goodship | K52: 1 | U52: Betts DO NOT MOVE | Z52: Hatfield | AC52: Rigby | AD52: Gittins | AE52: Erving | AG52: 41 | AH52: RV
A53: Late arrival bay | K53: Harwood | U53: Mullin | V53: Barr | Y53: Eddy | AD53: ILES | AG53: LAB | AH53: Tent
B54: Fri | C54: Sat | D54: Sun | E54: Mon | F54: Tue | G54: Wed | H54: Thu | I54: Fri | J54: Sat | K54: Sun | L54: Mon | M54: Tue | N54: Wed | O54: Thu | P54: Fri | Q54: Sat | R54: Sun | S54: Mon | T54: Tue | U54: Wed | V54: Thu | W54: Fri | X54: Sat | Y54: Sun | Z54: Mon | AA54: Tue | AB54: Wed | AC54: Thu | AD54: Fri | AE54: Sat | AF54: Sun | AG54: Pitch | AH54: Trailer tent
B55: 1 | C55: 2 | D55: 3 | E55: 4 | F55: 5 | G55: 6 | H55: 7 | I55: 8 | J55: 9 | K55: 10 | L55: 11 | M55: 12 | N55: 13 | O55: 14 | P55: 15 | Q55: 16 | R55: 17 | S55: 18 | T55: 19 | U55: 20 | V55: 21 | W55: 22 | X55: 23 | Y55: 24 | Z55: 25 | AA55: 26 | AB55: 27 | AC55: 28 | AD55: 29 | AE55: 30 | AF55: 31 | AG55: No. | AH55: Seasonal pitch
A56: Paddock | C56: 5 | J56: 6wks | K56: Pam and Tony Oxlade | S56: 1 | Z56: 2 | AG56: Paddock | AH56: late stay
A57: Camping with electric | C57: 5 | I57: Easton | U57: Cox | X57: Daley | AD57: Clark | AG57: Camping with electric | AH57: Poss Extra nights
A58: 7a | B58: Gill Cont. Mini rally | I58: Easton/Gillespie | K58: Deasy | M58: Geere | P58: Stanhope | R58: Jeffs | W58: Zilden | X58: Kneubhier | Y58: Singh | AD58: Hosie | AG58: 7a | AH58: Hard Standing
A59: 8a | B59: McGuire. Cont mini rally | D59: Noble | I59: Bowness | O59: Laingchild | W59: White | X59: ` | AD59: Thielen | AG59: 8a | AH59: Not in use
A60: 9a | B60: Ryland Cont mini Rally | I60: Mansfield | O60: Williams | W60: White/Allen | AA60: McCawley | AC60: Stroetinga | AG60: 9a | AH60: Not here
A61: 10a | B61: Moore. Cont mini rally | I61: steven brown | Q61: Penboeten | W61: Stocks - with Sinclair | AB61: Dawson | AG61: 10a | AH61: Bank holiday
A62: 11a | B62: Fennel Cont mini Rally | H62: Noe | K62: Joe Perkins | W62: Sinclair - with Stocks | Z62: Haynes with Smith | AG62: 11a | AH62: Non arrival
A63: 12a | B63: Blissett | I63: MacKinish - do not move | Q63: Adhag with Bigloo | V63: Bob Hill | Z63: Smith with Haynes | AG63: 12a | AH63: Cancelled
A64: 13a | B64: Sillifant | I64: Huey - DO NOT MOVE | Q64: Bigloo with Adhag | V64: Morgan | AD64: Grover | AE64: Mayne | AG64: 13a
A65: 14a | B65: Warburton | I65: Taverner | Q65: Whitney | U65: Morgan | AD65: Waddington | AF65: Commons | AG65: 14a
B66: Warburton | I66: no elec | J66: no elec | U66: Wightman
A67: Camping with electric | D67: Wright | L67: Bidon
A68: Behind Barn | X68: Moore - cruise and stay | AG68: Camping with electric
A69: STORM | F69: MacMackin | L69: MacMackin | S69: MacMackin | W69: Ref ? | Z69: pd 4n | AG69: STORM
A70: Compass | B70: Boole transport cont…. | C70: 3 | J70: 4 | K70: Bolle Transport Invoice 10 | X70: 2 | AG70: Compass
A71: ABI | Z71: Rogers | AF71: £45 due | AG71: ABI
A72: 4b | B72: Shaun Hardman | E72: £154 paid | L72: £154 paid | S72: £154 paid | Z72: Pd from 25 to 31 July | AG72: 4b
A73: 5b | B73: Matt Foster | E73: £154 paid | L73: £154 paid | S73: £154 paid | Z73: Matt | AG73: 5b
A74: 6b | G74: E,Sofia | R74: Cotrell | AD74: Brown | AG74: 6b
A75: 7b NO LX | U75: Dyke | AE75: Christmas | AG75: 7b | AH75: No Electric
A76: CRUISE AND STAY | U76: Joma
Y77: Walker - cruise and stay | Z77: cruise and stay
A80: Pitch | B80: Fri | C80: Sat | D80: Sun | E80: Mon | F80: Tue | G80: Wed | H80: Thu | I80: Fri | J80: Sat | K80: Sun | L80: Mon | M80: Tue | N80: Wed | O80: Thu | P80: Fri | Q80: Sat | R80: Sun | S80: Mon | T80: Tue | U80: Wed | V80: Thu | W80: Fri | X80: Sat | Y80: Sun | Z80: Mon | AA80: Tue | AB80: Wed | AC80: Thu | AD80: Fri | AE80: Sat | AF80: Sun | AG80: Pitch
A81: No. | B81: 1 | C81: 2 | D81: 3 | E81: 4 | F81: 5 | G81: 6 | H81: 7 | I81: 8 | J81: 9 | K81: 10 | L81: 11 | M81: 12 | N81: 13 | O81: 14 | P81: 15 | Q81: 16 | R81: 17 | S81: 18 | T81: 19 | U81: 20 | V81: 21 | W81: 22 | X81: 23 | Y81: 24 | Z81: 25 | AA81: 26 | AB81: 27 | AC81: 28 | AD81: 29 | AE81: 30 | AF81: 31 | AG81: No. | AH81: colour codes
I82: Cherry with Aldobaikhi | U82: Rogers | W82: Stoker | AD82: mertz? | AH82: Off Peak
I83: Aldobaikhi with Cherry | AD83: Taylor | AH83: Peak
A84: 43 | B84: Faughey cont.. | E84: Goodsell | G84: Goodsell | I84: Casado | N84: Daems | Q84: Green | T84: Berchot | U84: Erummer | V84: Hume | AD84: Fisher | AE84: Rusenas | AG84: =A84 -> 43 | AH84: Motorhome
A85: 44 | B85: loss | H85: Sarginson | J85: Mark Herritt | S85: Moser | T85: Goodsell | W85: Urrutia | X85: Emery | AC85: Eden | AE85: Sharaiam | AG85: =A85 -> 44 | AH85: Caravan
A86: 45 | B86: cont.. | C86: Wright | F86: stockman | H86: Lowther | P86: Haslett-Smith | S86: McAneney | W86: Dickenson | Y86: Bamford | AD86: Lewis | AF86: Webb | AG86: =A86 -> 45 | AH86: Camper van
A87: 46 | B87: Ireson | O87: Moser | W87: Saarella | X87: Eden | AD87: Leach | AE87: Harrington | AG87: =A87 -> 46 | AH87: RV
A88: 47 | G88: Fotheringham | V88: Cloe Adams | AE88: Annabel Barr | AF88: Jennings | AG88: =A88 -> 47 | AH88: Tent
A89: 48 | B89: Komal | G89: Fotheringham | O89: Lofthouse | W89: N.Bray | AD89: Dent | AE89: Sadnan | AG89: =A89 -> 48 | AH89: Trailer tent
A90: 49 | I90: morita | J90: Dunkstan | O90: Lofthouse | U90: Boxall | AD90: Anderson | AG90: =A90 -> 49 | AH90: Seasonal pitch
A91: 50 | B91: cont… | K91: Joe Orchard | X91: Ross | AD91: Phippard | AG91: =A91 -> 50 | AH91: late stay
A92: 51 | J92: Howett | S92: Longstaff | X92: Le Feuvre | AE92: Beata Lis | AG92: =A92 -> 51 | AH92: Poss Extra nights
A93: 52 | N93: Barua | X93: Proctor | AE93: Man | AG93: =A93 -> 52 | AH93: Hard Standing
A94: 53 | B94: Desplang | W94: Tim Deakin | AE94: Jason King | AG94: =A94 -> 53 | AH94: Not in use
A95: 54 | J95: Cooper | X95: Blaga | AG95: =A95 -> 54 | AH95: Not here
A96: 55 | E96: Dallaway | Z96: Holland | AE96: kay | AG96: =A96 -> 55 | AH96: Bank holiday
A97: 56 | AD97: Iveson | AH97: Non arrival
A98: 57 | B98: Reeves cont | Z98: Metcalf | AD98: Hodge | AH98: Cancelled
A99: 58 | I99: Barnes | Z99: Metcalf | AD99: Flannigan
V100: Carhart | AA100: Tower | AE100: Wilkinson
A101: N | B101: mini rally gazebo TBC | I101: Lane | Q101: Hale | W101: Tents | X101: Dove | AG101: N
A102: O | I102: Stredwick - DO NOT MOVE | Q102: Hale | W102: only | Y102: Ratchford | AG102: O
...

Sheet Aug 2016
A1: BACK-UP 31 Aug @ 17.50 | O1: Wedding
C2: 17arrivals | F2: Cowes Week | K2: P E A K | Q2: P E A K | W2: PEAK | AA2: BANK HOL 3nights only
A3: Pitch | B3: Mon | C3: Tue | D3: Wed | E3: Thu | F3: Fri | G3: Sat | H3: Sun | I3: Mon | J3: Tue | K3: Wed | L3: Thu | M3: Fri | N3: Sat | O3: Sun | P3: Mon | Q3: Tue | R3: Wed | S3: Thu | T3: Fri | U3: Sat | V3: Sun | W3: Mon | X3: Tue | Y3: Wed | Z3: Thu | AA3: Fri | AB3: Sat | AC3: Sun | AD3: Mon | AE3: Tue | AF3: Wed | AG3: Pitch
A4: No. | B4: 1 | C4: 2 | D4: 3 | E4: 4 | F4: 5 | G4: 6 | H4: 7 | I4: 8 | J4: 9 | K4: 10 | L4: 11 | M4: 12 | N4: 13 | O4: 14 | P4: 15 | Q4: 16 | R4: 17 | S4: 18 | T4: 19 | U4: 20 | V4: 21 | W4: 22 | X4: 23 | Y4: 24 | Z4: 25 | AA4: 26 | AB4: 27 | AC4: 28 | AD4: 29 | AE4: 30 | AF4: 31 | AG4: No. | AH4: Not here
A5: 1 | B5: Keeble | G5: Owen | H5: Sondereggen | M5: Thomas | O5: DO not move | AB5: Cobbskey | AE5: Clark | AG5: 1
A6: 2 | B6: Saunderson | C6: Edwards | D6: Ologhlan | G6: Jarvis with Harrison | N6: Taylor | O6: Cook | Q6: Do not move | AC6: Boyce | AG6: 2 | AH6: Tent
A7: 3a | C7: Sleigh with Stringfellow | G7: Harrison with Jarvis | N7: Talor | R7: Lloyd | T7: Done | W7: Millard - DO NOT MOVE | AA7: Patterson | AG7: 3A | AH7: Trailer tent
A8: 3 | D8: Roberts | F8: Poole | N8: Spain | R8: Llloyd | U8: Hume | Y8: Daly with Nash | AA8: Kane | AG8: 3
A9: 4 | B9: Stringfellow with Sleigh | G9: Plundett | M9: May | Y9: Nash with Daly | AA9: Whitlow | AC9: visitors | AF9: Calcroft | AG9: 4 | AH9: Folding caravan
A10: 4a | H10: Kluckner | AA10: Howdle | AG10: 4a
A11: 5 | B11: CONT…. | G11: Hannah | I11: Shirley | L11: Pierson | V11: Pritchard | Z11: Davis | AC11: Edwards | AG11: 5 | AH11: Caravan
A12: 6 | B12: cont.. | C12: Janvrin | E12: Briggs - do not move | L12: Sullivan | N12: Bryan | O12: Rich | Q12: Rickatson | U12: Wilson | X12: Harvey | Z12: Carter | AG12: 6 | AH12: Camper van
A13: 7 | B13: CONT…. | G13: Haigh | O13: Denes | T13: Freestone | V13: Breitung | AA13: Sarbutt | AG13: 7 | AH13: Motorhome
A14: 8 | B14: Jas | E14: Mackay | F14: Saunderson | G14: Watts | I14: Schmitt | K14: Mason | N14: Schmitt | P14: Saunders | W14: whitfields - do not move | AG14: 8 | AH14: RV
A15: 9 | B15: Brwon | D15: Cole | M15: James | N15: walton | S15: Stoffen | U15: Dowson | X15: Edwards | Y15: Pogson | Z15: Hallam | AB15: Harris | AG15: 9 | AH15: Free night
A16: 10 | D16: Knol | F16: Bailey | H16: Brockman | N16: Stewart | T16: Walsh | Y16: Hargreaves | AA16: King | AG16: 10 | AH16: Poss Extra / late stay
A17: 11 | B17: Maddy cont… will be paying at end not sure when leaving | N17: Neumann | O17: Melton | R17: Mayo | U17: Macmanus | AA17: Lloyd | AB17: Daniels | AE17: Kogellie | AF17: Birkin | AG17: 11 | AH17: Hard Standing
A18: 12 | B18: cont.. | D18: Franks | H18: Wray | I18: James | L18: Hood | M18: Parker | R18: Hull | T18: Stamp | U18: Farrell | AA18: Braham | AE18: Osullivan | AG18: 12 | AH18: Not in use
A19: 13 | B19: cont | C19: Warren | F19: Flett | G19: 4 visitors | I19: Marqart | M19: Haden | O19: Mahony | Q19: Hilderhos | T19: Bataman | AA19: Quist | AB19: Thornton | AG19: 13 | AH19: Off Peak
A20: 14 | B20: Seger cont | G20: McEwan | N20: Wayman | S20: Goddard | AA20: Baxter with Barrass | AG20: 14 | AH20: Bank holiday
A21: 15 no elec | AA21: Barrass with Baxter | AG21: 15 no elec
A22: 16 | B22: CONT.. | C22: Eisenharet - do no move back to front caravan | M22: Foxtrot | Q22: Eisenharet - do no move back to front caravan | U22: Johnson/ Emma | Z22: Edwards | AC22: Roden with Parsons | AG22: 16 | AH22: Seasonal pitch
A23: 16a | G23: Hatz | H23: Ward | U23: Johnson/Jean | AA23: Raimonti | AC23: Parsons with Roden | AG23: 16a | AH23: Non arrival
A24: 17 | B24: cont.. | F24: Broom | M24: Butt | Z24: Glew | AA24: 2 x visitors | AG24: 17 | AH24: Refund
A25: 17a | G25: Hubbard | H25: Hailes | Z25: Glew / Sykes | AG25: 17a | AH25: Cancelled
A26: 18 | E26: Diamond | M26: Wyre with Ball | U26: Maceanruig | W26: Rathmann | Z26: Buckland | AG26: 18 | AH26: late stay
A27: 18a - NO elec | E27: Diamond/Eliz | M27: Ball with Wyre | Z27: Buckland | AG27: 18a | AH27: NO ELECTRIC
A28: 19 | B28: Poortuliet | C28: Clements | H28: Lehmann | I28: Gibbs | J28: Flofdorff | L28: Deaker | M28: Broughton | N28: Keedwell 5th wheel | W28: Flinders | X28: Keedwell | AB28: Lawrence | AE28: Kemp | AG28: 19
A29: 20 | B29: Pautonnier | G29: Green | Q29: Katzmann | T29: Kriens | Y29: Ricahrds | AA29: Paul Green | AF29: Booth | AG29: 20 | AH29: =ALERTS!E39 -> 0
A30: 21 | D30: Stoffen | E30: Ford | F30: Reisling | G30: Darlow | Q30: Richards | S30: Colella | Y30: Ringham | Z30: Rimmer | AD30: Ackroyd | AG30: 21 | AH30: =ALERTS!E40 -> 0
A31: 22 | B31: Leonie & Malcolm | D31: work | F31: work | H31: work | J31: work | L31: work | N31: work | P31: work | R31: work | T31: work | V31: work | W31: Wedding | X31: Work | Z31: Work | AA31: available if required | AB31: work | AD31: work | AF31: work | AG31: 22 | AH31: =ALERTS!E41 -> 0
A32: Pitch | B32: Mon | C32: Tue | D32: Wed | E32: Thu | F32: Fri | G32: Sat | H32: Sun | I32: Mon | J32: Tue | K32: Wed | L32: Thu | M32: Fri | N32: Sat | O32: Sun | P32: Mon | Q32: Tue | R32: Wed | S32: Thu | T32: Fri | U32: Sat | V32: Sun | W32: Mon | X32: Tue | Y32: Wed | Z32: Thu | AA32: Fri | AB32: Sat | AC32: Sun | AD32: Mon | AE32: Tue | AF32: Wed | AG32: Pitch
A33: No. | B33: 1 | C33: 2 | D33: 3 | E33: 4 | F33: 5 | G33: 6 | H33: 7 | I33: 8 | J33: 9 | K33: 10 | L33: 11 | M33: 12 | N33: 13 | O33: 14 | P33: 15 | Q33: 16 | R33: 17 | S33: 18 | T33: 19 | U33: 20 | V33: 21 | W33: 22 | X33: 23 | Y33: 24 | Z33: 25 | AA33: 26 | AB33: 27 | AC33: 28 | AD33: 29 | AE33: 30 | AF33: 31 | AG33: No.
A34: 23 | B34: NO ELEC AS not working | G34: Newton | H34: Prevedel | N34: Tonks | P34: O'Leary | T34: Camillo | X34: Platel | AA34: Banzummeren | AG34: 23
A35: 23a | B35: cont… | H35: Martignago | M35: Gange | P35: Edwards | T35: Heredina | AA35: Walker | AB35: Coates | AG35: 23a
A36: 24 | B36: Dan Riley 4wks due £522 | F36: 1 | M36: 2 | T36: 3 | AA36: 4 | AG36: 24 | AH36: TODAY IS
A37: 25 | B37: Stark cont.. | U37: 1 | AB37: 2 | AG37: 25 | AH37: =TODAY() -> 42702
A38: 26 | B38: cont | E38: Willams | Q38: Coles | X38: £168 due | AG38: 26
A39: 27 | B39: Griffiths cont | E39: Dorneberk | F39: Mai | AA39: Costello | AG39: 27
A40: 28 | C40: McKenna | F40: Dornberk | G40: Hogg | H40: Mai | J40: Robinson | L40: Morris | N40: Hanssen | O40: Zuidema | X40: Burns | AA40: Harnan | AD40: Vagg | AG40: 28
A41: 29 | B41: Darby | C41: Randle | E41: Hecker | H41: Guirdham | K41: Whitley | L41: Easton | P41: Schuster | Q41: Darby | R41: Tropoja | Z41: Reid-Smith | AA41: Harnan | AD41: Booker | AF41: Jones | AG41: 29 | AH41: NO DOGS
A42: 30 | B42: Hughes | I42: 1 | J42: Robin Hughes | Q42: Hughes | AA42: Coles | AD42: Rainhart | AE42: Scull | AG42: 30 | AH42: NO DOGS
A43: 31 | B43: Stuart | L43: Bob Stuart pd from 11 Aug to 30 Aug | AE43: |Bob | AG43: 31 | AH43: NO DOGS
A44: 32 | B44: Stapf | D44: Ehling | F44: Marshall | H44: Powell | I44: Lorber | J44: Mussbark | K44: Leighton | M44: Bradley | Q44: Butchers | R44: Robin Paskins - AU16 RAP | X44: 1 | AE44: 2 | AG44: 32 | AH44: NO DOGS
A45: 33 | B45: Kirby | G45: Bird | I45: Muller | J45: Booth | K45: Wilson | M45: Holmes | N45: Reynolds | P45: Janssen | S45: Ruben | T45: Holes | X45: Welch | Z45: Bashford | AC45: Lewis | AE45: Hobday | AG45: 33 | AH45: NO DOGS
A46: 34 | B46: cont.. | E46: Edwards | F46: Stoker | M46: Maegres | N46: Maegres | P46: Castellero | T46: Sanchez | V46: Painter | AC46: Robinson | AE46: Clay | AG46: 34 | AH46: NO DOGS
A47: 35 | B47: Waldron cont | H47: Svara-Maloney | L47: Gabe | AA47: Todd | AG47: 35
A48: 36 | D48: Sanderson | I48: Prewitt | U48: Goddard/Holes | AA48: Blackburn | AE48: Moore | AG48: 36 | AH48: colour codes
A49: 37 | C49: Andrews | G49: Ainsworth | M49: Hughes | R49: Owens/Hollings | V49: Utting | AA49: Burton | AE49: Banks | AF49: Dolagha | AG49: 37 | AH49: Off Peak
A50: 38 | B50: cont.. | E50: Elliott | F50: Taylor | G50: Shaw | M50: Crockett | O50: Ward | AA50: Pybus | AG50: 38 | AH50: Peak
A51: 39 | C51: Durham | E51: seitz | K51: Hill | N51: Simon | O51: Hounsley | P51: Butterfield | Q51: Morris | R51: Bale | AA51: Peacock | AE51: Kozera | AF51: Brimley | AG51: 39 | AH51: Motorhome
A52: 40 | C52: Padley | D52: Warrier | E52: Waldeyer | J52: Rouse | K52: Melrose | L52: Peskett | O52: Tomasso | W52: Jones | X52: Bollard | Y52: Spaven | AA52: White | AF52: Preece | AG52: 40 | AH52: Caravan
A53: 41 | C53: Clark | E53: Kruk | J53: Scott | K53: Parkin | M53: Irving | N53: Wathen | P53: Mosley | Q53: Ford | S53: Kraus | U53: Readdington | V53: Fuller | Z53: Nelson | AB53: Mann | AE53: Sharland | AF53: Samman | AG53: 41 | AH53: Camper van
A54: Late arrival bay | Q54: Hatfield email | R54: Parker | S54: Kraus | W54: Holland | AD54: Wathen - do not move | AH54: RV
B55: Mon | C55: Tue | D55: Wed | E55: Thu | F55: Fri | G55: Sat | H55: Sun | I55: Mon | J55: Tue | K55: Wed | L55: Thu | M55: Fri | N55: Sat | O55: Sun | P55: Mon | Q55: Tue | R55: Wed | S55: Thu | T55: Fri | U55: Sat | V55: Sun | W55: Mon | X55: Tue | Y55: Wed | Z55: Thu | AA55: Fri | AB55: Sat | AC55: Sun | AD55: Mon | AE55: Tue | AF55: Wed | AH55: Tent
B56: 1 | C56: 2 | D56: 3 | E56: 4 | F56: 5 | G56: 6 | H56: 7 | I56: 8 | J56: 9 | K56: 10 | L56: 11 | M56: 12 | N56: 13 | O56: 14 | P56: 15 | Q56: 16 | R56: 17 | S56: 18 | T56: 19 | U56: 20 | V56: 21 | W56: 22 | X56: 23 | Y56: 24 | Z56: 25 | AA56: 26 | AB56: 27 | AC56: 28 | AD56: 29 | AE56: 30 | AF56: 31 | AH56: Trailer tent
A57: Paddock | AG57: Paddock | AH57: Seasonal pitch
A58: Camping with electric | G58: Newbrook | N58: Rudd | AB58: Walker cruise and stay | AG58: Camping with electric | AH58: late stay
A59: 7a | B59: Coyne | F59: Symmonds | G59: Newbrook | H59: Weber | N59: Hawthorn - do not move | X59: Buisson | Z59: Kent | AA59: do to move | AD59: Schuiz 8m | AG59: 7a | AH59: Poss Extra nights
A60: 8a | B60: cont.. | F60: O'Regan | H60: Bridgeman - S770 UVR | N60: Milner | P60: Bridgeman - S770 UVR | W60: Hutchinson | AA60: Kent/Heward | AD60: Schuiz 4m | AG60: 8a | AH60: Not in use
A61: 9a | B61: Stoetinga cont… | M61: Cook | Q61: Shields | T61: BROOKSHAW | X61: Sanjib | Y61: Small | AA61: Buzzard - jump lead | AD61: Schuiz 4m | AG61: 9a | AH61: Not here
A62: 10a | B62: cont.. | F62: Dye | L62: Ryves | P62: Finchham | T62: Hamelyn | X62: Howells | AB62: Butterfield | AG62: 10a | AH62: Bank holiday
A63: 11a | B63: Tunnicliffe | G63: Rys | N63: Grundman | P63: Martins | U63: Leah | V63: Mirce | AA63: Davies/Cummings | AD63: Deans | AG63: 11a | AH63: Non arrival
A64: 12a | F64: Fry | J64: Rees | N64: Ilyas | R64: Pieratini | W64: Hodge | AA64: Davies | AD64: Harris | AG64: 12a | AH64: Cancelled
A65: 13a | F65: Nathan Street | M65: Randall | Q65: Collins | AA65: Davies/Reeve | AG65: 13a | AH65: Hard Standing
A66: 14a | B66: comnmons cont.. | F66: Kobler | H66: Moore | N66: Holtrup | R66: De Vries | AA66: Pickett | AG66: 14a
B67: Hall | AA67: Pickett / Tomlinson | AG67: 15a | AH67: NO ELECTRIC
B68: Taylor cont… | H68: Hailes | T68: Lounton
A69: Behind Barn | T69: Longmuir | AA69: Johnson | AE69: Hill
A70: STORM | B70: Theakery | I70: McMackin | P70: Theakery | W70: Theakery | AF70: MacMackin | AG70: STORM
A71: ABI | B71: Roberts & Rogers - HV15 KPY | K71: Rogers | S71: Moore | AG71: ABI
A72: COMPASS | C72: Anderson | AG72: COMPASS
A73: 4b | B73: Shaun Hardman | I73: Hardman £154 paid | P73: Hardman £154 paid | W73: Hardman | AD73: Hardman | AG73: 4b
A74: 5b | B74: Foster | I74: Foster £154 paid on 11.8 | P74: Foster | W74: Foster | AG74: 5b
A75: 6b | B75: Ratchford | G75: Nash | H75: Hogg | I75: seem to be some sort of cult | AA75: Roberts | AG75: 6b
A76: 7b NO LX | J76: Martin | AB76: Payne | AG76: 7b NO LX
AA77: Hadley
A78: Cruise and Stay | W78: Lakeman | AG78: Cruise and Stay
V79: Green | AA79: Power
B80: Walker cont cruise and stay | AA80: Allen
AA81: Allen
A82: Pitch | B82: Mon | C82: Tue | D82: Wed | E82: Thu | F82: Fri | G82: Sat | H82: Sun | I82: Mon | J82: Tue | K82: Wed | L82: Thu | M82: Fri | N82: Sat | O82: Sun | P82: Mon | Q82: Tue | R82: Wed | S82: Thu | T82: Fri | U82: Sat | V82: Sun | W82: Mon | X82: Tue | Y82: Wed | Z82: Thu | AA82: Fri | AB82: Sat | AC82: Sun | AD82: Mon | AE82: Tue | AF82: Wed | AG82: Pitch
A83: No. | B83: 1 | C83: 2 | D83: 3 | E83: 4 | F83: 5 | G83: 6 | H83: 7 | I83: 8 | J83: 9 | K83: 10 | L83: 11 | M83: 12 | N83: 13 | O83: 14 | P83: 15 | Q83: 16 | R83: 17 | S83: 18 | T83: 19 | U83: 20 | V83: 21 | W83: 22 | X83: 23 | Y83: 24 | Z83: 25 | AA83: 26 | AB83: 27 | AC83: 28 | AD83: 29 | AE83: 30 | AF83: 31 | AG83: No.
A84: 43 | B84: Thompson | C84: Nyssen | E84: Foster | G84: Callahan | I84: Shears | K84: Berchot | M84: Daniela | O84: Hedger | Q84: Budd | T84: Riddle | U84: De-Wan | W84: Hardie | AG84: =A84 -> 43 | AH84: Off Peak
A85: 44 | C85: Jagger | E85: Bottomley | H85: Perks | P85: Jarman | T85: Hobbs | U85: Patterson | Y85: Goodsill | AA85: Piggott | AG85: =A85 -> 44 | AH85: Peak
A86: 45 | B86: O'shea | G86: Hickman | H86: Wallis | R86: Harper | U86: Wingar | W86: Ritcher | X86: Van den Nieuwendijk | Y86: Tromp | AD86: Southern | AG86: =A86 -> 45 | AH86: Motorhome
A87: 46 | B87: O'shea | I87: McQuillan | K87: Bremer | M87: Klien | Q87: Dryden | W87: Daunay | AB87: Lander | AG87: =A87 -> 46 | AH87: Caravan
A88: 47 | B88: cont.. | D88: Meckelburg | F88: Wilgus | I88: Henly | N88: Carrington | O88: Newlook | Q88: Dolman | T88: Sharpe | AA88: Gough | AG88: =A88 -> 47 | AH88: Camper van
A89: 48 | B89: Smith | F89: Lewis | I89: Woodford | L89: Banister | Q89: Carter | AA89: Wallace | AG89: =A89 -> 48 | AH89: RV
A90: 49 | G90: James | I90: Smith | M90: Robson | O90: McBride | AA90: Crampin | AG90: =A90 -> 49 | AH90: Tent
A91: 50 | G91: Webster | I91: Macguire | AG91: =A91 -> 50 | AH91: Trailer tent
A92: 51 | B92: Gouhier | D92: Ellis | K92: Gordon | AA92: Bentley | AG92: =A92 -> 51 | AH92: Seasonal pitch
A93: 52 | B93: Dermmdoeere | D93: ellis | M93: Doidge | U93: Ferris | AA93: Longmuir | AG93: =A93 -> 52 | AH93: late stay
A94: 53 | M94: Newby | AA94: Martin | AG94: =A94 -> 53 | AH94: Poss Extra nights
A95: 54 | M95: Dyer | N95: Pringle | AA95: Compton | AG95: =A95 -> 54 | AH95: Hard Standing
A96: 55 | N96: Stonys | AB96: Moores | AG96: =A96 -> 55 | AH96: Not in use
M97: Fitzgerald | AH97: Not here
AH98: Bank holiday
AB99: Monica | AH99: Non arrival
A100: N | N100: Buttenborg | AA100: Jones | AC100: Tomasso | AG100: N | AH100: Cancelled
...

Sheet Sep 2016
A1: back up 30 Sep @ 1745
B2: PEAK | F2: ACSI | G2: ACSI | H2: ACSI | I2: ACSI | Q2: 32 | R2: 15 | W2: no acsi until 26th | AA2: ACSI | AB2: ACSI | AC2: ACSI | AD2: ACSI | AE2: ACSI
A3: Pitch | B3: Thu | C3: Fri | D3: Sat | E3: Sun | F3: Mon | G3: Tue | H3: Wed | I3: Thu | J3: Fri | K3: Sat | L3: Sun | M3: Mon | N3: Tue | O3: Wed | P3: Thu | Q3: Fri | R3: Sat | S3: Sun | T3: Mon | U3: Tue | V3: Wed | W3: Thu | X3: Fri | Y3: Sat | Z3: Sun | AA3: Mon | AB3: Tue | AC3: Wed | AD3: Thu | AE3: Fri | AF3: Pitch
A4: No. | B4: 1 | C4: 2 | D4: 3 | E4: 4 | F4: 5 | G4: 6 | H4: 7 | I4: 8 | J4: 9 | K4: 10 | L4: 11 | M4: 12 | N4: 13 | O4: 14 | P4: 15 | Q4: 16 | R4: 17 | S4: 18 | T4: 19 | U4: 20 | V4: 21 | W4: 22 | X4: 23 | Y4: 24 | Z4: 25 | AA4: 26 | AB4: 27 | AC4: 28 | AD4: 29 | AE4: 30 | AF4: No.
A5: 1 | H5: Taylor | L5: Williams | V5: wk wi fi | AA5: ACSI | AF5: 1
A6: 2 | H6: Jebson | P6: James Burt | AF6: 2
A7: 3a | P7: Price | Q7: Hobbs | R7: Pinkney | X7: Kember | AF7: 3a | AG7: Not here
A8: 3 | H8: Stone | K8: Wilcox | P8: Woods | W8: Waller | X8: Hilmi | AA8: Moore | AF8: 3
A9: 4 | B9: cont.. | L9: Lawrence | S9: Lewis | W9: Gbruek | AF9: 4 | AG9: Tent
A10: 4a | P10: McCausland | AF10: 4a
A11: 5 | I11: Bates | L11: Marshall | P11: Reeder | R11: Knight | T11: Lillywhite | V11: Lawrence | X11: Bissell | AF11: 5 | AG11: Trailer tent
A12: 6 | B12: Morgan | H12: Emmett | J12: 2 visitors | P12: Quincey | Q12: Steed | U12: Weallans | W12: Daniel | X12: Sexton | AF12: 6 | AG12: Folding caravan
A13: 7 | J13: Nichols | Q13: Korczakowski | V13: Hardy | AF13: 7 | AG13: Caravan
A14: 8 | B14: Lorraine cont | C14: Brown | H14: Hurcombe | O14: Williams | Q14: Rogerson | T14: Whitfield - do not move | AF14: 8 | AG14: Camper van
A15: 9 | B15: Harris cont | F15: Sibylle | G15: veitterlin | J15: Switzer | O15: Sinclair | P15: Peake | V15: Bradley | Y15: Jackson | Z15: Ridley | AE15: Sutherland | AF15: 9 | AG15: Motorhome
A16: 10 | C16: Friessard | G16: Cox | O16: Smith | R16: Evason | V16: Davis | Y16: Griffin | AB16: Palmer | AF16: 10 | AG16: RV
A17: 11 | C17: Netherway | F17: Pritchard | K17: Lawrence | P17: Whitehouse | Z17: Turton | AF17: 11 | AG17: Free night
A18: 12 | E18: Keeley | M18: Dallimore | O18: Couzens | P18: Frost wife here Fri night may come back next wk end | AB18: Webb | AF18: 12 | AG18: Poss Extra / late stay
A19: 13 | C19: Hook | K19: Devtzer | L19: Howard | O19: McCurdy | AF19: 13 | AG19: Hard Standing
A20: 14 | C20: Smith | G20: Bryant | J20: Panetta | K20: Murch | M20: Watson | P20: Sido - wants hard standing | T20: Balmer | W20: Smeel | AF20: 14 | AG20: Not in use
A21: 15 | AF21: 15 | AG21: Off Peak
A22: 16 | H22: Withers | Q22: Rimmer | W22: Minter | AF22: 16 | AG22: Bank holiday
A23: 16a | M23: Martin | R23: Tuckett | X23: Jones | AF23: 16a | AG23: Peak
A24: 17 | P24: Griffiths | W24: Hanton | AF24: 17 | AG24: Seasonal pitch
A25: 17a | P25: early | Q25: Moore | X25: O'Leary | AF25: 17a | AG25: Non arrival
A26: 18 | G26: BanNister | J26: Collett | M26: Hansford | W26: Collins | AF26: 18 | AG26: Refund
A27: 18a | B27: NO ELECTRIC | N27: Terry | AC27: no electic | AF27: 18a | AG27: Cancelled
A28: 19 | B28: Forsyth | D28: Gilbert | M28: Green | V28: Schamp | W28: cossey | AA28: Raymond | AE28: McGuinness | AF28: 19 | AG28: late stay
A29: 20 | B29: Farrell | H29: Furnish | I29: Bowater | K29: Ley | M29: Howarth | Q29: Lea | R29: Hargreaves | W29: Schamp | X29: Grice | AB29: Jones | AD29: Swane | AE29: Richards | AF29: 20
A30: 21 | B30: cont.. | C30: Clarke | M30: Welland | P30: Welland | R30: Harrop | V30: Jones | W30: Pietrzykowski | AA30: Rapp | AB30: Mintern | AF30: 21 | AG30: =ALERTS!E42 -> 0
A31: 22 | B31: Jarrett | H31: North | M31: Haven | P31: Coles | AF31: 22 | AG31: =ALERTS!E43 -> 0
A32: Pitch | B32: Thu | C32: Fri | D32: Sat | E32: Sun | F32: Mon | G32: Tue | H32: Wed | I32: Thu | J32: Fri | K32: Sat | L32: Sun | M32: Mon | N32: Tue | O32: Wed | P32: Thu | Q32: Fri | R32: Sat | S32: Sun | T32: Mon | U32: Tue | V32: Wed | W32: Thu | X32: Fri | Y32: Sat | Z32: Sun | AA32: Mon | AB32: Tue | AC32: Wed | AD32: Thu | AE32: Fri | AF32: Pitch | AG32: =ALERTS!E44 -> 0
A33: No. | B33: 1 | C33: 2 | D33: 3 | E33: 4 | F33: 5 | G33: 6 | H33: 7 | I33: 8 | J33: 9 | K33: 10 | L33: 11 | M33: 12 | N33: 13 | O33: 14 | P33: 15 | Q33: 16 | R33: 17 | S33: 18 | T33: 19 | U33: 20 | V33: 21 | W33: 22 | X33: 23 | Y33: 24 | Z33: 25 | AA33: 26 | AB33: 27 | AC33: 28 | AD33: 29 | AE33: 30 | AF33: No.
A34: 23 | Q34: Shield/Ward | Y34: Parsons | AC34: Irwin | AF34: 23
A35: 23a | O35: Nichols | AA35: Burgess - Craig | AF35: 23a | AG35: TODAY IS
A36: 24 | B36: Riley | C36: 1 | J36: 2 | Q36: 3 | X36: 4 | Y36: Dan Riley | AE36: 1 | AF36: 24 | AG36: =TODAY() -> 42702
A37: 25 | B37: Stark | E37: Ian | K37: 1 | Q37: Morgan | S37: Williams | AA37: Vacher | AF37: 25
A38: 26 | B38: Coles | G38: Coles due from here | M38: 1 | T38: 2 | AA38: 3 | AF38: 26
A39: 27 | H39: Ratmik | Q39: Damien | W39: 2 | AA39: Damien | AF39: 27
A40: 28 | B40: Vagg cont.. | D40: Vagg cont.. | G40: Vallance | M40: Coombes | N40: Baigent | Q40: Griffiths | S40: Hyde | U40: Hold | W40: Bellingham | X40: Carrie-Ann | AA40: Balmer | AC40: candy | AF40: 28
A41: 29 | C41: Hutchison | D41: Barrington | G41: Parfitt | I41: Jones | K41: Rezemger | L41: Allen | M41: Wilson | Q41: Browne | T41: Simmons | W41: Booth | Y41: Embleton | AA41: davies | AB41: Conway | AD41: Ridley | AF41: 29 | AG41: NO DOGS
A42: 30 | C42: Roberts | D42: Holt | F42: Richardson | L42: Meredith | M42: Balmer | P42: Moffett | Q42: Gozna | T42: Porter | AE42: Marshall | AF42: 30 | AG42: NO DOGS
A43: 31 | B43: Stuart | Q43: Bob Stuart to pay | AF43: 31 | AG43: NO DOGS
A44: 32 | B44: Cont…. | C44: Abraham | H44: Wagner | M44: Sinclair | O44: Robin Paskins - do not move | U44: 1 | AB44: 2 | AF44: 32 | AG44: NO DOGS
A45: 33 | F45: Scoble | J45: Hook wi fi | P45: Carroll | W45: Stark | X45: Dunlop | AA45: Athurtun | AD45: Nevin | AF45: 33 | AG45: NO DOGS
A46: 34 | B46: Clay cont | F46: Mortimer | M46: Marshall | Q46: Stoker | W46: Hadley | Y46: Jill | AD46: Walker | AF46: 34 | AG46: NO DOGS
A47: 35 | B47: Todd cont.. | Q47: Pewzey | U47: Pyne | X47: Fawcett | AF47: 35
A48: 36 | B48: Moore cont.. | Q48: Dalton | Y48: Layfield | AF48: 36
A49: 37 | C49: Lyon | O49: Rought | R49: Howden | T49: Perry | X49: Spence | AF49: 37
A50: 38 | H50: Randell | L50: Pallett | O50: Wingfield | P50: Sido | AF50: 38
A51: 39 | F51: Skeer | N51: Powell | T51: Schrouder | AE51: Wildash | AF51: 39
A52: 40 | D52: Dallamore | E52: Crowson | H52: Churchill | L52: Kelly | M52: Conder | O52: Pritchard | Q52: Stanley | S52: Woods | T52: Spicer | W52: Penfold | AE52: Wildash/Stockdale | AF52: 40
A53: 41 | F53: Smith | M53: ten Broeke | W53: Ife | AE53: Wildash/Russon | AF53: 41
A54: Late arrival bay | B54: Lane | C54: farrell | V54: Sharland | AC54: ` | AF54: Late arrival bay
B55: Thu | C55: Fri | D55: Sat | E55: Sun | F55: Mon | G55: Tue | H55: Wed | I55: Thu | J55: Fri | K55: Sat | L55: Sun | M55: Mon | N55: Tue | O55: Wed | P55: Thu | Q55: Fri | R55: Sat | S55: Sun | T55: Mon | U55: Tue | V55: Wed | W55: Thu | X55: Fri | Y55: Sat | Z55: Sun | AA55: Mon | AB55: Tue | AC55: Wed | AD55: Thu | AE55: Fri
B56: 1 | C56: 2 | D56: 3 | E56: 4 | F56: 5 | G56: 6 | H56: 7 | I56: 8 | J56: 9 | K56: 10 | L56: 11 | M56: 12 | N56: 13 | O56: 14 | P56: 15 | Q56: 16 | R56: 17 | S56: 18 | T56: 19 | U56: 20 | V56: 21 | W56: 22 | X56: 23 | Y56: 24 | Z56: 25 | AA56: 26 | AB56: 27 | AC56: 28 | AD56: 29 | AE56: 30
A57: Paddock | E57: Palmer | N57: Downing | AE57: Walker cruise and stay | AF57: Paddock
F58: K. Wassall | O58: Chuwen | AF58: Camping with electric
A59: 7a | D59: Blandford | K59: Travess | O59: Chuwen | AF59: 7a
A60: 8a | C60: Rowland | F60: Compton | J60: Collins with Tolley | O60: Kinder - keep an eye out for extra persons | AF60: 8a
A61: 9a | D61: Speagle | J61: Tolley with Collins | P61: Willis | T61: Jones | X61: Hawkins | AF61: 9a
A62: 10a | C62: Bird | Q62: Munday | X62: Bunker | AF62: 10a
A63: 11a | Q63: Jones | X63: Fry | AF63: 11a
A64: 12a | N64: Hammond | X64: Franken | AF64: 12a
A65: 13a | C65: Gentry | O65: Roberts - requested these pitches for quietness | AF65: 13a
A66: 14a | C66: Gentry / Cummings | O66: Roberts - requested these pitches for quietness | AF66: 14a
A67: 15a | AF67: 15a | AG67: no elec
A68: electric from the barn | Q68: Yadle | R68: Hole
A69: Behind Barn | S69: Helicoper | U69: Helicoper | V69: Jebson | W69: Sido | AF69: Behind barn
A70: STORM | B70: MacMackin | F70: Mick | L70: McMackin | U70: McMackin | AC70: McMackin | AF70: STORM
A71: ABI | AF71: ABI
A72: COMPASS | T72: Green | AF72: COMPASS
A73: 4b | B73: Shaun Hardman | AA73: Hardman | AF73: 4b
A74: 5b | AF74: 5b
A75: 6b | F75: Brown | J75: cruise and stay | R75: Brown | AF75: 6b
A76: 7b | P76: Wilson | AF76: 7b - NO Elec
A77: 8b | P77: IBTCH LTD | AA77: Davies | AF77: 8b
P78: IBTCH LTD
A79: Pitch | B79: Thu | C79: Fri | D79: Sat | E79: Sun | F79: Mon | G79: Tue | H79: Wed | I79: Thu | J79: Fri | K79: Sat | L79: Sun | M79: Mon | N79: Tue | O79: Wed | P79: Thu | Q79: Fri | R79: Sat | S79: Sun | T79: Mon | U79: Tue | V79: Wed | W79: Thu | X79: Fri | Y79: Sat | Z79: Sun | AA79: Mon | AB79: Tue | AC79: Wed | AD79: Thu | AE79: Fri | AF79: Pitch
A80: No. | B80: 1 | C80: 2 | D80: 3 | E80: 4 | F80: 5 | G80: 6 | H80: 7 | I80: 8 | J80: 9 | K80: 10 | L80: 11 | M80: 12 | N80: 13 | O80: 14 | P80: 15 | Q80: 16 | R80: 17 | S80: 18 | T80: 19 | U80: 20 | V80: 21 | W80: 22 | X80: 23 | Y80: 24 | Z80: 25 | AA80: 26 | AB80: 27 | AC80: 28 | AD80: 29 | AE80: 30 | AF80: No. | AG80: colour codes
A81: Cruise and Stay | B81: Walker cont | G81: Brown store cruise and stay | AF81: Cruise and Stay
O82: Jebson - away on cruise - need to move it off the pitch | W82: Swarbrick | AG82: Off Peak
B83: Wilkinson | J83: Foreman - Pls do not move, BB4 req plot 30 | Q83: Dicastiglilne | T83: Piganeau | AG83: Peak
A84: 43 | K84: Robertson | S84: Wells | T84: Gabrielle | X84: Bruce | AB84: Conor | AF84: =A84 -> 43 | AG84: Motorhome
A85: 44 | C85: Gorman | K85: Parson | O85: Goodsill | P85: Swift | AF85: =A85 -> 44 | AG85: Caravan
A86: 45 | B86: Headon | D86: Peel | K86: Knowles | L86: Smith | Q86: Rose | T86: Hamilton | V86: Morris | X86: Holmes | AC86: Reeves | AF86: =A86 -> 45 | AG86: Camper van
A87: 46 | D87: Helm | K87: Clutterbuck | P87: Gordon Hunter | V87: Nichols | X87: Paterson | Y87: Lofthouse | AF87: =A87 -> 46 | AG87: RV
A88: 47 | B88: Beckford | L88: Terry | Q88: Rye | T88: Lewis | V88: Smith | X88: Paterson | AF88: =A88 -> 47 | AG88: Tent
A89: 48 | B89: Denyer | O89: Oliver | Q89: Griffin | V89: Lee | Y89: Hunt | AF89: =A89 -> 48 | AG89: Trailer tent
A90: 49 | G90: Schmidt | M90: Gabrielle | Q90: Clark | X90: Wood | AF90: =A90 -> 49 | AG90: Seasonal pitch
A91: 50 | Q91: Harrop | R91: Norman | X91: West | AF91: =A91 -> 50 | AG91: late stay
A92: 51 | C92: Dear | Q92: Hainsworth | Y92: Spencer | AF92: =A92 -> 51 | AG92: Poss Extra nights
A93: 52 | Q93: Sansom | Y93: Mihai | AF93: =A93 -> 52 | AG93: Hard Standing
A94: 53 | P94: Bradford-Viles - left package in reception | AF94: =A94 -> 53 | AG94: Not in use
A95: 54 | AF95: =A95 -> 54 | AG95: Not here
A96: 55 | Q96: Williams | AF96: =A96 -> 55 | AG96: Bank holiday
R97: Franklyn | AG97: Non arrival
P98: Corbett | R98: Parfitt | AG98: Cancelled
Q99: Iveson
P100: Zdenek | Q100: Walker | R100: Ross
...

Sheet Oct 2016
A1: BACK-UP 31 Oct @ 1610
M2: OFF PEAK | O2: 50th | Q2: TRAIN 60th | S2: meeting | X2: HALF TERM
A3: Pitch | B3: Sat | C3: Sun | D3: Mon | E3: Tue | F3: Wed | G3: Thu | H3: Fri | I3: Sat | J3: Sun | K3: Mon | L3: Tue | M3: Wed | N3: Thu | O3: Fri | P3: Sat | Q3: Sun | R3: Mon | S3: Tue | T3: Wed | U3: Thu | V3: Fri | W3: Sat | X3: Sun | Y3: Mon | Z3: Tue | AA3: Wed | AB3: Thu | AC3: Fri | AD3: Sat | AE3: Sun | AF3: Mon | AG3: Pitch
A4: No. | B4: 1 | C4: 2 | D4: 3 | E4: 4 | F4: 5 | G4: 6 | H4: 7 | I4: 8 | J4: 9 | K4: 10 | L4: 11 | M4: 12 | N4: 13 | O4: 14 | P4: 15 | Q4: 16 | R4: 17 | S4: 18 | T4: 19 | U4: 20 | V4: 21 | W4: 22 | X4: 23 | Y4: 24 | Z4: 25 | AA4: 26 | AB4: 27 | AC4: 28 | AD4: 29 | AE4: 30 | AF4: 31 | AG4: No.
A5: 1 | B5: cont.. | K5: Raikes DNM Disabled | M5: Day | V5: Taylor | AA5: Digby | AC5: Salter | AD5: Gilroy | AG5: 1
A6: 2 | U6: Corbridge - pd £50 dep - 2478 | AA6: 1 | AG6: 2 | AH6: Not here
A7: 3 | V7: Gilman | W7: Collis | X7: Griffiths | AC7: Newman | AG7: 3 | AH7: Tent
A8: 4 | H8: St John | V8: Breed | Z8: Thomas | AG8: 4 | AH8: Trailer tent
A9: 5 | I9: Baute | V9: Martin | AF9: Martin | AG9: 5 | AH9: Folding caravan
A10: 6 | N10: Hill | V10: Kelly | AA10: Darby | AB10: Mayle | AE10: Box | AG10: 6 | AH10: Caravan
A11: 7 | H11: Wakeham | I11: Glynn | O11: Hill | W11: Felphs | AE11: Searle | AG11: 7 | AH11: Camper van
A12: 8 | B12: Waldon | G12: Box | O12: Walker | Q12: Oxlade | U12: King | Y12: Kenning | AC12: Mills | AG12: 8 | AH12: Motorhome
A13: 9 | D13: Bond | K13: Darby | N13: Dart | Q13: Travis | T13: Darby | V13: M. Blackmore | Y13: Searle | AA13: Boneham | AB13: Last | AC13: King | AE13: Bowles | AG13: 9 | AH13: RV
A14: 10 | B14: Strobey | H14: Beardsley | K14: Price | O14: Barton | S14: Rimmer | U14: Bateson | Y14: Perrin | Z14: Hartley | AE14: Jordana | AG14: 10 | AH14: Free night
A15: 11 | B15: Turton | H15: Andy | N15: 1 | O15: Turton | U15: 2 | V15: Andy | AB15: 3 | AG15: 11 | AH15: Poss Extra / late stay
A16: 12 | B16: cont.. | P16: Hearndon | AG16: 12 | AH16: Hard Standing
A17: 13 | R17: Argent | V17: Morgan | Z17: Price | AA17: Carrott | AC17: Hammond | AG17: 13 | AH17: Not in use
A18: 14 | B18: Step ney | K18: Williams - store caravan from 29 Nov | Q18: 1 | X18: 2 | AD18: Collier | AE18: Soul | AG18: 14 | AH18: Off Peak
A19: 15 | AG19: 15 | AH19: Bank holiday
A20: 16 | Z20: Rooij | AB20: Kirt | AG20: 16 | AH20: Peak
A21: 16a | AG21: 16a | AH21: Seasonal pitch
A22: 17 | O22: Mrs Broome | T22: Medhurst | AG22: 17 | AH22: Non arrival
A23: 17a | AG23: 17a | AH23: Refund
A24: 18 | AG24: 18 | AH24: Cancelled
A25: 18a | V25: Issacs- do not move with Lagoda | AG25: 18a | AH25: late stay
A26: 19 | B26: cont.. | C26: Gould | E26: Dietriche | I26: Stone | L26: Kinsella | V26: Newey | AB26: 1 | AG26: 19
A27: 20 | E27: Candy | J27: Griffiths | N27: Fletcher | P27: Anderson | R27: Dennis | U27: Marie George - pls don't move | AB27: Rocka | AE27: Watters | AG27: 20 | AH27: =ALERTS!E45 -> 0
A28: 21 | B28: Minton cont… | G28: Randel | K28: Candy | Q28: Lee | V28: Peter Lagoda - PLs don't move | Z28: Page | AA28: Jeffs | AC28: Stoker | AG28: 21 | AH28: =ALERTS!E46 -> 0
A29: 22 | J29: North | M29: Davis | R29: S. Palin | AD29: Stearns | AG29: 22 | AH29: =ALERTS!E47 -> 0
A30: Pitch | B30: Sat | C30: Sun | D30: Mon | E30: Tue | F30: Wed | G30: Thu | H30: Fri | I30: Sat | J30: Sun | K30: Mon | L30: Tue | M30: Wed | N30: Thu | O30: Fri | P30: Sat | Q30: Sun | R30: Mon | S30: Tue | T30: Wed | U30: Thu | V30: Fri | W30: Sat | X30: Sun | Y30: Mon | Z30: Tue | AA30: Wed | AB30: Thu | AC30: Fri | AD30: Sat | AE30: Sun | AF30: Mon | AG30: Pitch
A31: No. | B31: 1 | C31: 2 | D31: 3 | E31: 4 | F31: 5 | G31: 6 | H31: 7 | I31: 8 | J31: 9 | K31: 10 | L31: 11 | M31: 12 | N31: 13 | O31: 14 | P31: 15 | Q31: 16 | R31: 17 | S31: 18 | T31: 19 | U31: 20 | V31: 21 | W31: 22 | X31: 23 | Y31: 24 | Z31: 25 | AA31: 26 | AB31: 27 | AC31: 28 | AD31: 29 | AE31: 30 | AF31: 31 | AG31: No.
A32: 23 | B32: cont.. | P32: Jenkins | V32: 1 | W32: Jenkins | AC32: 2 | AD32: pd | AG32: 23
A33: 23a | B33: Craig Burgess cont.. | J33: 2 | K33: back pd on 12th | Q33: 3 | X33: 4 | Y33: pd | AE33: 1 | AG33: 23a
A34: 24 | B34: Dan Riley cont.. | H34: 2 | O34: 3 | V34: 4 | W34: pd on 1st Nov | AC34: 1 | AG34: 24 | AH34: TODAY IS
A35: 25 | B35: Vacher cont… | J35: 2 | Q35: 3 | X35: 4 | AE35: 1 | AG35: 25 | AH35: =TODAY() -> 42702
A36: 26 | B36: Coles | D36: 4 | E36: pd from 4 oct to 31st | K36: 1 | R36: 2 | Y36: 3 | AF36: 4 | AG36: 26
A37: 27 | B37: cont.. | D37: Ratmik | K37: Damian | Q37: 1 | R37: Damian | X37: 2 | AE37: 3 | AF37: £132 due | AG37: 27
A38: 28 | B38: Gray | C38: Egleton | E38: Balmer | O38: Carrie-Ann | T38: Lee - do not move req pl 28 | Z38: 1 | AA38: 2nd wk now | AG38: 28
A39: 29 | B39: Ridley cont… | H39: Ridley/Thomas | N39: 2 | T39: Ridley - | X39: pd | AB39: pd 2n | AD39: McBride | AG39: 29 | AH39: NO DOGS
A40: 30 | E40: Sylvester | K40: Balmer | M40: Jones | R40: Balmer | V40: Truman | Y40: Balmer | AA40: Thorne | AC40: Massingham | AF40: Stafford | AG40: 30 | AH40: NO DOGS
A41: 31 | B41: Bob Stuart cont.. | E41: pd from 4 to 31 Oct | AG41: 31 | AH41: NO DOGS
A42: 32 | B42: Robin Paskins cont… | AG42: 32 | AH42: NO DOGS
A43: 33 | B43: cont.. | C43: Derbyshire | I43: Wilks | J43: Honeybun | Q43: Williams- Fred | W43: 1 | AD43: 2 | AE43: pd | AG43: 33 | AH43: NO DOGS
A44: 34 | C44: Membery | H44: Fuller | N44: Rawlings | V44: Dodd | X44: Burton | AE44: Clews | AG44: 34 | AH44: NO DOGS
A45: 35 | X45: Bruins | AG45: 35
A46: 36 | V46: Hunt | AF46: Maybe | AG46: 36 | AH46: Off Peak
A47: 37 | W47: Alvarez | AC47: Blake | AG47: 37 | AH47: Peak
A48: 38 | W48: Shutts | AG48: 38 | AH48: Motorhome
A49: 39 | V49: Bills | W49: Kent | AC49: Elliott | AF49: Davies | AG49: 39 | AH49: Caravan
A50: 40 | C50: Cooper | AG50: 40 | AH50: Camper van
A51: 41 | AF51: Balmer | AG51: 41 | AH51: RV
A52: Late arrival bay | V52: Manning | AD52: Farren | AG52: Late arrival bay | AH52: Tent
A53: Pitch | B53: Sat | C53: Sun | D53: Mon | E53: Tue | F53: Wed | G53: Thu | H53: Fri | I53: Sat | J53: Sun | K53: Mon | L53: Tue | M53: Wed | N53: Thu | O53: Fri | P53: Sat | Q53: Sun | R53: Mon | S53: Tue | T53: Wed | U53: Thu | V53: Fri | W53: Sat | X53: Sun | Y53: Mon | Z53: Tue | AA53: Wed | AB53: Thu | AC53: Fri | AD53: Sat | AE53: Sun | AF53: Mon | AG53: Pitch | AH53: Trailer tent
A54: No. | B54: 1 | C54: 2 | D54: 3 | E54: 4 | F54: 5 | G54: 6 | H54: 7 | I54: 8 | J54: 9 | K54: 10 | L54: 11 | M54: 12 | N54: 13 | O54: 14 | P54: 15 | Q54: 16 | R54: 17 | S54: 18 | T54: 19 | U54: 20 | V54: 21 | W54: 22 | X54: 23 | Y54: 24 | Z54: 25 | AA54: 26 | AB54: 27 | AC54: 28 | AD54: 29 | AE54: 30 | AF54: 31 | AG54: No. | AH54: Seasonal pitch
A55: Paddock | B55: Walker cruise and stay | R55: Hutchison | U55: Lagdon | W55: Ledwith - cancelled 22 Aug | AB55: 3N CRUISE | AG55: Paddock | AH55: late stay
C56: Veal | Z56: Hill | AE56: Brown | AH56: Poss Extra nights
A57: 7a | W57: Golla | AA57: Gladman | AG57: 7a | AH57: Hard Standing
A58: 8a | V58: Pettit | Y58: Ratnik - he is on plot 27 with son Damian | AG58: 8a | AH58: Not in use
A59: 9a | V59: Goddard | AG59: 9a | AH59: Not here
A60: 10a | V60: Mears | AG60: 10a | AH60: Bank holiday
A61: 11a | AC61: Whatnough | AG61: 11a | AH61: Non arrival
A62: 12a | W62: Bailey - Peter | AG62: 12a | AH62: Cancelled
A63: 13a | W63: Bailey- Maria | AG63: 13a
A64: 14a | AD64: Davies | AG64: 14a
A66: STORM | D66: McMackin | K66: McMackin | R66: MacMackin | V66: Mick | Y66: MacMackin | AC66: pd | AF66: MacMackin | AG66: STORM
A67: ABI | AG67: ABI
A68: COMPASS | AG68: COMPASS
A69: 4b | B69: cont.. | D69: Hardman | AF69: Hardman £154 due | AG69: 4b
A70: 5b | D70: Foster | AF70: Foster | AG70: 5b
A71: 6b | AA71: Silson | AG71: 6b
A72: 7b | AG72: 7b
B73: Sat | C73: Sun | D73: Mon | E73: Tue | F73: Wed | G73: Thu | H73: Fri | I73: Sat | J73: Sun | K73: Mon | L73: Tue | M73: Wed | N73: Thu | O73: Fri | P73: Sat | Q73: Sun | R73: Mon | S73: Tue | T73: Wed | U73: Thu | V73: Fri | W73: Sat | X73: Sun | Y73: Mon | Z73: Tue | AA73: Wed | AB73: Thu | AC73: Fri | AD73: Sat | AE73: Sun | AF73: Mon | AG73: Pitch | AH73: colour codes
B74: 1 | C74: 2 | D74: 3 | E74: 4 | F74: 5 | G74: 6 | H74: 7 | I74: 8 | J74: 9 | K74: 10 | L74: 11 | M74: 12 | N74: 13 | O74: 14 | P74: 15 | Q74: 16 | R74: 17 | S74: 18 | T74: 19 | U74: 20 | V74: 21 | W74: 22 | X74: 23 | Y74: 24 | Z74: 25 | AA74: 26 | AB74: 27 | AC74: 28 | AD74: 29 | AE74: 30 | AF74: 31 | AH74: Off Peak
A75: 42 | AG75: =A75 -> 42 | AH75: Peak
A76: 43 | AG76: =A76 -> 43 | AH76: Motorhome
A77: 44 | AG77: =A77 -> 44 | AH77: Caravan
A78: 45 | AG78: =A78 -> 45 | AH78: Camper van
A79: 46 | AG79: =A79 -> 46 | AH79: RV
A80: 47 | AG80: =A80 -> 47 | AH80: Tent
A81: 48 | AG81: =A81 -> 48 | AH81: Trailer tent
A82: 49 | AG82: =A82 -> 49 | AH82: Seasonal pitch
A83: 50 | AG83: =A83 -> 50 | AH83: late stay
A84: 51 | AG84: =A84 -> 51 | AH84: Poss Extra nights
A85: 52 | AG85: =A85 -> 52 | AH85: Hard Standing
A86: 53 | AG86: =A86 -> 53 | AH86: Not in use
... A90: 57 | AG90: =A90 -> 57 | AH90: Cancelled
A91: 58 | AG91: =A91 -> 58
A93: N | AG93: N
A94: O | AG94: O
A95: N | AG95: N
A97: E | AG97: E
A98: L | AG98: L
A99: E | AG99: E
A100: C | AG100: C
A101: T | AG101: T
A102: R | AG102: R
A103: I | AG103: I
A104: C | AG104: C

Sheet Nov 2016
A1: BACK-UP 28 Nov @ 1220
D2: GERMANY | I2: OFF PEAK | M2: Prince Consort | S2: Wallers | T2: Ron's | Z2: VICTORIAS Festival
A3: Pitch | B3: Tue | C3: Wed | D3: Thu | E3: Fri | F3: Sat | G3: Sun | H3: Mon | I3: Tue | J3: Wed | K3: Thu | L3: Fri | M3: Sat | N3: Sun | O3: Mon | P3: Tue | Q3: Wed | R3: Thu | S3: Fri | T3: Sat | U3: Sun | V3: Mon | W3: Tue | X3: Wed | Y3: Thu | Z3: Fri | AA3: Sat | AB3: Sun | AC3: Mon | AD3: Tue | AE3: Wed | AF3: Pitch
A4: No. | B4: 1 | C4: 2 | D4: 3 | E4: 4 | F4: 5 | G4: 6 | H4: 7 | I4: 8 | J4: 9 | K4: 10 | L4: 11 | M4: 12 | N4: 13 | O4: 14 | P4: 15 | Q4: 16 | R4: 17 | S4: 18 | T4: 19 | U4: 20 | V4: 21 | W4: 22 | X4: 23 | Y4: 24 | Z4: 25 | AA4: 26 | AB4: 27 | AC4: 28 | AD4: 29 | AE4: 30 | AF4: No.
A5: 1 | C5: Caplin | G5: McKinnon | H5: Palmer | I5: really nice couple on way to spain | O5: Balmer | R5: Harding | U5: Corbridge | V5: Balmer | Z5: Sellen | AD5: Baker | AF5: 1
A6: 2 | B6: Corbridge cont.. | D6: Pd for 18 nights up to 20 Nov | J6: 1 | Q6: 2 | AA6: Hewitt | AF6: 2 | AG6: Not here
A7: 3 | B7: cont.. | G7: Clements | J7: Owen | N7: for parade | U7: Todd | Z7: Chatwin | AF7: 3 | AG7: Tent
A8: 4 | B8: Thomas cont.. | H8: 2wks | I8: pd | O8: 1 | V8: 2 | W8: pd 2 wks | AC8: 2 | AF8: 4 | AG8: Trailer tent
A9: 5 | B9: Dean Martin cont… | G9: 1 | N9: 2 | U9: 3 | AB9: 4 | AF9: 5 | AG9: Folding caravan
A10: 6 | B10: Box cont.. | I10: Susan Korczakowski. | S10: Powell | AF10: 6 | AG10: Caravan
A11: 7 | B11: Darby | C11: Hope | L11: Meiner | T11: Boyce | AA11: rock up | AF11: 7 | AG11: Camper van
A12: 8 | E12: Hood | G12: Allan | H12: Whitfield - do not move | P12: Robertson-Bryant | R12: Hale | S12: Setter - wi 4n | Y12: Batten | AB12: Jenkins | AD12: Tucker | AF12: 8 | AG12: Motorhome
A13: 9 | B13: Bowles cont.. | G13: Bowles cont… | P13: Chipperton | T13: Gillian | V13: Clarke | Z13: Billingham | AB13: Palmer | AF13: 9 | AG13: RV
A14: 10 | B14: Keglemann | F14: Brown | K14: Altham | S14: Smith | Z14: White | AF14: 10 | AG14: Free night
A15: 11 | B15: Turton Andy cont.. | D15: 4 | E15: Turton Andy | K15: 1 | L15: pd 17/11 | R15: 2 | Y15: 3 | AF15: 11 | AG15: Poss Extra / late stay
A16: 12 | C16: Livermore | E16: Ricks | L16: Anderson | P16: Woodcock | S16: Woodward | T16: Medhurst | Y16: Ward | AB16: Hopper | AF16: 12 | AG16: Hard Standing
A17: 13 | C17: Neary ??? | E17: Day | G17: Ashton | J17: Robinson | M17: Evans | S17: Scullion | U17: Liverserdge | AA17: Rampling | AC17: Susan Korczakowski. | AF17: 13 | AG17: Not in use
A18: 14 | D18: Hammond | F18: Loader | H18: Davies | L18: 2 | S18: 3 | Z18: 4 | AA18: pd | AF18: 14 | AG18: Off Peak
A19: 15 | AA19: O'Hara | AF19: 15 | AG19: Bank holiday
A20: 16 | K20: Norris | AA20: Twyman | AF20: 16 | AG20: Peak
A21: 16a | AF21: 16a | AG21: Seasonal pitch
A22: 17 | D22: Collins | Y22: Baker - on road 13a elec | AC22: 11:30am back | AF22: 17 | AG22: Non arrival
A23: 17a | AF23: 17a | AG23: Refund
A24: 18 | AF24: 18 | AG24: Cancelled
A25: 18a | Y25: Strutt/Smith | AF25: 18a | AG25: late stay
A26: 19 | C26: Butler | F26: Kennard | K26: Hill | S26: Hayden | U26: Hayland | Y26: Strutt/Swarbrick | AD26: McMahon | AF26: 19
A27: 20 | B27: Morrcroft | D27: Leach | E27: Page | H27: Roberts | K27: Jackson | S27: Mathias | U27: Buck | W27: Reney | Y27: Strutt - damaged bollard | AD27: Sainsbury | AF27: 20 | AG27: =ALERTS!E48 -> 0
A28: 21 | B28: Quinn | H28: 1 | O28: 2 | V28: 3 | AC28: 4 | AF28: 21 | AG28: =ALERTS!E49 -> 0
A29: 22 | B29: Sterns cont.. | D29: McGuiness | F29: James Thomson | I29: . | L29: 1 | S29: 2 | Z29: 3 | AF29: 22 | AG29: =ALERTS!E50 -> 0
A30: Pitch | B30: Tue | C30: Wed | D30: Thu | E30: Fri | F30: Sat | G30: Sun | H30: Mon | I30: Tue | J30: Wed | K30: Thu | L30: Fri | M30: Sat | N30: Sun | O30: Mon | P30: Tue | Q30: Wed | R30: Thu | S30: Fri | T30: Sat | U30: Sun | V30: Mon | W30: Tue | X30: Wed | Y30: Thu | Z30: Fri | AA30: Sat | AB30: Sun | AC30: Mon | AD30: Tue | AE30: Wed | AF30: Pitch
A31: No. | B31: 1 | C31: 2 | D31: 3 | E31: 4 | F31: 5 | G31: 6 | H31: 7 | I31: 8 | J31: 9 | K31: 10 | L31: 11 | M31: 12 | N31: 13 | O31: 14 | P31: 15 | Q31: 16 | R31: 17 | S31: 18 | T31: 19 | U31: 20 | V31: 21 | W31: 22 | X31: 23 | Y31: 24 | Z31: 25 | AA31: 26 | AB31: 27 | AC31: 28 | AD31: 29 | AE31: 30 | AF31: No.
A32: 23 | B32: Jenkins cont | E32: 1 | L32: 2 | M32: Pd | S32: 3 | Z32: 4 | AA32: pd on 28th | AF32: 23
A33: 23a | B33: Burgess | G33: Ruddell | J33: our camper van on here | Y33: Broomfield | AA33: Anderson | AD33: Longfoot | AF33: 23a | AG33: TODAY IS
A34: 24 | B34: Dan Riley cont.. | E34: 2 | S34: Wood | V34: ok for 2n refund £50 | Y34: 1 | AF34: 24 | AG34: =TODAY() -> 42702
A35: 25 | B35: Vacher cont.. | G35: 2 | N35: 3 | U35: 4 | V35: pd on 26 Nov | AB35: 1 | AF35: 25
A36: 26 | B36: Coles cont.. | H36: 1 | M36: Collins | N36: Sheard - hit gate post damaged post | Y36: 1 | Z36: £154 due up to 1 dec | AF36: 26
A37: 27 | B37: Ratmik | G37: 1 | N37: 2 | U37: 3 | V37: pd 2n | X37: pd 5nh | AB37: 4 | AF37: 27
A38: 28 | B38: cont.. | C38: Carrie-Ann | P38: Taylor | R38: Villis | T38: Johnson | W38: Villis | Z38: Rickard | AF38: 28
A39: 29 | B39: Stafford cont.. | O39: pd | V39: Pd | AC39: £154 due | AF39: 29 | AG39: NO DOGS
A40: 30 | C40: Ridley | I40: 1 | M40: Farren | P40: Searle | Z40: Gathern | AF40: 30 | AG40: NO DOGS
A41: 31 | B41: Bob Stuart cont.. | Y41: pd for 13 here 9n home | AF41: 31 | AG41: NO DOGS
A42: 32 | B42: Robin Paskins cont.. | H42: 1 | O42: 2 | V42: 3 | AF42: 32 | AG42: NO DOGS
A43: 33 | B43: Williams cont.. | F43: 3 | G43: pd | M43: 4 | N43: pd | T43: 5 | AA43: 6 | AB43: pd | AF43: 33 | AG43: NO DOGS
A44: 34 | B44: Clews cont.. | F44: 1 | M44: 2 | N44: pd | T44: 3 | U44: Pd | AA44: 4 | AF44: 34 | AG44: NO DOGS
A45: 35 | G45: Mason | AF45: 35
A46: 36 | B46: cont.. | AF46: 36 | AG46: Off Peak
A47: 37 | AF47: 37 | AG47: Peak
A48: 38 | C48: Hayes | T48: Barrow | AF48: 38
A49: 39 | B49: c ont.. | AF49: 39 | AG49: Motorhome
A50: 40 | C50: Lee | H50: Heaton | T50: Stevenson | AF50: 40 | AG50: Caravan
A51: 41 | C51: Jenkinson | H51: Balmer | L51: Doe | N51: Ira | T51: Parker | AD51: Cowley | AF51: 41 | AG51: Camper van
A52: Late arrival bay | K52: Barlow | Z52: Shapcott | AA52: Furniff | AG52: RV
A53: Pitch | B53: Tue | C53: Wed | D53: Thu | E53: Fri | F53: Sat | G53: Sun | H53: Mon | I53: Tue | J53: Wed | K53: Thu | L53: Fri | M53: Sat | N53: Sun | O53: Mon | P53: Tue | Q53: Wed | R53: Thu | S53: Fri | T53: Sat | U53: Sun | V53: Mon | W53: Tue | X53: Wed | Y53: Thu | Z53: Fri | AA53: Sat | AB53: Sun | AC53: Mon | AD53: Tue | AE53: Wed | AF53: Pitch | AG53: Tent
A54: No. | B54: 1 | C54: 2 | D54: 3 | E54: 4 | F54: 5 | G54: 6 | H54: 7 | I54: 8 | J54: 9 | K54: 10 | L54: 11 | M54: 12 | N54: 13 | O54: 14 | P54: 15 | Q54: 16 | R54: 17 | S54: 18 | T54: 19 | U54: 20 | V54: 21 | W54: 22 | X54: 23 | Y54: 24 | Z54: 25 | AA54: 26 | AB54: 27 | AC54: 28 | AD54: 29 | AE54: 30 | AF54: No. | AG54: Trailer tent
A55: Paddock | L55: Robertson-Bryant | W55: Hill | AA55: Buck | AF55: Paddock | AG55: Seasonal pitch
B56: Brown Cont…. | AD56: Williams - store caravan from 29 Nov | AG56: late stay
A57: 7a | AF57: 7a | AG57: Poss Extra nights
A58: 8a | B58: Ratnik - he is on plot 27 with son Damian | AF58: 8a | AG58: Hard Standing
A59: 9a | H59: E Elston | AF59: 9a | AG59: Not in use
A60: 10a | AF60: 10a | AG60: Not here
A61: 11a | AF61: 11a | AG61: Bank holiday
A62: 12a | AF62: 12a | AG62: Non arrival
A63: 13a | AF63: 13a | AG63: Cancelled
A64: 14a | E64: 1 | AF64: 14a
A66: STORM | B66: McMackin on holiday 2wks | C66: Dale Theakery? | D66: Mick | H66: Dale Theakery? | R66: Dale Theakery? | W66: Dale Theakery | AC66: McMackin | AF66: STORM
A67: ABI | AF67: ABI
A68: COMPASS | AF68: COMPASS
A69: 4b | B69: Hardman cont… | H69: pd | AF69: 4b
A70: 5b | B70: Foster cont… | AC70: Foster? | AF70: 5b
A71: 6b | B71: Price | AF71: 6b
A72: 7b NO LX | AF72: 7b
A74: Pitch | B74: Tue | C74: Wed | D74: Thu | E74: Fri | F74: Sat | G74: Sun | H74: Mon | I74: Tue | J74: Wed | K74: Thu | L74: Fri | M74: Sat | N74: Sun | O74: Mon | P74: Tue | Q74: Wed | R74: Thu | S74: Fri | T74: Sat | U74: Sun | V74: Mon | W74: Tue | X74: Wed | Y74: Thu | Z74: Fri | AA74: Sat | AB74: Sun | AC74: Mon | AD74: Tue | AE74: Wed | AF74: Pitch | AG74: colour codes
A75: No. | B75: 1 | C75: 2 | D75: 3 | E75: 4 | F75: 5 | G75: 6 | H75: 7 | I75: 8 | J75: 9 | K75: 10 | L75: 11 | M75: 12 | N75: 13 | O75: 14 | P75: 15 | Q75: 16 | R75: 17 | S75: 18 | T75: 19 | U75: 20 | V75: 21 | W75: 22 | X75: 23 | Y75: 24 | Z75: 25 | AA75: 26 | AB75: 27 | AC75: 28 | AD75: 29 | AE75: 30 | AF75: No. | AG75: Off Peak
AG76: Peak
A77: 42 | AF77: =A77 -> 42 | AG77: Motorhome
A78: 43 | AF78: =A78 -> 43 | AG78: Caravan
A79: 44 | AF79: =A79 -> 44 | AG79: Camper van
A80: 45 | AF80: =A80 -> 45 | AG80: RV
A81: 46 | AF81: =A81 -> 46 | AG81: Tent
A82: 47 | AF82: =A82 -> 47 | AG82: Trailer tent
A83: 48 | AF83: =A83 -> 48 | AG83: Seasonal pitch
A84: 49 | AF84: =A84 -> 49 | AG84: late stay
A85: 50 | AF85: =A85 -> 50 | AG85: Poss Extra nights
A86: 51 | AF86: =A86 -> 51 | AG86: Hard Standing
A87: 52 | AF87: =A87 -> 52 | AG87: Not in use
A88: 53 | AF88: =A88 -> 53 | AG88: Not here
... A91: 56 | AF91: =A91 -> 56 | AG91: Cancelled
A92: 57 | AF92: =A92 -> 57
A93: 58 | AF93: =A93 -> 58

Sheet Dec 2016
A1: BACK-UP RECORD HERE
I2: OFF PEAK | R2: OFF PEAK | Y2: P E A K | AD2: TUG
A3: Pitch | B3: Thu | C3: Fri | D3: Sat | E3: Sun | F3: Mon | G3: Tue | H3: Wed | I3: Thu | J3: Fri | K3: Sat | L3: Sun | M3: Mon | N3: Tue | O3: Wed | P3: Thu | Q3: Fri | R3: Sat | S3: Sun | T3: Mon | U3: Tue | V3: Wed | W3: Thu | X3: Fri | Y3: Sat | Z3: Sun | AA3: Mon | AB3: Tue | AC3: Wed | AD3: Thu | AE3: Fri | AF3: Sat | AG3: Pitch
A4: No. | B4: 1 | C4: 2 | D4: 3 | E4: 4 | F4: 5 | G4: 6 | H4: 7 | I4: 8 | J4: 9 | K4: 10 | L4: 11 | M4: 12 | N4: 13 | O4: 14 | P4: 15 | Q4: 16 | R4: 17 | S4: 18 | T4: 19 | U4: 20 | V4: 21 | W4: 22 | X4: 23 | Y4: 24 | Z4: 25 | AA4: 26 | AB4: 27 | AC4: 28 | AD4: 29 | AE4: 30 | AF4: 31 | AG4: No.
A5: 1 | C5: Hurrell | I5: Young | K5: Halsey | P5: Wrighton | AB5: ??? | AG5: 1
A6: 2 | AG6: 2 | AH6: Not here
A7: 3 | AG7: 3 | AH7: Tent
A8: 4 | B8: Thomas cont.. | AG8: 4 | AH8: Trailer tent
A9: 5 | E9: 5 | L9: 6 | S9: 7 | AG9: 5 | AH9: Folding caravan
A10: 6 | AG10: 6 | AH10: Caravan
A11: 7 | AG11: 7 | AH11: Camper van
A12: 8 | G12: Bye | AD12: Marshall | AG12: 8 | AH12: Motorhome
A13: 9 | B13: Palmer cont.. | D13: 1 | K13: 2 | L13: £154 wk | AG13: 9 | AH13: RV
A14: 10 | AG14: 10 | AH14: Free night
A15: 11 | B15: Andy Turton cont.. | C15: £300 due for 2wks | I15: 1 | P15: 2 | W15: 3 | AG15: 11 | AH15: Poss Extra / late stay
A16: 12 | B16: cont.. | AG16: 12 | AH16: Hard Standing
A17: 13 | P17: Pape | AG17: 13 | AH17: Not in use
A18: 14 | B18: Davies cont… | C18: 5 | J18: 6 | AG18: 14 | AH18: Off Peak
A19: 15 | S19: Booking taken for 16th March to go on 2017 booking sheet - Mr Ollerton | AG19: 15 | AH19: Bank holiday
A20: 16 | AG20: 16 | AH20: Peak
A21: 16a | S21: Booking taken for 31 March to go on 2017 bookings sheet - Mr Reeves | AG21: 16a | AH21: Seasonal pitch
A22: 17 | D22: Collins | AG22: 17 | AH22: Non arrival
A23: 17a | S23: Booking taken for 7 April to go on 2017 booking sheet - Mr Hill | AG23: 17a | AH23: Refund
A24: 18 | AG24: 18 | AH24: Cancelled
A25: 18a | S25: Booking taken for 9 Jan to go on 2017 - Mr Dent | AG25: 18a | AH25: late stay
A26: 19 | C26: Neary | F26: Reeves | Q26: Rose | AG26: 19
A27: 20 | F27: Tiplady | S27: Booking taken for 18 May to on 2017 - Mr Smith | AD27: Clark | AG27: 20 | AH27: =ALERTS!E51 -> 0
A28: 21 | B28: 17n | G28: 22n | I28: 6 | K28: Stocks | AG28: 21 | AH28: =ALERTS!E52 -> 0
A29: 22 | B29: Thomson cont.. | C29: 4 | J29: 5 | Q29: 6 | X29: Scammel | AD29: Pateman | AG29: 22 | AH29: =ALERTS!E53 -> 0
A30: Pitch | B30: Thu | C30: Fri | D30: Sat | E30: Sun | F30: Mon | G30: Tue | H30: Wed | I30: Thu | J30: Fri | K30: Sat | L30: Sun | M30: Mon | N30: Tue | O30: Wed | P30: Thu | Q30: Fri | R30: Sat | S30: Sun | T30: Mon | U30: Tue | V30: Wed | W30: Thu | X30: Fri | Y30: Sat | Z30: Sun | AA30: Mon | AB30: Tue | AC30: Wed | AD30: Thu | AE30: Fri | AF30: Sat | AG30: Pitch
A31: No. | B31: 1 | C31: 2 | D31: 3 | E31: 4 | F31: 5 | G31: 6 | H31: 7 | I31: 8 | J31: 9 | K31: 10 | L31: 11 | M31: 12 | N31: 13 | O31: 14 | P31: 15 | Q31: 16 | R31: 17 | S31: 18 | T31: 19 | U31: 20 | V31: 21 | W31: 22 | X31: 23 | Y31: 24 | Z31: 25 | AA31: 26 | AB31: 27 | AC31: 28 | AD31: 29 | AE31: 30 | AF31: 31 | AG31: No.
A32: 23 | B32: Jenkins cont.. | D32: £154 wk due | J32: 1 | Q32: 2 | X32: back 3 Jan | AG32: 23
A33: 23a | AG33: 23a
A34: 24 | AG34: 24 | AH34: TODAY IS
A35: 25 | B35: Vacher cont… | E35: 2 | L35: 3 | S35: 4 | AG35: 25 | AH35: =TODAY() -> 42702
A36: 26 | B36: Shreard cont.. | I36: 1 | P36: 2 | W36: 3 | AG36: 26
A37: 27 | B37: Ratmik | AG37: 27
A38: 28 | AD38: Cunnington | AG38: 28
A39: 29 | B39: Stafford cont… | AG39: 29 | AH39: NO DOGS
A40: 30 | E40: Liverserdge - will confirm | Q40: Weedon | AG40: 30 | AH40: NO DOGS
A41: 31 | B41: Bob Stuart cont.. | AG41: 31 | AH41: NO DOGS
A42: 32 | B42: Robin Paskins | AG42: 32 | AH42: NO DOGS
A43: 33 | B43: Williams cont.. | D43: 7 | K43: 8 | AG43: 33 | AH43: NO DOGS
A44: 34 | B44: Clews cont.. | D44: 5 | K44: 6 | R44: 7 | Y44: 8 | AG44: 34 | AH44: NO DOGS
A45: 35 | AG45: 35
A46: 36 | AG46: 36
A47: 37 | AG47: 37
A48: 38 | AG48: 38
A49: 39 | AG49: 39
A50: 40 | AG50: 40
A51: 41 | AG51: 41
A52: Late arrival bay | F52: Grundy
A53: Pitch | B53: Thu | C53: Fri | D53: Sat | E53: Sun | F53: Mon | G53: Tue | H53: Wed | I53: Thu | J53: Fri | K53: Sat | L53: Sun | M53: Mon | N53: Tue | O53: Wed | P53: Thu | Q53: Fri | R53: Sat | S53: Sun | T53: Mon | U53: Tue | V53: Wed | W53: Thu | X53: Fri | Y53: Sat | Z53: Sun | AA53: Mon | AB53: Tue | AC53: Wed | AD53: Thu | AE53: Fri | AF53: Sat | AG53: Pitch
A54: No. | B54: 1 | C54: 2 | D54: 3 | E54: 4 | F54: 5 | G54: 6 | H54: 7 | I54: 8 | J54: 9 | K54: 10 | L54: 11 | M54: 12 | N54: 13 | O54: 14 | P54: 15 | Q54: 16 | R54: 17 | S54: 18 | T54: 19 | U54: 20 | V54: 21 | W54: 22 | X54: 23 | Y54: 24 | Z54: 25 | AA54: 26 | AB54: 27 | AC54: 28 | AD54: 29 | AE54: 30 | AF54: 31 | AG54: No.
A55: Paddock | AG55: Paddock
AD56: Pike
A57: 7a | AG57: 7a | AH57: colour codes
A58: 8a | AG58: 8a | AH58: Off Peak
A59: 9a | AG59: 9a | AH59: Peak
A60: 10a | AG60: 10a | AH60: Motorhome
A61: 11a | AG61: 11a | AH61: Caravan
A62: 12a | AG62: 12a | AH62: Camper van
A63: 13a | AG63: 13a | AH63: RV
A64: 14a | AG64: 14a | AH64: Tent
AH65: Trailer tent
A66: N | AG66: N | AH66: Seasonal pitch
A67: O | AG67: O | AH67: late stay
A68: N | AG68: N | AH68: Poss Extra nights
AH69: Hard Standing
A70: E | AG70: E | AH70: Not in use
A71: L | AG71: L | AH71: Not here
A72: E | AG72: E | AH72: Bank holiday
A73: C | AG73: C | AH73: Non arrival
A74: T | AG74: T | AH74: Cancelled
A75: R | AG75: R
A76: I | AG76: I
A77: C | AG77: C
A79: Behind Barn
A80: 2b | AG80: 2b
A81: 3b | AG81: 3b
A82: 4b | AG82: 4b
A83: 5b | AG83: 5b
A84: 6b | AG84: 6b
A85: 7b NO LX | AG85: 7b
N86: CAMPING FIELD
A87: Pitch | B87: Thu | C87: Fri | D87: Sat | E87: Sun | F87: Mon | G87: Tue | H87: Wed | I87: Thu | J87: Fri | K87: Sat | L87: Sun | M87: Mon | N87: Tue | O87: Wed | P87: Thu | Q87: Fri | R87: Sat | S87: Sun | T87: Mon | U87: Tue | V87: Wed | W87: Thu | X87: Fri | Y87: Sat | Z87: Sun | AA87: Mon | AB87: Tue | AC87: Wed | AD87: Thu | AE87: Fri | AF87: Sat | AG87: Pitch | AH87: colour codes
A88: No. | B88: 1 | C88: 2 | D88: 3 | E88: 4 | F88: 5 | G88: 6 | H88: 7 | I88: 8 | J88: 9 | K88: 10 | L88: 11 | M88: 12 | N88: 13 | O88: 14 | P88: 15 | Q88: 16 | R88: 17 | S88: 18 | T88: 19 | U88: 20 | V88: 21 | W88: 22 | X88: 23 | Y88: 24 | Z88: 25 | AA88: 26 | AB88: 27 | AC88: 28 | AD88: 29 | AE88: 30 | AF88: 31 | AG88: No. | AH88: Off Peak
AH89: Peak
A90: 42 | AG90: =A90 -> 42 | AH90: Motorhome
A91: 43 | AG91: =A91 -> 43 | AH91: Caravan
A92: 44 | AG92: =A92 -> 44 | AH92: Camper van
A93: 45 | AG93: =A93 -> 45 | AH93: RV
A94: 46 | AG94: =A94 -> 46 | AH94: Tent
A95: 47 | AG95: =A95 -> 47 | AH95: Trailer tent
A96: 48 | AG96: =A96 -> 48 | AH96: Seasonal pitch
A97: 49 | AG97: =A97 -> 49 | AH97: late stay
A98: 50 | AG98: =A98 -> 50 | AH98: Poss Extra nights
A99: 51 | AG99: =A99 -> 51 | AH99: Hard Standing
A100: 52 | AG100: =A100 -> 52 | AH100: Not in use
A101: 53 | AG101: =A101 -> 53 | AH101: Not here
...

Sheet Sheet1

Sheet Ferry
A1: Adams | E1: back May 16
A2: Anderson | E2: 42186 | H2: POST CODE
A3: Anderson | E3: back Feb 16
A4: Andrews | C4: 01736 710 855
A5: Arcangelo
A6: Atkinson
A7: Bailey | E7: 42036
A8: Baker | E8: 42036
A9: Ball
A10: Barker | E10: 42461
A11: Barnes
A12: Barr | E12: 42552
A13: Batman | E13: 42217
A14: Bentley | E14: 42156
A15: Bentley | E15: 42339
A16: Berry | E16: 42125
A17: Best | E17: 42552
A18: Beven | E18: 42186
A19: Blunt
A20: Bowyer | E20: back June 16 | H20: WR6 6AR
A21: Bradbury | E21: 42370
A22: Braybrook | E22: 42401
A23: Breton | E23: 42552
A24: Brieton | E24: 42552
A25: Brown Eira | E25: 42217
A26: Buckley | H26: NR14 7EU
A27: Burton | E27: 42156
A28: Bussell | E28: 42522
A29: Byiers | E29: 42278
A30: Cairnie | E30: back June 16
A31: Cameron | E31: 42156
A32: Capewell | E32: 42217
A33: Carroll | E33: 42552
A34: Cass
A35: Cawood | E35: 42552 | F35: IOW
A36: Chadwick | E36: 42370
A37: Chadwick | E37: 42370
A38: Chapman | E38: 42005
A39: Clark | E39: 42705
A40: Clay | E40: 42491
A41: Clifton | E41: 42309
A42: Cook | B42: 079 79 5602 378 | C42: 0150 853 8626 | D42: 41952 | E42: M/H being shipped to New Zealand for there holiday - wife from NZ
A43: Cooper | E43: 42430
A44: Copley | E44: 42036
A45: Corning | E45: 42036
A46: Cottam | B46: ACSI | E46: Feb & March 16
A47: Cracknell | E47: 42156 | G47: Post code HU12 9NS
A48: cracknell/ Joyson | E48: 42156
A49: Craft | E49: 42522
A50: Craig
A51: Crossen | E51: 42036
A52: Cullimore | E52: 42186
A53: Daruvalla | E53: Back Jan 16
A54: Datson | E54: 42522
A55: Davies | E55: 42370
A56: Debona | E56: 42491
A57: Dent | E57: back Jan 16
A58: Dolagha
A59: Dolman | E59: 42491
A60: Doug | E60: 42552
A61: Dow
A62: Edmondson | E62: Nov 14 back in Nov15
A63: Edwards | E63: 42401
A64: Edwards
A65: Elliss | E65: 42522
A66: Esteves | E66: 42186
A67: Farthing | E67: 42036
A68: Farthing | E68: Back Jan 16
A69: Farthing | E69: back Jan 16
A70: Ferguson | E70: 42522 | H70: LE7 7RL
A71: Fern | E71: 42156
A72: Fickling | E72: 42186
A73: Fisher | E73: 42491
A74: Fitzgerald | E74: 42401
A75: Fitzpatrick | E75: 42430
A76: Flann | E76: From Scotland
A77: Foster
A78: Foster | E78: 42552
A79: foster/Golding | E79: 42552
A80: French | E80: 42552
A81: Gilbert | E81: back sep 16
A82: Gray | E82: 42186
A83: Greenroyd | E83: 42552
A84: Greenwood | E84: 42522
A85: Gregory | E85: 42156
A86: Gutwing
A87: Hall | E87: 42186
A88: Hall | E88: 42370
A89: Halliday | E89: back Feb 16 | H89: NR11 8DP
A90: Halliday | E90: back Feb 16
A91: Halsey | C91: GK65 USH | E91: 42705
A92: Hargreaves
A93: Harman | E93: 42125
A94: Harvey | E94: 42156
A95: Haswell | E95: March 15 & back May 15
A96: Haven | E96: back sep 16
A97: Hendy | E97: 42552
A98: Hobley | D98: stayed xmas 14 & back March 15 from ferry
A99: Hollingsworth | E99: 42339
A100: Holloway | E100: 42064
...

Sheet NOISY
A1: NAME | B1: MOBILE | C1: COMMENT
A2: Oswald | B2: 07966 516 804 | C2: They know people in Thornhill (Ayres) who stayed with them see note, if Oswald back then NO visitors
A3: Ayres | B3: 07959-750056 | C3: It appears that Ayres was the problem or at least someone with them?
A4: Crockett

Sheet Data Base
A1: Adams | C1: 01481 253029 | D1: stayed b4 - from Gurnsey came back oct 13
A2: Adams
A3: Alan Worthington | D3: Linda Birchwood recommended - owner of caravan park Wareham, stayed whilst working on a boat in Hamble
A4: Andy Cole | B4: 0795 111 8928 | D4: andycole15@talktalk.net | F4: TW2 5GH
A5: Ayres - James | D5: Stayed few times 2013 live in France back 22 April 14
A6: Baker | B6: 07850 214 846
A7: Balmer | C7: GU02 ESG | D7: stayed 3 times Sep 16 back oct & Nov | G7: 935 | H7: post code TR12 6DZ No number name
A8: Balmer - Tony | C8: TR12 6EZ | D8: twice sep 16 returns on a mon for 2 or 3 nights | H8: PR12 6BZ | J8: no number as house name
A9: Barber Mrs | B9: 07883 149 881
A10: Barker | B10: 07729 733 899 | C10: 01792 404713 | D10: Back in Oct 13
A11: Barnes
A12: Barry | D12: stayed Jan 2016 came off ferry - wardens in 2015 at Wareham owners Sarah & Tony - going to Wales now
A13: Bartlett - Michael | B13: 07918 185 240
A14: Bassett - AD91 EZ Jane & Chris | B14: 0784 0244617
A15: Bateson | D15: Every year stay in Oct - plumb in to water
A16: Bayliss | C16: Sec 071 | D16: caravan mess, 3 cats mess in awning | G16: address: 92 Magellan House, Armouries Way, Leeds LS10 1JG
A17: Beamont - Thelma & John | B17: 0770 246 9016 | C17: 01524 770448 | D17: 2 |+ dog + car 23' M/H - family near by | G17: Doctor
A18: Bee | C18: 077 115 127 90 | D18: stayed twice in Nov 15
A19: Bellinger | C19: 01865 727744 | D19: from Oxford - stayed Nov 13 said will be back loved it
A20: Bickerton | B20: 01270 569513 | C20: always Plot 7 | D20: back in July 14 - Stella gave £25 discount as booked for 12 nights | I20: Back again for 13n July 15 | M20: back July 16
A21: Birch (Leah) owe for ex adults | D21: Own Park Homes - developing Riverside July 16
A22: Bissell - David | B22: 0753 4734607 | C22: plot 5 | D22: back sep 2016 grandaughters birthday
A23: Blackburn | D23: son nearby stayed 2015 back Apr 16 for christening
A24: Blair | D24: back Jan 15 from Portsmouth
A25: Blewett | D25: back March 15
A26: Bolle cont.. | D26: Cees from Holland | F26: 43009 | H26: 845 | I26: April
A27: Bone | B27: 7920140720 | D27: 29' came 2012 for wife to have heart op in General Hos
A28: Bowles | D28: 4659 5073 5182 2044 | F28: Bailey 555 | I28: 42979
A29: Bowman | B29: 07836 259 659 | C29: 01442 265891
A30: Bowness
A31: Box | D31: Family near by stayed 2016 will be back next year in school holidays
A32: Brawn | B32: 077 390 39687 | C32: 01795 870106 | D32: 30'M/H son lives in Shotters Cl off Botley Rd
A33: Bray | B33: 0777 375 1286 | D33: stayed in 2013-back June 2014
A34: Bridgwater m- DO NOT MOVE BOOKED OCT 2014 | C34: 0115 925 4882 | D34: back 2015 & Apr 2016 & 2017 | F34: Carol & Alan
A35: Broadbent - TIMBERLAND | C35: TIMBERLAND | D35: stayed oct 15 in a Timberland had it 8yrs really nice
A36: Brown - John & Sue | B36: 782 566 9238 | C36: BB4 2013 | D36: Likes to watch cruise ships sail out
A37: Brown Group - from Porsmouth they had a lovely time July they were ok no noise
A38: Bryant | D38: acsi
A39: Buckley - SEASONAL | B39: 07790 570012 | C39: 01706 656068 | D39: Vic and Jan, Daughter died in Dec 2012 he still comes down to see grandchildren | K39: No 4 | L39: OO12 6JW
A40: Bulpitt | C40: back March 16 | D40: Tony & Moira know Ken Yeoman from Tugs
A41: Bunker | D41: back July 15
A42: Burgess | B42: 0781 455 6190 | C42: 0154 367 6558 | D42: back in 2014
A43: Burnard - Sonia | D43: Sonia very kindly offered to put review on google - if she comes back free wk-end
A44: Burrell | C44: 01726 6369 0 | D44: back in July 13
A45: Burt | D45: comes every year for boat show 11n
A46: Butt - Christine | B46: 07849 228064 | D46: plot 30 looking for house in area to get Callum in school here | I46: 42217 | J46: 868
A47: Buxton | B47: 07769 357728 | C47: 01789 450610 | D47: stayed wk only pitch left pl 23 so bit noisy as nere rd
A48: Bye | D48: stayed Dec 2015 & 2016 - xmas shopping
A49: Cadden | B49: 0797 171 2924 | D49: son at Soton Uni
A50: Candy - Justin & Ann | B50: 07884 265 075 | C50: 01244 638552 | D50: stayed again Nov 13 - twice in sep 16 then Oct as dad had fall
A51: Carroll | D51: son just moved to Swanwick they live Kent liked site Sep 16
A52: Carruthers - Stuart | B52: 0790 999 2382 | D52: Stuart work at RYC Hamble | F52: TE36 5NU | H52: No 2
A53: Chadwick
A54: Christiano | D54: stayed |March to look at Uni - if re book check age of children as look like over 16yrs
A55: Claridge | B55: 07765 214 467 | C55: 01242 234212
A56: Clarke | B56: 07825 870 535
A57: Clifton | D57: stayed Nov 14 back May 15
A58: Coleman | D58: BB4 came back May 16 had BBQ with load of visitors did not ask or pay - actually they are ok and have family near
A59: Colin Millmam | B59: 0781 5826 152 | D59: work with John Talbot 4751 2900 8269 2880 | H59: 298
A60: Colin Millmam | C60: BF7 7SJ No.133 | D60: March 17 - 298
A61: Colin Wilson | B61: 7787 576 737 | D61: Colin goes home wk ends to Darlington
A62: Cooper | D62: 7 lads 2 cars stayed July 13 they were all ok no noise & polite
A63: Cooper | C63: 02380 457 510
A64: Coverley
A65: Cummerson | B65: 7920 196 161 | D65: Mike & Amanda
A66: Dabek | B66: 0782 333 9042 | D66: 014 - No. 30
A67: Darby | C67: WX62 EEZ | D67: back Aug 16
A68: Davey | C68: 01691 774 393
A69: Davis | D69: back April 15
A70: Del Rey - Mario | B70: 34609357276 | D70: mariodelrey@hotmail.com | F70: Fairlie Yachts Ltd, Unit 4, Port Hamble, SO31 ANN
A71: Diggons | B71: 0772 405 6751 | C71: 01799 598144 | D71: son at uni stayed Oct 14
A72: Diggons | B72: 0772 405 6751 | D72: nice couple stayed Oct 14 daughter just started Soton Uni
A73: Dingle - Bruce | B73: 077 977 16137 | D73: Son at Soton Uni from Sep12 - left day early
A74: Dodd | B74: 07958 663532 | C74: german shepherd | D74: 1st time here Oct 13, wife parkinsons so near toilets - daughter Swanmore
A75: Dow
A76: Downie | B76: 07973 279 134
A77: Downy | D77: 10 June 16 -new caravan to try daughter near here
A78: Duff | B78: 07952 339 418 | D78: stayed in 2012 back 2013 loved watching the boats & ship[s | E78: would love to go out on tug
A79: Dyer | B79: 0788 9774095
A80: Earthrowl | B80: 07871 158483 | C80: plumb in | D80: son just moved to area yr ago - back March 15- back April 16
A81: Earthrowl - do not move | C81: post codePE34 4NR | D81: back July 15
A82: Edder - | B82: 07791 209 651 | D82: Eriba - nice couple daughter in Soton & one in Portmth
A83: Edmonds | C83: 01903 714 246
A84: Egleton - do not move | D84: No problem had 3 pitches, stayed June 14 will be back - had 6 magnams
A85: Egleton/Heanue - do not move
A86: Egleton/Turner - do not move
A87: Ellis | C87: 01733 5600 18 | D87: daughter in area
A88: Etheridge | B88: 0751 651 9928 | D88: short contract at BAT - stays 4 or 5 nights then goes home wk ends
A89: Evans | B89: 078171 94629 | C89: 7.1m | D89: stayed Nov 13 back April 2014
A90: Evans - Barry | B90: 07503 960701 | D90: Barry arrived with son who drove van, then 2 days later son gone & wife here, not seen Barry drive
A91: Evans - Rob | B91: 07787 564 968
A92: Fallows - do not move | D92: back June 16 for 8n
A93: Farne | B93: 7952 634 534 | C93: HN52 AMV | D93: came back apr 14 thought he was on pl 9 but we put him on pl 1 (I think he had asked to be on pl 9) | L93: back march 15- pl 9
A94: Farrell | D94: back July 15 for M/H service at Marquis
A95: Fisher
A96: Foreman | C96: Req Pl 30 | D96: live Ilfracombe -= back Feb 16
A97: Fortune | D97: Reversed into fire hydrant 19 March 15
A98: Franks- Dean | B98: 07779 471 950 | C98: Reg: L999 DEA | D98: comes down to see his children
A99: Freeland | B99: 079 195 28378 | C99: 1462 490051 | D99: daughter in area - back again 19 sep 14
A100: Fuller
...

Sheet ALERTS
A1: 41640 | C1: =TODAY() -> 42702 | E1: =C1-A1 -> 1062 | G1: 41275 | H1: 0 | I1: =G41+1 -> 41316 | J1: =H41+1 -> 41 | K1: =I41+1 -> 41357 | L1: =J41+1 -> 82 | M1: =K41+1 -> 41398 | N1: =L41+1 -> 123 | O1: =M41+1 -> 41439 | P1: =N41+1 -> 164 | ... X1: =V41+1 -> 328
A2: TO SET AN ALERT: | G2: 41276 | H2: 1 | I2: =I1+1 -> 41317 | J2: =J1+1 -> 42 | K2: =K1+1 -> 41358 | L2: =L1+1 -> 83 | M2: =M1+1 -> 41399 | N2: =N1+1 -> 124 | O2: =O1+1 -> 41440 | P2: =P1+1 -> 165 | ... X2: =X1+1 -> 329
G3: 41277 | H3: 2 | I3: =I2+1 -> 41318 | J3: =J2+1 -> 43 | K3: =K2+1 -> 41359 | L3: =L2+1 -> 84 | M3: =M2+1 -> 41400 | N3: =N2+1 -> 125 | O3: =O2+1 -> 41441 | P3: =P2+1 -> 166 | ... X3: =X2+1 -> 330
A4: 1/. | B4: There are 3 available alerts in any one month | G4: 41278 | H4: 3 | I4: =I3+1 -> 41319 | J4: =J3+1 -> 44 | K4: =K3+1 -> 41360 | L4: =L3+1 -> 85 | M4: =M3+1 -> 41401 | N4: =N3+1 -> 126 | O4: =O3+1 -> 41442 | P4: =P3+1 -> 167 | ... X4: =X3+1 -> 331
G5: 41279 | H5: 4 | I5: =I4+1 -> 41320 | J5: =J4+1 -> 45 | K5: =K4+1 -> 41361 | L5: =L4+1 -> 86 | M5: =M4+1 -> 41402 | N5: =N4+1 -> 127 | O5: =O4+1 -> 41443 | P5: =P4+1 -> 168 | ... X5: =X4+1 -> 332
A6: 2/. | B6: In the chart below select an empty (i.e. unused) box | G6: 41280 | H6: 5 | I6: =I5+1 -> 41321 | J6: =J5+1 -> 46 | K6: =K5+1 -> 41362 | L6: =L5+1 -> 87 | M6: =M5+1 -> 41403 | N6: =N5+1 -> 128 | O6: =O5+1 -> 41444 | P6: =P5+1 -> 169 | ... X6: =X5+1 -> 333
B7: for the month when the alert should pop up and | G7: 41281 | H7: 6 | I7: =I6+1 -> 41322 | J7: =J6+1 -> 47 | K7: =K6+1 -> 41363 | L7: =L6+1 -> 88 | M7: =M6+1 -> 41404 | N7: =N6+1 -> 129 | O7: =O6+1 -> 41445 | P7: =P6+1 -> 170 | ... X7: =X6+1 -> 334
B8: type in the green box the alert that you want, for | G8: 41282 | H8: 7 | I8: =I7+1 -> 41323 | J8: =J7+1 -> 48 | K8: =K7+1 -> 41364 | L8: =L7+1 -> 89 | M8: =M7+1 -> 41405 | N8: =N7+1 -> 130 | O8: =O7+1 -> 41446 | P8: =P7+1 -> 171 | ... X8: =X7+1 -> 335
B9: example, MoT PAJERO | G9: 41283 | H9: 8 | I9: =I8+1 -> 41324 | J9: =J8+1 -> 49 | K9: =K8+1 -> 41365 | L9: =L8+1 -> 90 | M9: =M8+1 -> 41406 | N9: =N8+1 -> 131 | O9: =O8+1 -> 41447 | P9: =P8+1 -> 172 | ... X9: =X8+1 -> 336
G10: 41284 | H10: 9 | I10: =I9+1 -> 41325 | J10: =J9+1 -> 50 | K10: =K9+1 -> 41366 | L10: =L9+1 -> 91 | M10: =M9+1 -> 41407 | N10: =N9+1 -> 132 | O10: =O9+1 -> 41448 | P10: =P9+1 -> 173 | ... X10: =X9+1 -> 337
A11: 3/. | B11: From the chart opposite choose the date when you | G11: 41285 | H11: 10 | I11: =I10+1 -> 41326 | J11: =J10+1 -> 51 | K11: =K10+1 -> 41367 | L11: =L10+1 -> 92 | M11: =M10+1 -> 41408 | N11: =N10+1 -> 133 | O11: =O10+1 -> 41449 | P11: =P10+1 -> 174 | ... X11: =X10+1 -> 338
B12: want the alert to appear, and type the day number | G12: 41286 | H12: 11 | I12: =I11+1 -> 41327 | J12: =J11+1 -> 52 | K12: =K11+1 -> 41368 | L12: =L11+1 -> 93 | M12: =M11+1 -> 41409 | N12: =N11+1 -> 134 | O12: =O11+1 -> 41450 | P12: =P11+1 -> 175 | ... X12: =X11+1 -> 339
B13: in the box next to the warning. | G13: 41287 | H13: 12 | I13: =I12+1 -> 41328 | J13: =J12+1 -> 53 | K13: =K12+1 -> 41369 | L13: =L12+1 -> 94 | M13: =M12+1 -> 41410 | N13: =N12+1 -> 135 | O13: =O12+1 -> 41451 | P13: =P12+1 -> 176 | ... X13: =X12+1 -> 340
G14: 41288 | H14: 13 | I14: =I13+1 -> 41329 | J14: =J13+1 -> 54 | K14: =K13+1 -> 41370 | L14: =L13+1 -> 95 | M14: =M13+1 -> 41411 | N14: =N13+1 -> 136 | O14: =O13+1 -> 41452 | P14: =P13+1 -> 177 | ... X14: =X13+1 -> 341
A15: 4/. | B15: Wait for the alert to pop-up on the month-page ! | G15: 41289 | H15: 14 | I15: =I14+1 -> 41330 | J15: =J14+1 -> 55 | K15: =K14+1 -> 41371 | L15: =L14+1 -> 96 | M15: =M14+1 -> 41412 | N15: =N14+1 -> 137 | O15: =O14+1 -> 41453 | P15: =P14+1 -> 178 | ... X15: =X14+1 -> 342
G16: 41290 | H16: 15 | I16: =I15+1 -> 41331 | J16: =J15+1 -> 56 | K16: =K15+1 -> 41372 | L16: =L15+1 -> 97 | M16: =M15+1 -> 41413 | N16: =N15+1 -> 138 | O16: =O15+1 -> 41454 | P16: =P15+1 -> 179 | ... X16: =X15+1 -> 343
C17: ALERTS | D17: DAY No's | G17: 41291 | H17: 16 | I17: =I16+1 -> 41332 | J17: =J16+1 -> 57 | K17: =K16+1 -> 41373 | L17: =L16+1 -> 98 | M17: =M16+1 -> 41414 | N17: =N16+1 -> 139 | O17: =O16+1 -> 41455 | P17: =P16+1 -> 180 | ... X17: =X16+1 -> 344
A18: JAN | E18: =IF($C$1-$A$1>D18,C18,"") -> 0 | G18: 41292 | H18: 17 | I18: =I17+1 -> 41333 | J18: =J17+1 -> 58 | K18: =K17+1 -> 41374 | L18: =L17+1 -> 99 | M18: =M17+1 -> 41415 | N18: =N17+1 -> 140 | O18: =O17+1 -> 41456 | P18: =P17+1 -> 181 | ... X18: =X17+1 -> 345
A19: JAN | E19: =IF($C$1-$A$1>D19,C19,"") -> 0 | G19: 41293 | H19: 18 | I19: =I18+1 -> 41334 | J19: =J18+1 -> 59 | K19: =K18+1 -> 41375 | L19: =L18+1 -> 100 | M19: =M18+1 -> 41416 | N19: =N18+1 -> 141 | O19: =O18+1 -> 41457 | P19: =P18+1 -> 182 | ... X19: =X18+1 -> 346
A20: JAN | E20: =IF($C$1-$A$1>D20,C20,"") -> 0 | G20: 41294 | H20: 19 | I20: =I19+1 -> 41335 | J20: =J19+1 -> 60 | K20: =K19+1 -> 41376 | L20: =L19+1 -> 101 | M20: =M19+1 -> 41417 | N20: =N19+1 -> 142 | O20: =O19+1 -> 41458 | P20: =P19+1 -> 183 | ... X20: =X19+1 -> 347
A21: FEB | E21: =IF($C$1-$A$1>D21,C21,"") -> 0 | G21: 41295 | H21: 20 | I21: =I20+1 -> 41336 | J21: =J20+1 -> 61 | K21: =K20+1 -> 41377 | L21: =L20+1 -> 102 | M21: =M20+1 -> 41418 | N21: =N20+1 -> 143 | O21: =O20+1 -> 41459 | P21: =P20+1 -> 184 | ... X21: =X20+1 -> 348
A22: FEB | E22: =IF($C$1-$A$1>D22,C22,"") -> 0 | G22: 41296 | H22: 21 | I22: =I21+1 -> 41337 | J22: =J21+1 -> 62 | K22: =K21+1 -> 41378 | L22: =L21+1 -> 103 | M22: =M21+1 -> 41419 | N22: =N21+1 -> 144 | O22: =O21+1 -> 41460 | P22: =P21+1 -> 185 | ... X22: =X21+1 -> 349
A23: FEB | E23: =IF($C$1-$A$1>D23,C23,"") -> 0 | G23: 41297 | H23: 22 | I23: =I22+1 -> 41338 | J23: =J22+1 -> 63 | K23: =K22+1 -> 41379 | L23: =L22+1 -> 104 | M23: =M22+1 -> 41420 | N23: =N22+1 -> 145 | O23: =O22+1 -> 41461 | P23: =P22+1 -> 186 | ... X23: =X22+1 -> 350
A24: MAR | E24: =IF($C$1-$A$1>D24,C24,"") -> 0 | G24: 41298 | H24: 23 | I24: =I23+1 -> 41339 | J24: =J23+1 -> 64 | K24: =K23+1 -> 41380 | L24: =L23+1 -> 105 | M24: =M23+1 -> 41421 | N24: =N23+1 -> 146 | O24: =O23+1 -> 41462 | P24: =P23+1 -> 187 | ... X24: =X23+1 -> 351
A25: MAR | E25: =IF($C$1-$A$1>D25,C25,"") -> 0 | G25: 41299 | H25: 24 | I25: =I24+1 -> 41340 | J25: =J24+1 -> 65 | K25: =K24+1 -> 41381 | L25: =L24+1 -> 106 | M25: =M24+1 -> 41422 | N25: =N24+1 -> 147 | O25: =O24+1 -> 41463 | P25: =P24+1 -> 188 | ... X25: =X24+1 -> 352
A26: MAR | E26: =IF($C$1-$A$1>D26,C26,"") -> 0 | G26: 41300 | H26: 25 | I26: =I25+1 -> 41341 | J26: =J25+1 -> 66 | K26: =K25+1 -> 41382 | L26: =L25+1 -> 107 | M26: =M25+1 -> 41423 | N26: =N25+1 -> 148 | O26: =O25+1 -> 41464 | P26: =P25+1 -> 189 | ... X26: =X25+1 -> 353
A27: APR | E27: =IF($C$1-$A$1>D27,C27,"") -> 0 | G27: 41301 | H27: 26 | I27: =I26+1 -> 41342 | J27: =J26+1 -> 67 | K27: =K26+1 -> 41383 | L27: =L26+1 -> 108 | M27: =M26+1 -> 41424 | N27: =N26+1 -> 149 | O27: =O26+1 -> 41465 | P27: =P26+1 -> 190 | ... X27: =X26+1 -> 354
A28: APR | E28: =IF($C$1-$A$1>D28,C28,"") -> 0 | G28: 41302 | H28: 27 | I28: =I27+1 -> 41343 | J28: =J27+1 -> 68 | K28: =K27+1 -> 41384 | L28: =L27+1 -> 109 | M28: =M27+1 -> 41425 | N28: =N27+1 -> 150 | O28: =O27+1 -> 41466 | P28: =P27+1 -> 191 | ... X28: =X27+1 -> 355
A29: APR | E29: =IF($C$1-$A$1>D29,C29,"") -> 0 | G29: 41303 | H29: 28 | I29: =I28+1 -> 41344 | J29: =J28+1 -> 69 | K29: =K28+1 -> 41385 | L29: =L28+1 -> 110 | M29: =M28+1 -> 41426 | N29: =N28+1 -> 151 | O29: =O28+1 -> 41467 | P29: =P28+1 -> 192 | ... X29: =X28+1 -> 356
... A37: JUL | E37: =IF($C$1-$A$1>D37,C37,"") -> 0 | G37: 41311 | H37: 36 | I37: =I36+1 -> 41352 | J37: =J36+1 -> 77 | K37: =K36+1 -> 41393 | L37: =L36+1 -> 118 | M37: =M36+1 -> 41434 | N37: =N36+1 -> 159 | O37: =O36+1 -> 41475 | P37: =P36+1 -> 200 | ... X37: =X36+1 -> 364
A38: JUL | E38: =IF($C$1-$A$1>D38,C38,"") -> 0 | G38: 41312 | H38: 37 | I38: =I37+1 -> 41353 | J38: =J37+1 -> 78 | K38: =K37+1 -> 41394 | L38: =L37+1 -> 119 | M38: =M37+1 -> 41435 | N38: =N37+1 -> 160 | O38: =O37+1 -> 41476 | P38: =P37+1 -> 201 | ... V38: =V37+1 -> 324
A39: AUG | E39: =IF($C$1-$A$1>D39,C39,"") -> 0 | G39: 41313 | H39: 38 | I39: =I38+1 -> 41354 | J39: =J38+1 -> 79 | K39: =K38+1 -> 41395 | L39: =L38+1 -> 120 | M39: =M38+1 -> 41436 | N39: =N38+1 -> 161 | O39: =O38+1 -> 41477 | P39: =P38+1 -> 202 | ... V39: =V38+1 -> 325
A40: AUG | E40: =IF($C$1-$A$1>D40,C40,"") -> 0 | G40: 41314 | H40: 39 | I40: =I39+1 -> 41355 | J40: =J39+1 -> 80 | K40: =K39+1 -> 41396 | L40: =L39+1 -> 121 | M40: =M39+1 -> 41437 | N40: =N39+1 -> 162 | O40: =O39+1 -> 41478 | P40: =P39+1 -> 203 | ... V40: =V39+1 -> 326
A41: AUG | E41: =IF($C$1-$A$1>D41,C41,"") -> 0 | G41: 41315 | H41: 40 | I41: =I40+1 -> 41356 | J41: =J40+1 -> 81 | K41: =K40+1 -> 41397 | L41: =L40+1 -> 122 | M41: =M40+1 -> 41438 | N41: =N40+1 -> 163 | O41: =O40+1 -> 41479 | P41: =P40+1 -> 204 | ... V41: =V40+1 -> 327
A42: SEP | E42: =IF($C$1-$A$1>D42,C42,"") -> 0
A43: SEP | E43: =IF($C$1-$A$1>D43,C43,"") -> 0
A44: SEP | E44: =IF($C$1-$A$1>D44,C44,"") -> 0
A45: OCT | E45: =IF($C$1-$A$1>D45,C45,"") -> 0
A46: OCT | E46: =IF($C$1-$A$1>D46,C46,"") -> 0
A47: OCT | E47: =IF($C$1-$A$1>D47,C47,"") -> 0
A48: NOV | E48: =IF($C$1-$A$1>D48,C48,"") -> 0
A49: NOV | E49: =IF($C$1-$A$1>D49,C49,"") -> 0
A50: NOV | E50: =IF($C$1-$A$1>D50,C50,"") -> 0
A51: DEC | E51: =IF($C$1-$A$1>D51,C51,"") -> 0
A52: DEC | E52: =IF($C$1-$A$1>D52,C52,"") -> 0
A53: DEC | E53: =IF($C$1-$A$1>D53,C53,"") -> 0
